Workbook

Sheet Cover
C3: MAXIMUM PRICE TEMPLATE (for connecting to a water supply, sewerage, or drainage system)
C5: MODELLER: | E5: Greg McLennan
C6: email | E6: greg_mclennan@ipart.nsw.gov.au
C10: WHAT IS THE PURPOSE OF MODEL?
C12: This workbook is a template that agencies can use to calculate the maximum price for connecting to a water supply, sewerage, or drainage system (referred to as maximum price from here). The use of this template is voluntary.
C14: Agencies can also use the template to calculate the maximum price for connecting a New Development to a Recycled Water System (where that Recycled Water System is a Least Cost Servicing Solution) or to calculate the Ordinary Developer Charge component of the maximum price for connecting a New Development to a Recycled Water System (where that Recycled Water System is not a Least Cost Servicing Solution).
C16: HOW DOES THE TEMPLATE WORK?
C18: ="The template is designed to calculate the asset related components of a maximum price (excluding headwork assets and scheme cost allocation). Some example data has been included for illustrative purposes in the '"&MID(CELL("filename",'Pre-1996 assets'!$A$1),FIND("]",CELL("filename",'Pre-1996 assets'!$A$1))+1,255)&"', '"&MID(CELL("filename",'Post-1996 commissioned assets'!$A$1),FIND("]",CELL("filename",'Post-1996 commissioned assets'!$A$1))+1,255)&"', '"&MID(CELL("filename",'Uncommissioned assets'!$A$1),FIND("]",CELL("filename",'Uncommissioned assets'!$A$1))+1,255)&"', and '"&MID(CELL("filename",'ET inputs'!$A$1),FIND("]",CELL("filename",'ET inputs'!$A$1))+1,255)&"' worksheets. Please delete all illustrative data to ensure the template produces the correct results." -> The template is designed to calculate the asset related components of a maximum price (excluding headwork assets and scheme cost allocation). Some example data has been included for illustrative purposes in the 'Pre-1996 assets', 'Post-1996 commissioned assets', 'Uncommissioned assets', and 'ET inputs' worksheets. Please delete all illustrative data to ensure the template produces the correct results.
C20: ="There are no macros in the model. To use the model, simply enter the required inputs on the '"&MID(CELL("filename",'General inputs'!$A$1),FIND("]",CELL("filename",'General inputs'!$A$1))+1,255)&"' worksheet then enter the required data into the appropriate (blue) cells in the other worksheets in dollars of the selected year. The model will then automatically calculate the maximum price. Please note that the formatting on the '"&MID(CELL("filename",'MP Calculations'!A2),FIND("]",CELL("filename",'MP Calculations'!A2))+1,255)&"' worksheet has been automated to reflect the correct date ranges." -> There are no macros in the model. To use the model, simply enter the required inputs on the 'General inputs' worksheet then enter the required data into the appropriate (blue) cells in the other worksheets in dollars of the selected year. The model will then automatically calculate the maximum price. Please note that the formatting on the 'MP Calculations' worksheet has been automated to reflect the correct date ranges.
C22: What's in the Template?
C24: Calculation of the asset component of the maximum price (excluding headworks and scheme cost allocation).
C26: The key worksheets requiring inputs to calculate the asset related components are:
C28: > | D28: =MID(CELL("filename",'General inputs'!$A$1),FIND("]",CELL("filename",'General inputs'!$A$1))+1,255) -> General inputs
C29: > | D29: =MID(CELL("filename",'Pre-1996 assets'!$A$1),FIND("]",CELL("filename",'Pre-1996 assets'!$A$1))+1,255) -> Pre-1996 assets
C30: > | D30: =MID(CELL("filename",'Post-1996 commissioned assets'!$A$1),FIND("]",CELL("filename",'Post-1996 commissioned assets'!$A$1))+1,255) -> Post-1996 commissioned assets
C31: > | D31: =MID(CELL("filename",'Uncommissioned assets'!$A$1),FIND("]",CELL("filename",'Uncommissioned assets'!$A$1))+1,255) -> Uncommissioned assets
C32: > | D32: =MID(CELL("filename",'ET inputs'!$A$1),FIND("]",CELL("filename",'ET inputs'!$A$1))+1,255) -> ET inputs
C34: Reduction amount
C36: A separate worksheet has been provided to calculate the reduction amount:
C38: > | D38: =MID(CELL("filename",'Reduction amount'!$A$1),FIND("]",CELL("filename",'Reduction amount'!$A$1))+1,255) -> Reduction amount
C40: ="On this worksheet the agency can generate the time series for Ri (revenue) and Ci (opex) over the required timeframe. These time series can be copied or linked through to the '"&MID(CELL("filename",'MP Calculations'!$A$1),FIND("]",CELL("filename",'MP Calculations'!$A$1))+1,255)&"' worksheet, where the reduction amount is calculated. (This template does not generate the Ri and Ci components of the reduction amount because of the differences in price structures and operating environments between the agencies.)" -> On this worksheet the agency can generate the time series for Ri (revenue) and Ci (opex) over the required timeframe. These time series can be copied or linked through to the 'MP Calculations' worksheet, where the reduction amount is calculated. (This template does not generate the Ri and Ci components of the reduction amount because of the differences in price structures and operating environments between the agencies.)
C42: ="The '"&MID(CELL("filename",'Reduction amount'!$A$1),FIND("]",CELL("filename",'Reduction amount'!$A$1))+1,255)&"' worksheet provides instructions on how to incorporate the results in the maximum price calculations." -> The 'Reduction amount' worksheet provides instructions on how to incorporate the results in the maximum price calculations.
C44: Headworks
C46: A separate worksheet has been provided to capture headworks assets:
C48: > | D48: =MID(CELL("filename",'Headwork assets'!$A$1),FIND("]",CELL("filename",'Headwork assets'!$A$1))+1,255) -> Headwork assets
C50: The purpose of this worksheet is to record, at a high level, the underlying data that are used to calculate the Headworks cost per ET.
C52: As headwork costs per ET apply to all DSP areas within a system, presenting the headwork calculations separately will provide additional transparency, and ensure consistency between DSP areas in relation to headworks.
C54: ="The '"&MID(CELL("filename",'Headwork assets'!$A$1),FIND("]",CELL("filename",'Headwork assets'!$A$1))+1,255)&"' worksheet provides instructions on how to incorporate the results in the maximum price calculations." -> The 'Headwork assets' worksheet provides instructions on how to incorporate the results in the maximum price calculations.
C56: Scheme cost allocation
C58: A separate worksheet has been provided to capture scheme cost allocation:
C60: > | D60: =MID(CELL("filename",'Scheme cost allocation'!$A$1),FIND("]",CELL("filename",'Scheme cost allocation'!$A$1))+1,255) -> Scheme cost allocation
C62: The purpose of this worksheet is to record, at a high level, the underlying data that are used to calculate the Scheme cost allocation per ET.
C64: As headwork costs per ET apply to all DSP areas within a system, presenting the headwork calculations separately will provide additional transparency, and ensure consistency between DSP areas in relation to headworks.
C66: ="The '"&MID(CELL("filename",'Headwork assets'!$A$1),FIND("]",CELL("filename",'Headwork assets'!$A$1))+1,255)&"' worksheet provides instructions on how to incorporate the results in the maximum price calculations." -> The 'Headwork assets' worksheet provides instructions on how to incorporate the results in the maximum price calculations.
C68: Maximum price calculations and summary of outputs
C70: The maximum price is calculated and the results are summarised in:
C72: > | D72: =MID(CELL("filename",'MP Calculations'!A8),FIND("]",CELL("filename",'MP Calculations'!A8))+1,255) -> MP Calculations
C73: > | D73: =MID(CELL("filename",'Summary of result'!A11),FIND("]",CELL("filename",'Summary of result'!A11))+1,255) -> Summary of result
C75: The separate components for the maximum price equation are presented in both the worksheets.
C77: Asset inclusions and exclusions
C79: The final worksheet provides information from the Determination about asset inclusions and exclusions.
C81: > | D81: =MID(CELL("filename",'Asset exclusions'!A14),FIND("]",CELL("filename",'Asset exclusions'!A14))+1,255) -> Asset exclusions
C83: Details on the maximum price methodology can be found on IPART's website at:
C84: > | D84: IPART - Developer charges and backlog sewerage charges for metropolitan water agencies 2017
C85: > | D85: IPART - Maximum prices for connecting to a recycled water system - July 2019
C87: The above two determinations must be read in conjunction to one another.
C90: COLOUR CODE <Required for all models/spreadsheets. See 'Examples' for the full list of potential colour codes>
C91: This model uses standard IPART colour coding:
C92: Blue cells indicate inputs
C93: Light blue cells indicate inputs with default values
E94: default values are shown in italics next to or below the light blue cells
C95: Light grey - inputs not required, cells should be left unchanged.
C96: Blue font indicates IPART hard-coded values used that should not be changed
C97: Key outputs
C98: Pink font indicates calculation checks
C99: Red indicates assumptions made in calculations
C100: red double line means formula changes across a row or down a column

Sheet Journal of changes
C3: JOURNAL OF CHANGES
C5: Reason for change | D5: Description of change | E5: Place change made | F5: Template Version | G5: Date change made
C6: Align template with Determination | D6: Limit ET profile used in calculating reduction amount per ET to 30 forecast years only. Previously extended to 1995-96. | E6: Column H, MP Calculations worksheet | F6: V1.01 | G6: 43678
C7: Align template with Determination | D7: Removed the time limit for uncommissioned assets. Previous time limit was to year 30. | E7: Columns N & O, MP Calculations worksheet | F7: V1.01 | G7: 43678
C8: Expansion to account for the Maximum prices for connecting to a recycled water system Determination July 2019. | D8: Include an additional input "Scheme costs allocation per ET" to allow for cost offsets for non-least cost recycled water schemes to be incorporated. | E8: G22, MP Calculations worksheet Scheme cost allocation worksheet | F8: V1.01 | G8: 43678
C9: Incease clarity of Determination intent | D9: Improve examples of the asset input worksheets to clarify that asset apportionment should be considered on an asset-by-asset basis. | E9: Row 22 and 23 on the Pre-1996 assets, Post-1996 commissioned assets and Uncommissioned assets worksheets | F9: V1.02 | G9: 44805

Sheet Summary of result
C3: Summary of maximum price for a new development
D5: Where the New Development is connecting to a Recycled Water System, the variables may be modified by Schedule 1 or Schedule 2 of the Recycled Water Developer Charges Determination. | Q5: Developer charges and backlog sewerage charges for metropolitan water agencies 2018 | IPART (nsw.gov.au)
D8: ="The maximum price for the new development area '"&'General inputs'!H7&"' is:" -> The maximum price for the new development area 'Aerotropolis' is: | J8: =G19 -> 124748.88 | K8: ="per ET ($"&'General inputs'!$I$40&")." -> per ET ($2026-27).
D10: of which: | J10: =IF($J$8<=0,0,IF('General inputs'!$H$42='General inputs'!$L$37,'MP Calculations'!F22,IF('General inputs'!$H$42='General inputs'!$L$38,'MP Calculations'!F22*1000,'MP Calculations'!F22*1000000))) -> 0 | K10: is the headworks charge
D13: Maximum price formula:
D17: ="in $, $"&'General inputs'!$I$40&", where:" -> in $, $2026-27, where:
E19: MP | F19: = | G19: =IF('General inputs'!$H$42='General inputs'!$L$37,'MP Calculations'!C22,IF('General inputs'!$H$42='General inputs'!$L$38,'MP Calculations'!C22*1000,'MP Calculations'!C22*1000000)) -> 124748.88 | H19: = | I19: maximum price per equivalent tenement to be services by the connection.
E20: K1 | F20: = | G20: =IF('General inputs'!$H$42='General inputs'!$L$37,'MP Calculations'!H20,IF('General inputs'!$H$42='General inputs'!$L$38,'MP Calculations'!H20*1000,'MP Calculations'!H20*1000000)) -> 0 | H20: = | I20: the Capital Charge for the Pre-1996 Assets that will serve the relevant DSP Area, calculated in accordance with clause 2.3(a) of Schedule 5 of the Determination and set out in the DSP.
E21: K2 | F21: = | G21: =IF('General inputs'!$H$42='General inputs'!$L$37,SUM('MP Calculations'!I20:K20),IF('General inputs'!$H$42='General inputs'!$L$38,SUM('MP Calculations'!I20:K20)*1000,SUM('MP Calculations'!I20:K20)*1000000)) -> 2.2211561e+09 | H21: = | I21: the Capital Charge for the Post-1996 Assets that will serve the relevant DSP Area, calculated in accordance with clause 2.3(b) and 2.3(c) of Schedule 5 of the Determination and set out in the DSP.
E22: PV(L1) | F22: = | G22: ='MP Calculations'!H21 -> 21181.497 | H22: = | I22: the Present Value of the Agency’s estimate of the number of Equivalent Tenements in the relevant DSP for Pre-1996 Assets, calculated in accordance with clause 3.2(a) of Schedule 5 of the Determination and set out in the relevant DSP.
E23: PV(L2) | F23: = | G23: ='MP Calculations'!J21 -> 19332.063 | H23: = | I23: the Present Value of the Agency’s estimate of the number of Equivalent Tenements for Post-1996 Assets, calculated in accordance with clause 3.2(b) of Schedule 5 of the Determination and set out in the relevant DSP.
E24: PV(L3) | F24: = | G24: ='MP Calculations'!L21 -> 19332.063 | H24: = | I24: the Present Value of the Agency’s estimate of the number of Equivalent Tenements for the Reduction Amount, calculated in accordance with clause 3.2(c) of Schedule 5 of the Determination and set out in the relevant DSP.
E25: Ri | F25: = | G25: ='MP Calculations'!R29 -> 3.5627958e+08 | H25: = | I25: the Agency’s estimate of the future periodic revenues to be received from new customers in the relevant DSP Area in each financial year i, estimated in accordance with clause 4 of Schedule 5 of the Determination and set out in the relevant DSP.
E26: Ci | F26: = | G26: ='MP Calculations'!U29 -> 5.4677675e+08 | H26: = | I26: the Agency’s estimate of the future operating, maintenance and administration costs of servicing all new customers in the DSP Area in each financial year i (excluding, for the avoidance of doubt, any Capital Costs), estimated in accordance with clause 5 of Schedule 5 of the Determination and set out in the relevant DSP.
E27: n | F27: = | G27: =INDEX('MP Calculations'!$D$39:$D$129,MATCH('General inputs'!$H$38-1,'MP Calculations'!C39:C129)) -> 2055-56 | H27: = | I27: is the financial year which is 30 years from the financial year in which the relevant DSP was registered with IPART under clause 2(e) of Schedule 4 of the Determination.

Sheet MP Calculations
C3: CALCULATION OF MAXIMUM PRICE
C6: Index
J8: Row
A9: 1 | C9: ="Table "&A9&": Calculation of maximum price ("&'General inputs'!H42&", $"&'General inputs'!I40&")" -> Table 1: Calculation of maximum price ($, $2026-27) | J9: =ROW(C17) -> 17
A10: =A9+1 -> 2 | C10: ="Table "&A10&": Key variables used in maximum price calculation ("&'General inputs'!H42&", $"&'General inputs'!I40&")" -> Table 2: Key variables used in maximum price calculation ($, $2026-27) | J10: =ROW(C26) -> 26
A11: =A10+1 -> 3 | C11: ="Table "&A11&": Annual calculation over analysis horizon ("&'General inputs'!H42&", $"&'General inputs'!I40&")" -> Table 3: Annual calculation over analysis horizon ($, $2026-27) | J11: =ROW(C35) -> 35
B14: ="Note: an input is required in "&ADDRESS(ROW($G$22),COLUMN($G$22))&" to incorporate the Headwork costs per ET into the maximum price." -> Note: an input is required in $G$22 to incorporate the Headwork costs per ET into the maximum price.
B15: ="Note: an input is required in "&ADDRESS(ROW($F$22),COLUMN($F$22))&" to incorporate the Scheme cost allocation per ET into the maximum price." -> Note: an input is required in $F$22 to incorporate the Scheme cost allocation per ET into the maximum price.
C17: =C9 -> Table 1: Calculation of maximum price ($, $2026-27)
C19: Maximum price | F19: Headworks costs per ET | G19: Scheme cost allocation per ET | H19: Pre-1996 assets | J19: Post-1996 commissioned assets | K19: Post-1996 uncommissioned assets | L19: Reduction for expected revenue and operation costs
E20: Costs to be recovered via DSP | H20: =K29 -> 0 | J20: =M29 -> 0 | K20: =O29 -> 2.2211561e+09 | L20: =R29-U29 -> -1.9049717e+08
E21: ETs | H21: =F29 -> 21181.497 | J21: =G29 -> 19332.063 | K21: =G29 -> 19332.063 | L21: =H29 -> 19332.063
C22: =IF(SUM(F22:K22,-L22)<0,0,SUM(F22:K22,-L22)) -> 124748.88 | E22: Value per ET | F22: 0 | G22: 0 | H22: =H20/H21 -> 0 | J22: =J20/J21 -> 0 | K22: =K20/K21 -> 114894.93 | L22: =L20/L21 -> -9853.9491
C26: =C10 -> Table 2: Key variables used in maximum price calculation ($, $2026-27)
E28: Sum of new ETs (not discounted) | F28: Sum of PV of new ETs (discounted at pre-1996 asset discount rate) | G28: Sum of PV of new ETs (discounted at post-1996 asset discount rate) | H28: Sum of PV of new ETs (discounted at expected revenue and costs discount rate) | K28: Sum of PV of Pre-1996 commissioned assets (discounted at pre-1996 asset discount rate) | M28: Sum of PV of Post-1996 commissioned assets (discounted at post-1996 asset discount rate) | O28: Sum of PV of Post-1996 uncommissioned assets (discounted at post-1996 asset discount rate) | R28: Sum of PV of revenue for new customers (discounted at expected future revenue and costs discount rate) | U28: Sum of PV of costs for new ETs (discounted at expected future revenue and costs discount rate)
E29: =SUM(E39:E129) -> 28055.522 | F29: =SUM(F39:F129) -> 21181.497 | G29: =SUM(G39:G129) -> 19332.063 | H29: =SUM(H39:H129) -> 19332.063 | K29: =K39 -> 0 | M29: =SUM(M39:M129) -> 0 | O29: =SUM(O39:O129) -> 2.2211561e+09 | R29: =SUM(R39:R129) -> 3.5627958e+08 | U29: =SUM(U39:U129) -> 5.4677675e+08
B33: ="Note: inputs are required in "&'Reduction amount'!D17&" and "&'Reduction amount'!D18&" to calculate the 'Reduction amount'." -> Note: inputs are required in $Q$70:$Q$99 and $T$70:$T$99 to calculate the 'Reduction amount'.
C35: =C11 -> Table 3: Annual calculation over analysis horizon ($, $2026-27)
Q36: =IF(COUNT(Q39:Q129)<>'General inputs'!H38,"Data required in input range "&'Reduction amount'!D17,"OK") -> Data required in input range $Q$70:$Q$99 | T36: =IF(COUNT(T39:T129)<>'General inputs'!H38,"Data required in input range "&'Reduction amount'!D18,"OK") -> Data required in input range $T$70:$T$99
E37: ET values | J37: Asset values | Q37: Revenue values | T37: Cost values
D38: Year | E38: New ETs per year for this DSP area | F38: Present value of new ETs per year (discounted at pre-1996 asset discount rate) | G38: Present value of new ETs per year (discounted at post-1996 asset discount rate) | H38: Present value of new ETs per year (discounted at expected revenue and costs discount rate) | J38: Value of pre-1996 assets to be collected through this DSP (undiscounted) | K38: Present value of pre-1996 assets (discounted at pre-1996 asset discount rate) | L38: Value of post-1996 commissioned assets to be collected through this DSP (undiscounted) | M38: Present value of post-1996 commissioned assets (discounted at post-1996 asset discount rate) | N38: Value of post-1996 uncommissioned assets to be collected through this DSP (undiscounted) | O38: Present value of post-1996 uncommissioned assets (discounted at post-1996 asset discount rate) | Q38: Revenues expected to be recovered from new customers (undiscounted) | R38: Present value of revenues (discounted at expected future revenue and costs discount rate) | T38: Operating costs expected to be incurred in providing service to new customers (undiscounted) | U38: Present value of operating costs (discounted at expected future revenue and costs discount rate)
C39: =IF(D39='General inputs'!$I$16,0,IF(D39<'General inputs'!$I$16,C40-1,C38+1)) -> -31 | D39: =RIGHT(YEAR('General inputs'!$H$24),4)&"-"&RIGHT(YEAR('General inputs'!H24),2)+1 -> 1995-96 | E39: =IF(LEFT(D39,4)*1>LEFT('General inputs'!$I$16,4)+'General inputs'!$H$38-1,"",'ET inputs'!D12) -> 0 | F39: =IF(LEFT(D39,4)*1>LEFT('General inputs'!$I$16,4)+'General inputs'!$H$38-1,"",E39/(1+'General inputs'!$H$30)^C39) -> 0 | G39: =IF(LEFT(D39,4)*1>LEFT('General inputs'!$I$16,4)+'General inputs'!$H$38-1,"",E39/(1+'General inputs'!$H$32)^C39) -> 0 | H39: =IF(LEFT(D39,4)*1<LEFT('General inputs'!$I$16,4)*1,"",IF(LEFT(D39,4)*1>LEFT('General inputs'!$I$16,4)+'General inputs'!$H$38-1,"",E39/(1+'General inputs'!$H$34)^C39)) | J39: ='Pre-1996 assets'!P219 -> 0 | K39: =J39/(1+'General inputs'!$H$30)^C39 -> 0 | L39: =IF(LEFT(D39,4)*1>LEFT('General inputs'!$I$18,4)*1,"",SUMIF('Post-1996 commissioned assets'!$F$22:$F$218,$D39,'Post-1996 commissioned assets'!$P$22:$P$218)) -> 0 | M39: =IF(L39="","",L39/(1+'General inputs'!$H$32)^C39) -> 0 | N39: =IF(LEFT(D39,4)*1<LEFT('General inputs'!$I$18,4)*1+1,"",SUMIF('Uncommissioned assets'!$F$22:$F$1501,$D39,'Uncommissioned assets'!$P$22:$P$1501)) | O39: =IF(N39="","",N39/(1+'General inputs'!$H$32)^C39) | R39: =IF(OR(LEFT(D39,4)*1<LEFT('General inputs'!$I$16,4)*1,LEFT(D39,4)*1>LEFT('General inputs'!$I$16,4)+'General inputs'!$H$38-1),"",Q39/(1+'General inputs'!$H$34)^C39) | U39: =IF(OR(LEFT(D39,4)*1<LEFT('General inputs'!$I$16,4)*1,LEFT(D39,4)*1>LEFT('General inputs'!$I$16,4)+'General inputs'!$H$38-1),"",T39/(1+'General inputs'!$H$34)^C39)
C40: =IF(D40='General inputs'!$I$16,0,IF(D40<'General inputs'!$I$16,C41-1,C39+1)) -> -30 | D40: =LEFT(D39,4)+1&"-"&RIGHT(D39,2)+1 -> 1996-97 | E40: =IF(LEFT(D40,4)*1>LEFT('General inputs'!$I$16,4)+'General inputs'!$H$38-1,"",'ET inputs'!D13) -> 0 | F40: =IF(LEFT(D40,4)*1>LEFT('General inputs'!$I$16,4)+'General inputs'!$H$38-1,"",E40/(1+'General inputs'!$H$30)^C40) -> 0 | G40: =IF(LEFT(D40,4)*1>LEFT('General inputs'!$I$16,4)+'General inputs'!$H$38-1,"",E40/(1+'General inputs'!$H$32)^C40) -> 0 | H40: =IF(LEFT(D40,4)*1<LEFT('General inputs'!$I$16,4)*1,"",IF(LEFT(D40,4)*1>LEFT('General inputs'!$I$16,4)+'General inputs'!$H$38-1,"",E40/(1+'General inputs'!$H$34)^C40)) | L40: =IF(LEFT(D40,4)*1>LEFT('General inputs'!$I$18,4)*1,"",SUMIF('Post-1996 commissioned assets'!$F$22:$F$218,$D40,'Post-1996 commissioned assets'!$P$22:$P$218)) -> 0 | M40: =IF(L40="","",L40/(1+'General inputs'!$H$32)^C40) -> 0 | N40: =IF(LEFT(D40,4)*1<LEFT('General inputs'!$I$18,4)*1+1,"",SUMIF('Uncommissioned assets'!$F$22:$F$1501,$D40,'Uncommissioned assets'!$P$22:$P$1501)) | O40: =IF(N40="","",N40/(1+'General inputs'!$H$32)^C40) | R40: =IF(OR(LEFT(D40,4)*1<LEFT('General inputs'!$I$16,4)*1,LEFT(D40,4)*1>LEFT('General inputs'!$I$16,4)+'General inputs'!$H$38-1),"",Q40/(1+'General inputs'!$H$34)^C40) | U40: =IF(OR(LEFT(D40,4)*1<LEFT('General inputs'!$I$16,4)*1,LEFT(D40,4)*1>LEFT('General inputs'!$I$16,4)+'General inputs'!$H$38-1),"",T40/(1+'General inputs'!$H$34)^C40)
C41: =IF(D41='General inputs'!$I$16,0,IF(D41<'General inputs'!$I$16,C42-1,C40+1)) -> -29 | D41: =LEFT(D40,4)+1&"-"&RIGHT(D40,2)+1 -> 1997-98 | E41: =IF(LEFT(D41,4)*1>LEFT('General inputs'!$I$16,4)+'General inputs'!$H$38-1,"",'ET inputs'!D14) -> 0 | F41: =IF(LEFT(D41,4)*1>LEFT('General inputs'!$I$16,4)+'General inputs'!$H$38-1,"",E41/(1+'General inputs'!$H$30)^C41) -> 0 | G41: =IF(LEFT(D41,4)*1>LEFT('General inputs'!$I$16,4)+'General inputs'!$H$38-1,"",E41/(1+'General inputs'!$H$32)^C41) -> 0 | H41: =IF(LEFT(D41,4)*1<LEFT('General inputs'!$I$16,4)*1,"",IF(LEFT(D41,4)*1>LEFT('General inputs'!$I$16,4)+'General inputs'!$H$38-1,"",E41/(1+'General inputs'!$H$34)^C41)) | L41: =IF(LEFT(D41,4)*1>LEFT('General inputs'!$I$18,4)*1,"",SUMIF('Post-1996 commissioned assets'!$F$22:$F$218,$D41,'Post-1996 commissioned assets'!$P$22:$P$218)) -> 0 | M41: =IF(L41="","",L41/(1+'General inputs'!$H$32)^C41) -> 0 | N41: =IF(LEFT(D41,4)*1<LEFT('General inputs'!$I$18,4)*1+1,"",SUMIF('Uncommissioned assets'!$F$22:$F$1501,$D41,'Uncommissioned assets'!$P$22:$P$1501)) | O41: =IF(N41="","",N41/(1+'General inputs'!$H$32)^C41) | R41: =IF(OR(LEFT(D41,4)*1<LEFT('General inputs'!$I$16,4)*1,LEFT(D41,4)*1>LEFT('General inputs'!$I$16,4)+'General inputs'!$H$38-1),"",Q41/(1+'General inputs'!$H$34)^C41) | U41: =IF(OR(LEFT(D41,4)*1<LEFT('General inputs'!$I$16,4)*1,LEFT(D41,4)*1>LEFT('General inputs'!$I$16,4)+'General inputs'!$H$38-1),"",T41/(1+'General inputs'!$H$34)^C41)
C42: =IF(D42='General inputs'!$I$16,0,IF(D42<'General inputs'!$I$16,C43-1,C41+1)) -> -28 | D42: =LEFT(D41,4)+1&"-"&RIGHT(D41,2)+1 -> 1998-99 | E42: =IF(LEFT(D42,4)*1>LEFT('General inputs'!$I$16,4)+'General inputs'!$H$38-1,"",'ET inputs'!D15) -> 0 | F42: =IF(LEFT(D42,4)*1>LEFT('General inputs'!$I$16,4)+'General inputs'!$H$38-1,"",E42/(1+'General inputs'!$H$30)^C42) -> 0 | G42: =IF(LEFT(D42,4)*1>LEFT('General inputs'!$I$16,4)+'General inputs'!$H$38-1,"",E42/(1+'General inputs'!$H$32)^C42) -> 0 | H42: =IF(LEFT(D42,4)*1<LEFT('General inputs'!$I$16,4)*1,"",IF(LEFT(D42,4)*1>LEFT('General inputs'!$I$16,4)+'General inputs'!$H$38-1,"",E42/(1+'General inputs'!$H$34)^C42)) | L42: =IF(LEFT(D42,4)*1>LEFT('General inputs'!$I$18,4)*1,"",SUMIF('Post-1996 commissioned assets'!$F$22:$F$218,$D42,'Post-1996 commissioned assets'!$P$22:$P$218)) -> 0 | M42: =IF(L42="","",L42/(1+'General inputs'!$H$32)^C42) -> 0 | N42: =IF(LEFT(D42,4)*1<LEFT('General inputs'!$I$18,4)*1+1,"",SUMIF('Uncommissioned assets'!$F$22:$F$1501,$D42,'Uncommissioned assets'!$P$22:$P$1501)) | O42: =IF(N42="","",N42/(1+'General inputs'!$H$32)^C42) | R42: =IF(OR(LEFT(D42,4)*1<LEFT('General inputs'!$I$16,4)*1,LEFT(D42,4)*1>LEFT('General inputs'!$I$16,4)+'General inputs'!$H$38-1),"",Q42/(1+'General inputs'!$H$34)^C42) | U42: =IF(OR(LEFT(D42,4)*1<LEFT('General inputs'!$I$16,4)*1,LEFT(D42,4)*1>LEFT('General inputs'!$I$16,4)+'General inputs'!$H$38-1),"",T42/(1+'General inputs'!$H$34)^C42)
C43: =IF(D43='General inputs'!$I$16,0,IF(D43<'General inputs'!$I$16,C44-1,C42+1)) -> -27 | D43: =LEFT(D42,4)+1&"-00" -> 1999-00 | E43: =IF(LEFT(D43,4)*1>LEFT('General inputs'!$I$16,4)+'General inputs'!$H$38-1,"",'ET inputs'!D16) -> 0 | F43: =IF(LEFT(D43,4)*1>LEFT('General inputs'!$I$16,4)+'General inputs'!$H$38-1,"",E43/(1+'General inputs'!$H$30)^C43) -> 0 | G43: =IF(LEFT(D43,4)*1>LEFT('General inputs'!$I$16,4)+'General inputs'!$H$38-1,"",E43/(1+'General inputs'!$H$32)^C43) -> 0 | H43: =IF(LEFT(D43,4)*1<LEFT('General inputs'!$I$16,4)*1,"",IF(LEFT(D43,4)*1>LEFT('General inputs'!$I$16,4)+'General inputs'!$H$38-1,"",E43/(1+'General inputs'!$H$34)^C43)) | L43: =IF(LEFT(D43,4)*1>LEFT('General inputs'!$I$18,4)*1,"",SUMIF('Post-1996 commissioned assets'!$F$22:$F$218,$D43,'Post-1996 commissioned assets'!$P$22:$P$218)) -> 0 | M43: =IF(L43="","",L43/(1+'General inputs'!$H$32)^C43) -> 0 | N43: =IF(LEFT(D43,4)*1<LEFT('General inputs'!$I$18,4)*1+1,"",SUMIF('Uncommissioned assets'!$F$22:$F$1501,$D43,'Uncommissioned assets'!$P$22:$P$1501)) | O43: =IF(N43="","",N43/(1+'General inputs'!$H$32)^C43) | R43: =IF(OR(LEFT(D43,4)*1<LEFT('General inputs'!$I$16,4)*1,LEFT(D43,4)*1>LEFT('General inputs'!$I$16,4)+'General inputs'!$H$38-1),"",Q43/(1+'General inputs'!$H$34)^C43) | U43: =IF(OR(LEFT(D43,4)*1<LEFT('General inputs'!$I$16,4)*1,LEFT(D43,4)*1>LEFT('General inputs'!$I$16,4)+'General inputs'!$H$38-1),"",T43/(1+'General inputs'!$H$34)^C43)
C44: =IF(D44='General inputs'!$I$16,0,IF(D44<'General inputs'!$I$16,C45-1,C43+1)) -> -26 | D44: =LEFT(D43,4)+1&"-0"&RIGHT(D43,2)+1 -> 2000-01 | E44: =IF(LEFT(D44,4)*1>LEFT('General inputs'!$I$16,4)+'General inputs'!$H$38-1,"",'ET inputs'!D17) -> 0 | F44: =IF(LEFT(D44,4)*1>LEFT('General inputs'!$I$16,4)+'General inputs'!$H$38-1,"",E44/(1+'General inputs'!$H$30)^C44) -> 0 | G44: =IF(LEFT(D44,4)*1>LEFT('General inputs'!$I$16,4)+'General inputs'!$H$38-1,"",E44/(1+'General inputs'!$H$32)^C44) -> 0 | H44: =IF(LEFT(D44,4)*1<LEFT('General inputs'!$I$16,4)*1,"",IF(LEFT(D44,4)*1>LEFT('General inputs'!$I$16,4)+'General inputs'!$H$38-1,"",E44/(1+'General inputs'!$H$34)^C44)) | L44: =IF(LEFT(D44,4)*1>LEFT('General inputs'!$I$18,4)*1,"",SUMIF('Post-1996 commissioned assets'!$F$22:$F$218,$D44,'Post-1996 commissioned assets'!$P$22:$P$218)) -> 0 | M44: =IF(L44="","",L44/(1+'General inputs'!$H$32)^C44) -> 0 | N44: =IF(LEFT(D44,4)*1<LEFT('General inputs'!$I$18,4)*1+1,"",SUMIF('Uncommissioned assets'!$F$22:$F$1501,$D44,'Uncommissioned assets'!$P$22:$P$1501)) | O44: =IF(N44="","",N44/(1+'General inputs'!$H$32)^C44) | R44: =IF(OR(LEFT(D44,4)*1<LEFT('General inputs'!$I$16,4)*1,LEFT(D44,4)*1>LEFT('General inputs'!$I$16,4)+'General inputs'!$H$38-1),"",Q44/(1+'General inputs'!$H$34)^C44) | U44: =IF(OR(LEFT(D44,4)*1<LEFT('General inputs'!$I$16,4)*1,LEFT(D44,4)*1>LEFT('General inputs'!$I$16,4)+'General inputs'!$H$38-1),"",T44/(1+'General inputs'!$H$34)^C44)
C45: =IF(D45='General inputs'!$I$16,0,IF(D45<'General inputs'!$I$16,C46-1,C44+1)) -> -25 | D45: =LEFT(D44,4)+1&"-0"&RIGHT(D44,2)+1 -> 2001-02 | E45: =IF(LEFT(D45,4)*1>LEFT('General inputs'!$I$16,4)+'General inputs'!$H$38-1,"",'ET inputs'!D18) -> 0 | F45: =IF(LEFT(D45,4)*1>LEFT('General inputs'!$I$16,4)+'General inputs'!$H$38-1,"",E45/(1+'General inputs'!$H$30)^C45) -> 0 | G45: =IF(LEFT(D45,4)*1>LEFT('General inputs'!$I$16,4)+'General inputs'!$H$38-1,"",E45/(1+'General inputs'!$H$32)^C45) -> 0 | H45: =IF(LEFT(D45,4)*1<LEFT('General inputs'!$I$16,4)*1,"",IF(LEFT(D45,4)*1>LEFT('General inputs'!$I$16,4)+'General inputs'!$H$38-1,"",E45/(1+'General inputs'!$H$34)^C45)) | L45: =IF(LEFT(D45,4)*1>LEFT('General inputs'!$I$18,4)*1,"",SUMIF('Post-1996 commissioned assets'!$F$22:$F$218,$D45,'Post-1996 commissioned assets'!$P$22:$P$218)) -> 0 | M45: =IF(L45="","",L45/(1+'General inputs'!$H$32)^C45) -> 0 | N45: =IF(LEFT(D45,4)*1<LEFT('General inputs'!$I$18,4)*1+1,"",SUMIF('Uncommissioned assets'!$F$22:$F$1501,$D45,'Uncommissioned assets'!$P$22:$P$1501)) | O45: =IF(N45="","",N45/(1+'General inputs'!$H$32)^C45) | R45: =IF(OR(LEFT(D45,4)*1<LEFT('General inputs'!$I$16,4)*1,LEFT(D45,4)*1>LEFT('General inputs'!$I$16,4)+'General inputs'!$H$38-1),"",Q45/(1+'General inputs'!$H$34)^C45) | U45: =IF(OR(LEFT(D45,4)*1<LEFT('General inputs'!$I$16,4)*1,LEFT(D45,4)*1>LEFT('General inputs'!$I$16,4)+'General inputs'!$H$38-1),"",T45/(1+'General inputs'!$H$34)^C45)
C46: =IF(D46='General inputs'!$I$16,0,IF(D46<'General inputs'!$I$16,C47-1,C45+1)) -> -24 | D46: =LEFT(D45,4)+1&"-0"&RIGHT(D45,2)+1 -> 2002-03 | E46: =IF(LEFT(D46,4)*1>LEFT('General inputs'!$I$16,4)+'General inputs'!$H$38-1,"",'ET inputs'!D19) -> 0 | F46: =IF(LEFT(D46,4)*1>LEFT('General inputs'!$I$16,4)+'General inputs'!$H$38-1,"",E46/(1+'General inputs'!$H$30)^C46) -> 0 | G46: =IF(LEFT(D46,4)*1>LEFT('General inputs'!$I$16,4)+'General inputs'!$H$38-1,"",E46/(1+'General inputs'!$H$32)^C46) -> 0 | H46: =IF(LEFT(D46,4)*1<LEFT('General inputs'!$I$16,4)*1,"",IF(LEFT(D46,4)*1>LEFT('General inputs'!$I$16,4)+'General inputs'!$H$38-1,"",E46/(1+'General inputs'!$H$34)^C46)) | L46: =IF(LEFT(D46,4)*1>LEFT('General inputs'!$I$18,4)*1,"",SUMIF('Post-1996 commissioned assets'!$F$22:$F$218,$D46,'Post-1996 commissioned assets'!$P$22:$P$218)) -> 0 | M46: =IF(L46="","",L46/(1+'General inputs'!$H$32)^C46) -> 0 | N46: =IF(LEFT(D46,4)*1<LEFT('General inputs'!$I$18,4)*1+1,"",SUMIF('Uncommissioned assets'!$F$22:$F$1501,$D46,'Uncommissioned assets'!$P$22:$P$1501)) | O46: =IF(N46="","",N46/(1+'General inputs'!$H$32)^C46) | R46: =IF(OR(LEFT(D46,4)*1<LEFT('General inputs'!$I$16,4)*1,LEFT(D46,4)*1>LEFT('General inputs'!$I$16,4)+'General inputs'!$H$38-1),"",Q46/(1+'General inputs'!$H$34)^C46) | U46: =IF(OR(LEFT(D46,4)*1<LEFT('General inputs'!$I$16,4)*1,LEFT(D46,4)*1>LEFT('General inputs'!$I$16,4)+'General inputs'!$H$38-1),"",T46/(1+'General inputs'!$H$34)^C46)
C47: =IF(D47='General inputs'!$I$16,0,IF(D47<'General inputs'!$I$16,C48-1,C46+1)) -> -23 | D47: =LEFT(D46,4)+1&"-0"&RIGHT(D46,2)+1 -> 2003-04 | E47: =IF(LEFT(D47,4)*1>LEFT('General inputs'!$I$16,4)+'General inputs'!$H$38-1,"",'ET inputs'!D20) -> 0 | F47: =IF(LEFT(D47,4)*1>LEFT('General inputs'!$I$16,4)+'General inputs'!$H$38-1,"",E47/(1+'General inputs'!$H$30)^C47) -> 0 | G47: =IF(LEFT(D47,4)*1>LEFT('General inputs'!$I$16,4)+'General inputs'!$H$38-1,"",E47/(1+'General inputs'!$H$32)^C47) -> 0 | H47: =IF(LEFT(D47,4)*1<LEFT('General inputs'!$I$16,4)*1,"",IF(LEFT(D47,4)*1>LEFT('General inputs'!$I$16,4)+'General inputs'!$H$38-1,"",E47/(1+'General inputs'!$H$34)^C47)) | L47: =IF(LEFT(D47,4)*1>LEFT('General inputs'!$I$18,4)*1,"",SUMIF('Post-1996 commissioned assets'!$F$22:$F$218,$D47,'Post-1996 commissioned assets'!$P$22:$P$218)) -> 0 | M47: =IF(L47="","",L47/(1+'General inputs'!$H$32)^C47) -> 0 | N47: =IF(LEFT(D47,4)*1<LEFT('General inputs'!$I$18,4)*1+1,"",SUMIF('Uncommissioned assets'!$F$22:$F$1501,$D47,'Uncommissioned assets'!$P$22:$P$1501)) | O47: =IF(N47="","",N47/(1+'General inputs'!$H$32)^C47) | R47: =IF(OR(LEFT(D47,4)*1<LEFT('General inputs'!$I$16,4)*1,LEFT(D47,4)*1>LEFT('General inputs'!$I$16,4)+'General inputs'!$H$38-1),"",Q47/(1+'General inputs'!$H$34)^C47) | U47: =IF(OR(LEFT(D47,4)*1<LEFT('General inputs'!$I$16,4)*1,LEFT(D47,4)*1>LEFT('General inputs'!$I$16,4)+'General inputs'!$H$38-1),"",T47/(1+'General inputs'!$H$34)^C47)
C48: =IF(D48='General inputs'!$I$16,0,IF(D48<'General inputs'!$I$16,C49-1,C47+1)) -> -22 | D48: =LEFT(D47,4)+1&"-0"&RIGHT(D47,2)+1 -> 2004-05 | E48: =IF(LEFT(D48,4)*1>LEFT('General inputs'!$I$16,4)+'General inputs'!$H$38-1,"",'ET inputs'!D21) -> 0 | F48: =IF(LEFT(D48,4)*1>LEFT('General inputs'!$I$16,4)+'General inputs'!$H$38-1,"",E48/(1+'General inputs'!$H$30)^C48) -> 0 | G48: =IF(LEFT(D48,4)*1>LEFT('General inputs'!$I$16,4)+'General inputs'!$H$38-1,"",E48/(1+'General inputs'!$H$32)^C48) -> 0 | H48: =IF(LEFT(D48,4)*1<LEFT('General inputs'!$I$16,4)*1,"",IF(LEFT(D48,4)*1>LEFT('General inputs'!$I$16,4)+'General inputs'!$H$38-1,"",E48/(1+'General inputs'!$H$34)^C48)) | L48: =IF(LEFT(D48,4)*1>LEFT('General inputs'!$I$18,4)*1,"",SUMIF('Post-1996 commissioned assets'!$F$22:$F$218,$D48,'Post-1996 commissioned assets'!$P$22:$P$218)) -> 0 | M48: =IF(L48="","",L48/(1+'General inputs'!$H$32)^C48) -> 0 | N48: =IF(LEFT(D48,4)*1<LEFT('General inputs'!$I$18,4)*1+1,"",SUMIF('Uncommissioned assets'!$F$22:$F$1501,$D48,'Uncommissioned assets'!$P$22:$P$1501)) | O48: =IF(N48="","",N48/(1+'General inputs'!$H$32)^C48) | R48: =IF(OR(LEFT(D48,4)*1<LEFT('General inputs'!$I$16,4)*1,LEFT(D48,4)*1>LEFT('General inputs'!$I$16,4)+'General inputs'!$H$38-1),"",Q48/(1+'General inputs'!$H$34)^C48) | U48: =IF(OR(LEFT(D48,4)*1<LEFT('General inputs'!$I$16,4)*1,LEFT(D48,4)*1>LEFT('General inputs'!$I$16,4)+'General inputs'!$H$38-1),"",T48/(1+'General inputs'!$H$34)^C48)
C49: =IF(D49='General inputs'!$I$16,0,IF(D49<'General inputs'!$I$16,C50-1,C48+1)) -> -21 | D49: =LEFT(D48,4)+1&"-0"&RIGHT(D48,2)+1 -> 2005-06 | E49: =IF(LEFT(D49,4)*1>LEFT('General inputs'!$I$16,4)+'General inputs'!$H$38-1,"",'ET inputs'!D22) -> 0 | F49: =IF(LEFT(D49,4)*1>LEFT('General inputs'!$I$16,4)+'General inputs'!$H$38-1,"",E49/(1+'General inputs'!$H$30)^C49) -> 0 | G49: =IF(LEFT(D49,4)*1>LEFT('General inputs'!$I$16,4)+'General inputs'!$H$38-1,"",E49/(1+'General inputs'!$H$32)^C49) -> 0 | H49: =IF(LEFT(D49,4)*1<LEFT('General inputs'!$I$16,4)*1,"",IF(LEFT(D49,4)*1>LEFT('General inputs'!$I$16,4)+'General inputs'!$H$38-1,"",E49/(1+'General inputs'!$H$34)^C49)) | L49: =IF(LEFT(D49,4)*1>LEFT('General inputs'!$I$18,4)*1,"",SUMIF('Post-1996 commissioned assets'!$F$22:$F$218,$D49,'Post-1996 commissioned assets'!$P$22:$P$218)) -> 0 | M49: =IF(L49="","",L49/(1+'General inputs'!$H$32)^C49) -> 0 | N49: =IF(LEFT(D49,4)*1<LEFT('General inputs'!$I$18,4)*1+1,"",SUMIF('Uncommissioned assets'!$F$22:$F$1501,$D49,'Uncommissioned assets'!$P$22:$P$1501)) | O49: =IF(N49="","",N49/(1+'General inputs'!$H$32)^C49) | R49: =IF(OR(LEFT(D49,4)*1<LEFT('General inputs'!$I$16,4)*1,LEFT(D49,4)*1>LEFT('General inputs'!$I$16,4)+'General inputs'!$H$38-1),"",Q49/(1+'General inputs'!$H$34)^C49) | U49: =IF(OR(LEFT(D49,4)*1<LEFT('General inputs'!$I$16,4)*1,LEFT(D49,4)*1>LEFT('General inputs'!$I$16,4)+'General inputs'!$H$38-1),"",T49/(1+'General inputs'!$H$34)^C49)
C50: =IF(D50='General inputs'!$I$16,0,IF(D50<'General inputs'!$I$16,C51-1,C49+1)) -> -20 | D50: =LEFT(D49,4)+1&"-0"&RIGHT(D49,2)+1 -> 2006-07 | E50: =IF(LEFT(D50,4)*1>LEFT('General inputs'!$I$16,4)+'General inputs'!$H$38-1,"",'ET inputs'!D23) -> 0 | F50: =IF(LEFT(D50,4)*1>LEFT('General inputs'!$I$16,4)+'General inputs'!$H$38-1,"",E50/(1+'General inputs'!$H$30)^C50) -> 0 | G50: =IF(LEFT(D50,4)*1>LEFT('General inputs'!$I$16,4)+'General inputs'!$H$38-1,"",E50/(1+'General inputs'!$H$32)^C50) -> 0 | H50: =IF(LEFT(D50,4)*1<LEFT('General inputs'!$I$16,4)*1,"",IF(LEFT(D50,4)*1>LEFT('General inputs'!$I$16,4)+'General inputs'!$H$38-1,"",E50/(1+'General inputs'!$H$34)^C50)) | L50: =IF(LEFT(D50,4)*1>LEFT('General inputs'!$I$18,4)*1,"",SUMIF('Post-1996 commissioned assets'!$F$22:$F$218,$D50,'Post-1996 commissioned assets'!$P$22:$P$218)) -> 0 | M50: =IF(L50="","",L50/(1+'General inputs'!$H$32)^C50) -> 0 | N50: =IF(LEFT(D50,4)*1<LEFT('General inputs'!$I$18,4)*1+1,"",SUMIF('Uncommissioned assets'!$F$22:$F$1501,$D50,'Uncommissioned assets'!$P$22:$P$1501)) | O50: =IF(N50="","",N50/(1+'General inputs'!$H$32)^C50) | R50: =IF(OR(LEFT(D50,4)*1<LEFT('General inputs'!$I$16,4)*1,LEFT(D50,4)*1>LEFT('General inputs'!$I$16,4)+'General inputs'!$H$38-1),"",Q50/(1+'General inputs'!$H$34)^C50) | U50: =IF(OR(LEFT(D50,4)*1<LEFT('General inputs'!$I$16,4)*1,LEFT(D50,4)*1>LEFT('General inputs'!$I$16,4)+'General inputs'!$H$38-1),"",T50/(1+'General inputs'!$H$34)^C50)
C51: =IF(D51='General inputs'!$I$16,0,IF(D51<'General inputs'!$I$16,C52-1,C50+1)) -> -19 | D51: =LEFT(D50,4)+1&"-0"&RIGHT(D50,2)+1 -> 2007-08 | E51: =IF(LEFT(D51,4)*1>LEFT('General inputs'!$I$16,4)+'General inputs'!$H$38-1,"",'ET inputs'!D24) -> 0 | F51: =IF(LEFT(D51,4)*1>LEFT('General inputs'!$I$16,4)+'General inputs'!$H$38-1,"",E51/(1+'General inputs'!$H$30)^C51) -> 0 | G51: =IF(LEFT(D51,4)*1>LEFT('General inputs'!$I$16,4)+'General inputs'!$H$38-1,"",E51/(1+'General inputs'!$H$32)^C51) -> 0 | H51: =IF(LEFT(D51,4)*1<LEFT('General inputs'!$I$16,4)*1,"",IF(LEFT(D51,4)*1>LEFT('General inputs'!$I$16,4)+'General inputs'!$H$38-1,"",E51/(1+'General inputs'!$H$34)^C51)) | L51: =IF(LEFT(D51,4)*1>LEFT('General inputs'!$I$18,4)*1,"",SUMIF('Post-1996 commissioned assets'!$F$22:$F$218,$D51,'Post-1996 commissioned assets'!$P$22:$P$218)) -> 0 | M51: =IF(L51="","",L51/(1+'General inputs'!$H$32)^C51) -> 0 | N51: =IF(LEFT(D51,4)*1<LEFT('General inputs'!$I$18,4)*1+1,"",SUMIF('Uncommissioned assets'!$F$22:$F$1501,$D51,'Uncommissioned assets'!$P$22:$P$1501)) | O51: =IF(N51="","",N51/(1+'General inputs'!$H$32)^C51) | R51: =IF(OR(LEFT(D51,4)*1<LEFT('General inputs'!$I$16,4)*1,LEFT(D51,4)*1>LEFT('General inputs'!$I$16,4)+'General inputs'!$H$38-1),"",Q51/(1+'General inputs'!$H$34)^C51) | U51: =IF(OR(LEFT(D51,4)*1<LEFT('General inputs'!$I$16,4)*1,LEFT(D51,4)*1>LEFT('General inputs'!$I$16,4)+'General inputs'!$H$38-1),"",T51/(1+'General inputs'!$H$34)^C51)
C52: =IF(D52='General inputs'!$I$16,0,IF(D52<'General inputs'!$I$16,C53-1,C51+1)) -> -18 | D52: =LEFT(D51,4)+1&"-0"&RIGHT(D51,2)+1 -> 2008-09 | E52: =IF(LEFT(D52,4)*1>LEFT('General inputs'!$I$16,4)+'General inputs'!$H$38-1,"",'ET inputs'!D25) -> 0 | F52: =IF(LEFT(D52,4)*1>LEFT('General inputs'!$I$16,4)+'General inputs'!$H$38-1,"",E52/(1+'General inputs'!$H$30)^C52) -> 0 | G52: =IF(LEFT(D52,4)*1>LEFT('General inputs'!$I$16,4)+'General inputs'!$H$38-1,"",E52/(1+'General inputs'!$H$32)^C52) -> 0 | H52: =IF(LEFT(D52,4)*1<LEFT('General inputs'!$I$16,4)*1,"",IF(LEFT(D52,4)*1>LEFT('General inputs'!$I$16,4)+'General inputs'!$H$38-1,"",E52/(1+'General inputs'!$H$34)^C52)) | L52: =IF(LEFT(D52,4)*1>LEFT('General inputs'!$I$18,4)*1,"",SUMIF('Post-1996 commissioned assets'!$F$22:$F$218,$D52,'Post-1996 commissioned assets'!$P$22:$P$218)) -> 0 | M52: =IF(L52="","",L52/(1+'General inputs'!$H$32)^C52) -> 0 | N52: =IF(LEFT(D52,4)*1<LEFT('General inputs'!$I$18,4)*1+1,"",SUMIF('Uncommissioned assets'!$F$22:$F$1501,$D52,'Uncommissioned assets'!$P$22:$P$1501)) | O52: =IF(N52="","",N52/(1+'General inputs'!$H$32)^C52) | R52: =IF(OR(LEFT(D52,4)*1<LEFT('General inputs'!$I$16,4)*1,LEFT(D52,4)*1>LEFT('General inputs'!$I$16,4)+'General inputs'!$H$38-1),"",Q52/(1+'General inputs'!$H$34)^C52) | U52: =IF(OR(LEFT(D52,4)*1<LEFT('General inputs'!$I$16,4)*1,LEFT(D52,4)*1>LEFT('General inputs'!$I$16,4)+'General inputs'!$H$38-1),"",T52/(1+'General inputs'!$H$34)^C52)
C53: =IF(D53='General inputs'!$I$16,0,IF(D53<'General inputs'!$I$16,C54-1,C52+1)) -> -17 | D53: =LEFT(D52,4)+1&"-"&RIGHT(D52,2)+1 -> 2009-10 | E53: =IF(LEFT(D53,4)*1>LEFT('General inputs'!$I$16,4)+'General inputs'!$H$38-1,"",'ET inputs'!D26) -> 0 | F53: =IF(LEFT(D53,4)*1>LEFT('General inputs'!$I$16,4)+'General inputs'!$H$38-1,"",E53/(1+'General inputs'!$H$30)^C53) -> 0 | G53: =IF(LEFT(D53,4)*1>LEFT('General inputs'!$I$16,4)+'General inputs'!$H$38-1,"",E53/(1+'General inputs'!$H$32)^C53) -> 0 | H53: =IF(LEFT(D53,4)*1<LEFT('General inputs'!$I$16,4)*1,"",IF(LEFT(D53,4)*1>LEFT('General inputs'!$I$16,4)+'General inputs'!$H$38-1,"",E53/(1+'General inputs'!$H$34)^C53)) | L53: =IF(LEFT(D53,4)*1>LEFT('General inputs'!$I$18,4)*1,"",SUMIF('Post-1996 commissioned assets'!$F$22:$F$218,$D53,'Post-1996 commissioned assets'!$P$22:$P$218)) -> 0 | M53: =IF(L53="","",L53/(1+'General inputs'!$H$32)^C53) -> 0 | N53: =IF(LEFT(D53,4)*1<LEFT('General inputs'!$I$18,4)*1+1,"",SUMIF('Uncommissioned assets'!$F$22:$F$1501,$D53,'Uncommissioned assets'!$P$22:$P$1501)) | O53: =IF(N53="","",N53/(1+'General inputs'!$H$32)^C53) | R53: =IF(OR(LEFT(D53,4)*1<LEFT('General inputs'!$I$16,4)*1,LEFT(D53,4)*1>LEFT('General inputs'!$I$16,4)+'General inputs'!$H$38-1),"",Q53/(1+'General inputs'!$H$34)^C53) | U53: =IF(OR(LEFT(D53,4)*1<LEFT('General inputs'!$I$16,4)*1,LEFT(D53,4)*1>LEFT('General inputs'!$I$16,4)+'General inputs'!$H$38-1),"",T53/(1+'General inputs'!$H$34)^C53)
C54: =IF(D54='General inputs'!$I$16,0,IF(D54<'General inputs'!$I$16,C55-1,C53+1)) -> -16 | D54: =LEFT(D53,4)+1&"-"&RIGHT(D53,2)+1 -> 2010-11 | E54: =IF(LEFT(D54,4)*1>LEFT('General inputs'!$I$16,4)+'General inputs'!$H$38-1,"",'ET inputs'!D27) -> 0 | F54: =IF(LEFT(D54,4)*1>LEFT('General inputs'!$I$16,4)+'General inputs'!$H$38-1,"",E54/(1+'General inputs'!$H$30)^C54) -> 0 | G54: =IF(LEFT(D54,4)*1>LEFT('General inputs'!$I$16,4)+'General inputs'!$H$38-1,"",E54/(1+'General inputs'!$H$32)^C54) -> 0 | H54: =IF(LEFT(D54,4)*1<LEFT('General inputs'!$I$16,4)*1,"",IF(LEFT(D54,4)*1>LEFT('General inputs'!$I$16,4)+'General inputs'!$H$38-1,"",E54/(1+'General inputs'!$H$34)^C54)) | L54: =IF(LEFT(D54,4)*1>LEFT('General inputs'!$I$18,4)*1,"",SUMIF('Post-1996 commissioned assets'!$F$22:$F$218,$D54,'Post-1996 commissioned assets'!$P$22:$P$218)) -> 0 | M54: =IF(L54="","",L54/(1+'General inputs'!$H$32)^C54) -> 0 | N54: =IF(LEFT(D54,4)*1<LEFT('General inputs'!$I$18,4)*1+1,"",SUMIF('Uncommissioned assets'!$F$22:$F$1501,$D54,'Uncommissioned assets'!$P$22:$P$1501)) | O54: =IF(N54="","",N54/(1+'General inputs'!$H$32)^C54) | R54: =IF(OR(LEFT(D54,4)*1<LEFT('General inputs'!$I$16,4)*1,LEFT(D54,4)*1>LEFT('General inputs'!$I$16,4)+'General inputs'!$H$38-1),"",Q54/(1+'General inputs'!$H$34)^C54) | U54: =IF(OR(LEFT(D54,4)*1<LEFT('General inputs'!$I$16,4)*1,LEFT(D54,4)*1>LEFT('General inputs'!$I$16,4)+'General inputs'!$H$38-1),"",T54/(1+'General inputs'!$H$34)^C54)
C55: =IF(D55='General inputs'!$I$16,0,IF(D55<'General inputs'!$I$16,C56-1,C54+1)) -> -15 | D55: =LEFT(D54,4)+1&"-"&RIGHT(D54,2)+1 -> 2011-12 | E55: =IF(LEFT(D55,4)*1>LEFT('General inputs'!$I$16,4)+'General inputs'!$H$38-1,"",'ET inputs'!D28) -> 0 | F55: =IF(LEFT(D55,4)*1>LEFT('General inputs'!$I$16,4)+'General inputs'!$H$38-1,"",E55/(1+'General inputs'!$H$30)^C55) -> 0 | G55: =IF(LEFT(D55,4)*1>LEFT('General inputs'!$I$16,4)+'General inputs'!$H$38-1,"",E55/(1+'General inputs'!$H$32)^C55) -> 0 | H55: =IF(LEFT(D55,4)*1<LEFT('General inputs'!$I$16,4)*1,"",IF(LEFT(D55,4)*1>LEFT('General inputs'!$I$16,4)+'General inputs'!$H$38-1,"",E55/(1+'General inputs'!$H$34)^C55)) | L55: =IF(LEFT(D55,4)*1>LEFT('General inputs'!$I$18,4)*1,"",SUMIF('Post-1996 commissioned assets'!$F$22:$F$218,$D55,'Post-1996 commissioned assets'!$P$22:$P$218)) -> 0 | M55: =IF(L55="","",L55/(1+'General inputs'!$H$32)^C55) -> 0 | N55: =IF(LEFT(D55,4)*1<LEFT('General inputs'!$I$18,4)*1+1,"",SUMIF('Uncommissioned assets'!$F$22:$F$1501,$D55,'Uncommissioned assets'!$P$22:$P$1501)) | O55: =IF(N55="","",N55/(1+'General inputs'!$H$32)^C55) | R55: =IF(OR(LEFT(D55,4)*1<LEFT('General inputs'!$I$16,4)*1,LEFT(D55,4)*1>LEFT('General inputs'!$I$16,4)+'General inputs'!$H$38-1),"",Q55/(1+'General inputs'!$H$34)^C55) | U55: =IF(OR(LEFT(D55,4)*1<LEFT('General inputs'!$I$16,4)*1,LEFT(D55,4)*1>LEFT('General inputs'!$I$16,4)+'General inputs'!$H$38-1),"",T55/(1+'General inputs'!$H$34)^C55)
C56: =IF(D56='General inputs'!$I$16,0,IF(D56<'General inputs'!$I$16,C57-1,C55+1)) -> -14 | D56: =LEFT(D55,4)+1&"-"&RIGHT(D55,2)+1 -> 2012-13 | E56: =IF(LEFT(D56,4)*1>LEFT('General inputs'!$I$16,4)+'General inputs'!$H$38-1,"",'ET inputs'!D29) -> 0 | F56: =IF(LEFT(D56,4)*1>LEFT('General inputs'!$I$16,4)+'General inputs'!$H$38-1,"",E56/(1+'General inputs'!$H$30)^C56) -> 0 | G56: =IF(LEFT(D56,4)*1>LEFT('General inputs'!$I$16,4)+'General inputs'!$H$38-1,"",E56/(1+'General inputs'!$H$32)^C56) -> 0 | H56: =IF(LEFT(D56,4)*1<LEFT('General inputs'!$I$16,4)*1,"",IF(LEFT(D56,4)*1>LEFT('General inputs'!$I$16,4)+'General inputs'!$H$38-1,"",E56/(1+'General inputs'!$H$34)^C56)) | L56: =IF(LEFT(D56,4)*1>LEFT('General inputs'!$I$18,4)*1,"",SUMIF('Post-1996 commissioned assets'!$F$22:$F$218,$D56,'Post-1996 commissioned assets'!$P$22:$P$218)) -> 0 | M56: =IF(L56="","",L56/(1+'General inputs'!$H$32)^C56) -> 0 | N56: =IF(LEFT(D56,4)*1<LEFT('General inputs'!$I$18,4)*1+1,"",SUMIF('Uncommissioned assets'!$F$22:$F$1501,$D56,'Uncommissioned assets'!$P$22:$P$1501)) | O56: =IF(N56="","",N56/(1+'General inputs'!$H$32)^C56) | R56: =IF(OR(LEFT(D56,4)*1<LEFT('General inputs'!$I$16,4)*1,LEFT(D56,4)*1>LEFT('General inputs'!$I$16,4)+'General inputs'!$H$38-1),"",Q56/(1+'General inputs'!$H$34)^C56) | U56: =IF(OR(LEFT(D56,4)*1<LEFT('General inputs'!$I$16,4)*1,LEFT(D56,4)*1>LEFT('General inputs'!$I$16,4)+'General inputs'!$H$38-1),"",T56/(1+'General inputs'!$H$34)^C56)
C57: =IF(D57='General inputs'!$I$16,0,IF(D57<'General inputs'!$I$16,C58-1,C56+1)) -> -13 | D57: =LEFT(D56,4)+1&"-"&RIGHT(D56,2)+1 -> 2013-14 | E57: =IF(LEFT(D57,4)*1>LEFT('General inputs'!$I$16,4)+'General inputs'!$H$38-1,"",'ET inputs'!D30) -> 0 | F57: =IF(LEFT(D57,4)*1>LEFT('General inputs'!$I$16,4)+'General inputs'!$H$38-1,"",E57/(1+'General inputs'!$H$30)^C57) -> 0 | G57: =IF(LEFT(D57,4)*1>LEFT('General inputs'!$I$16,4)+'General inputs'!$H$38-1,"",E57/(1+'General inputs'!$H$32)^C57) -> 0 | H57: =IF(LEFT(D57,4)*1<LEFT('General inputs'!$I$16,4)*1,"",IF(LEFT(D57,4)*1>LEFT('General inputs'!$I$16,4)+'General inputs'!$H$38-1,"",E57/(1+'General inputs'!$H$34)^C57)) | L57: =IF(LEFT(D57,4)*1>LEFT('General inputs'!$I$18,4)*1,"",SUMIF('Post-1996 commissioned assets'!$F$22:$F$218,$D57,'Post-1996 commissioned assets'!$P$22:$P$218)) -> 0 | M57: =IF(L57="","",L57/(1+'General inputs'!$H$32)^C57) -> 0 | N57: =IF(LEFT(D57,4)*1<LEFT('General inputs'!$I$18,4)*1+1,"",SUMIF('Uncommissioned assets'!$F$22:$F$1501,$D57,'Uncommissioned assets'!$P$22:$P$1501)) | O57: =IF(N57="","",N57/(1+'General inputs'!$H$32)^C57) | R57: =IF(OR(LEFT(D57,4)*1<LEFT('General inputs'!$I$16,4)*1,LEFT(D57,4)*1>LEFT('General inputs'!$I$16,4)+'General inputs'!$H$38-1),"",Q57/(1+'General inputs'!$H$34)^C57) | U57: =IF(OR(LEFT(D57,4)*1<LEFT('General inputs'!$I$16,4)*1,LEFT(D57,4)*1>LEFT('General inputs'!$I$16,4)+'General inputs'!$H$38-1),"",T57/(1+'General inputs'!$H$34)^C57)
C58: =IF(D58='General inputs'!$I$16,0,IF(D58<'General inputs'!$I$16,C59-1,C57+1)) -> -12 | D58: =LEFT(D57,4)+1&"-"&RIGHT(D57,2)+1 -> 2014-15 | E58: =IF(LEFT(D58,4)*1>LEFT('General inputs'!$I$16,4)+'General inputs'!$H$38-1,"",'ET inputs'!D31) -> 0 | F58: =IF(LEFT(D58,4)*1>LEFT('General inputs'!$I$16,4)+'General inputs'!$H$38-1,"",E58/(1+'General inputs'!$H$30)^C58) -> 0 | G58: =IF(LEFT(D58,4)*1>LEFT('General inputs'!$I$16,4)+'General inputs'!$H$38-1,"",E58/(1+'General inputs'!$H$32)^C58) -> 0 | H58: =IF(LEFT(D58,4)*1<LEFT('General inputs'!$I$16,4)*1,"",IF(LEFT(D58,4)*1>LEFT('General inputs'!$I$16,4)+'General inputs'!$H$38-1,"",E58/(1+'General inputs'!$H$34)^C58)) | L58: =IF(LEFT(D58,4)*1>LEFT('General inputs'!$I$18,4)*1,"",SUMIF('Post-1996 commissioned assets'!$F$22:$F$218,$D58,'Post-1996 commissioned assets'!$P$22:$P$218)) -> 0 | M58: =IF(L58="","",L58/(1+'General inputs'!$H$32)^C58) -> 0 | N58: =IF(LEFT(D58,4)*1<LEFT('General inputs'!$I$18,4)*1+1,"",SUMIF('Uncommissioned assets'!$F$22:$F$1501,$D58,'Uncommissioned assets'!$P$22:$P$1501)) | O58: =IF(N58="","",N58/(1+'General inputs'!$H$32)^C58) | R58: =IF(OR(LEFT(D58,4)*1<LEFT('General inputs'!$I$16,4)*1,LEFT(D58,4)*1>LEFT('General inputs'!$I$16,4)+'General inputs'!$H$38-1),"",Q58/(1+'General inputs'!$H$34)^C58) | U58: =IF(OR(LEFT(D58,4)*1<LEFT('General inputs'!$I$16,4)*1,LEFT(D58,4)*1>LEFT('General inputs'!$I$16,4)+'General inputs'!$H$38-1),"",T58/(1+'General inputs'!$H$34)^C58)
C59: =IF(D59='General inputs'!$I$16,0,IF(D59<'General inputs'!$I$16,C60-1,C58+1)) -> -11 | D59: =LEFT(D58,4)+1&"-"&RIGHT(D58,2)+1 -> 2015-16 | E59: =IF(LEFT(D59,4)*1>LEFT('General inputs'!$I$16,4)+'General inputs'!$H$38-1,"",'ET inputs'!D32) -> 0 | F59: =IF(LEFT(D59,4)*1>LEFT('General inputs'!$I$16,4)+'General inputs'!$H$38-1,"",E59/(1+'General inputs'!$H$30)^C59) -> 0 | G59: =IF(LEFT(D59,4)*1>LEFT('General inputs'!$I$16,4)+'General inputs'!$H$38-1,"",E59/(1+'General inputs'!$H$32)^C59) -> 0 | H59: =IF(LEFT(D59,4)*1<LEFT('General inputs'!$I$16,4)*1,"",IF(LEFT(D59,4)*1>LEFT('General inputs'!$I$16,4)+'General inputs'!$H$38-1,"",E59/(1+'General inputs'!$H$34)^C59)) | L59: =IF(LEFT(D59,4)*1>LEFT('General inputs'!$I$18,4)*1,"",SUMIF('Post-1996 commissioned assets'!$F$22:$F$218,$D59,'Post-1996 commissioned assets'!$P$22:$P$218)) -> 0 | M59: =IF(L59="","",L59/(1+'General inputs'!$H$32)^C59) -> 0 | N59: =IF(LEFT(D59,4)*1<LEFT('General inputs'!$I$18,4)*1+1,"",SUMIF('Uncommissioned assets'!$F$22:$F$1501,$D59,'Uncommissioned assets'!$P$22:$P$1501)) | O59: =IF(N59="","",N59/(1+'General inputs'!$H$32)^C59) | R59: =IF(OR(LEFT(D59,4)*1<LEFT('General inputs'!$I$16,4)*1,LEFT(D59,4)*1>LEFT('General inputs'!$I$16,4)+'General inputs'!$H$38-1),"",Q59/(1+'General inputs'!$H$34)^C59) | U59: =IF(OR(LEFT(D59,4)*1<LEFT('General inputs'!$I$16,4)*1,LEFT(D59,4)*1>LEFT('General inputs'!$I$16,4)+'General inputs'!$H$38-1),"",T59/(1+'General inputs'!$H$34)^C59)
C60: =IF(D60='General inputs'!$I$16,0,IF(D60<'General inputs'!$I$16,C61-1,C59+1)) -> -10 | D60: =LEFT(D59,4)+1&"-"&RIGHT(D59,2)+1 -> 2016-17 | E60: =IF(LEFT(D60,4)*1>LEFT('General inputs'!$I$16,4)+'General inputs'!$H$38-1,"",'ET inputs'!D33) -> 0 | F60: =IF(LEFT(D60,4)*1>LEFT('General inputs'!$I$16,4)+'General inputs'!$H$38-1,"",E60/(1+'General inputs'!$H$30)^C60) -> 0 | G60: =IF(LEFT(D60,4)*1>LEFT('General inputs'!$I$16,4)+'General inputs'!$H$38-1,"",E60/(1+'General inputs'!$H$32)^C60) -> 0 | H60: =IF(LEFT(D60,4)*1<LEFT('General inputs'!$I$16,4)*1,"",IF(LEFT(D60,4)*1>LEFT('General inputs'!$I$16,4)+'General inputs'!$H$38-1,"",E60/(1+'General inputs'!$H$34)^C60)) | L60: =IF(LEFT(D60,4)*1>LEFT('General inputs'!$I$18,4)*1,"",SUMIF('Post-1996 commissioned assets'!$F$22:$F$218,$D60,'Post-1996 commissioned assets'!$P$22:$P$218)) -> 0 | M60: =IF(L60="","",L60/(1+'General inputs'!$H$32)^C60) -> 0 | N60: =IF(LEFT(D60,4)*1<LEFT('General inputs'!$I$18,4)*1+1,"",SUMIF('Uncommissioned assets'!$F$22:$F$1501,$D60,'Uncommissioned assets'!$P$22:$P$1501)) | O60: =IF(N60="","",N60/(1+'General inputs'!$H$32)^C60) | R60: =IF(OR(LEFT(D60,4)*1<LEFT('General inputs'!$I$16,4)*1,LEFT(D60,4)*1>LEFT('General inputs'!$I$16,4)+'General inputs'!$H$38-1),"",Q60/(1+'General inputs'!$H$34)^C60) | U60: =IF(OR(LEFT(D60,4)*1<LEFT('General inputs'!$I$16,4)*1,LEFT(D60,4)*1>LEFT('General inputs'!$I$16,4)+'General inputs'!$H$38-1),"",T60/(1+'General inputs'!$H$34)^C60)
C61: =IF(D61='General inputs'!$I$16,0,IF(D61<'General inputs'!$I$16,C62-1,C60+1)) -> -9 | D61: =LEFT(D60,4)+1&"-"&RIGHT(D60,2)+1 -> 2017-18 | E61: =IF(LEFT(D61,4)*1>LEFT('General inputs'!$I$16,4)+'General inputs'!$H$38-1,"",'ET inputs'!D34) -> 0 | F61: =IF(LEFT(D61,4)*1>LEFT('General inputs'!$I$16,4)+'General inputs'!$H$38-1,"",E61/(1+'General inputs'!$H$30)^C61) -> 0 | G61: =IF(LEFT(D61,4)*1>LEFT('General inputs'!$I$16,4)+'General inputs'!$H$38-1,"",E61/(1+'General inputs'!$H$32)^C61) -> 0 | H61: =IF(LEFT(D61,4)*1<LEFT('General inputs'!$I$16,4)*1,"",IF(LEFT(D61,4)*1>LEFT('General inputs'!$I$16,4)+'General inputs'!$H$38-1,"",E61/(1+'General inputs'!$H$34)^C61)) | L61: =IF(LEFT(D61,4)*1>LEFT('General inputs'!$I$18,4)*1,"",SUMIF('Post-1996 commissioned assets'!$F$22:$F$218,$D61,'Post-1996 commissioned assets'!$P$22:$P$218)) -> 0 | M61: =IF(L61="","",L61/(1+'General inputs'!$H$32)^C61) -> 0 | N61: =IF(LEFT(D61,4)*1<LEFT('General inputs'!$I$18,4)*1+1,"",SUMIF('Uncommissioned assets'!$F$22:$F$1501,$D61,'Uncommissioned assets'!$P$22:$P$1501)) | O61: =IF(N61="","",N61/(1+'General inputs'!$H$32)^C61) | R61: =IF(OR(LEFT(D61,4)*1<LEFT('General inputs'!$I$16,4)*1,LEFT(D61,4)*1>LEFT('General inputs'!$I$16,4)+'General inputs'!$H$38-1),"",Q61/(1+'General inputs'!$H$34)^C61) | U61: =IF(OR(LEFT(D61,4)*1<LEFT('General inputs'!$I$16,4)*1,LEFT(D61,4)*1>LEFT('General inputs'!$I$16,4)+'General inputs'!$H$38-1),"",T61/(1+'General inputs'!$H$34)^C61)
C62: =IF(D62='General inputs'!$I$16,0,IF(D62<'General inputs'!$I$16,C63-1,C61+1)) -> -8 | D62: =LEFT(D61,4)+1&"-"&RIGHT(D61,2)+1 -> 2018-19 | E62: =IF(LEFT(D62,4)*1>LEFT('General inputs'!$I$16,4)+'General inputs'!$H$38-1,"",'ET inputs'!D35) -> 0 | F62: =IF(LEFT(D62,4)*1>LEFT('General inputs'!$I$16,4)+'General inputs'!$H$38-1,"",E62/(1+'General inputs'!$H$30)^C62) -> 0 | G62: =IF(LEFT(D62,4)*1>LEFT('General inputs'!$I$16,4)+'General inputs'!$H$38-1,"",E62/(1+'General inputs'!$H$32)^C62) -> 0 | H62: =IF(LEFT(D62,4)*1<LEFT('General inputs'!$I$16,4)*1,"",IF(LEFT(D62,4)*1>LEFT('General inputs'!$I$16,4)+'General inputs'!$H$38-1,"",E62/(1+'General inputs'!$H$34)^C62)) | L62: =IF(LEFT(D62,4)*1>LEFT('General inputs'!$I$18,4)*1,"",SUMIF('Post-1996 commissioned assets'!$F$22:$F$218,$D62,'Post-1996 commissioned assets'!$P$22:$P$218)) -> 0 | M62: =IF(L62="","",L62/(1+'General inputs'!$H$32)^C62) -> 0 | N62: =IF(LEFT(D62,4)*1<LEFT('General inputs'!$I$18,4)*1+1,"",SUMIF('Uncommissioned assets'!$F$22:$F$1501,$D62,'Uncommissioned assets'!$P$22:$P$1501)) | O62: =IF(N62="","",N62/(1+'General inputs'!$H$32)^C62) | R62: =IF(OR(LEFT(D62,4)*1<LEFT('General inputs'!$I$16,4)*1,LEFT(D62,4)*1>LEFT('General inputs'!$I$16,4)+'General inputs'!$H$38-1),"",Q62/(1+'General inputs'!$H$34)^C62) | U62: =IF(OR(LEFT(D62,4)*1<LEFT('General inputs'!$I$16,4)*1,LEFT(D62,4)*1>LEFT('General inputs'!$I$16,4)+'General inputs'!$H$38-1),"",T62/(1+'General inputs'!$H$34)^C62)
C63: =IF(D63='General inputs'!$I$16,0,IF(D63<'General inputs'!$I$16,C64-1,C62+1)) -> -7 | D63: =LEFT(D62,4)+1&"-"&RIGHT(D62,2)+1 -> 2019-20 | E63: =IF(LEFT(D63,4)*1>LEFT('General inputs'!$I$16,4)+'General inputs'!$H$38-1,"",'ET inputs'!D36) -> 0 | F63: =IF(LEFT(D63,4)*1>LEFT('General inputs'!$I$16,4)+'General inputs'!$H$38-1,"",E63/(1+'General inputs'!$H$30)^C63) -> 0 | G63: =IF(LEFT(D63,4)*1>LEFT('General inputs'!$I$16,4)+'General inputs'!$H$38-1,"",E63/(1+'General inputs'!$H$32)^C63) -> 0 | H63: =IF(LEFT(D63,4)*1<LEFT('General inputs'!$I$16,4)*1,"",IF(LEFT(D63,4)*1>LEFT('General inputs'!$I$16,4)+'General inputs'!$H$38-1,"",E63/(1+'General inputs'!$H$34)^C63)) | L63: =IF(LEFT(D63,4)*1>LEFT('General inputs'!$I$18,4)*1,"",SUMIF('Post-1996 commissioned assets'!$F$22:$F$218,$D63,'Post-1996 commissioned assets'!$P$22:$P$218)) -> 0 | M63: =IF(L63="","",L63/(1+'General inputs'!$H$32)^C63) -> 0 | N63: =IF(LEFT(D63,4)*1<LEFT('General inputs'!$I$18,4)*1+1,"",SUMIF('Uncommissioned assets'!$F$22:$F$1501,$D63,'Uncommissioned assets'!$P$22:$P$1501)) | O63: =IF(N63="","",N63/(1+'General inputs'!$H$32)^C63) | R63: =IF(OR(LEFT(D63,4)*1<LEFT('General inputs'!$I$16,4)*1,LEFT(D63,4)*1>LEFT('General inputs'!$I$16,4)+'General inputs'!$H$38-1),"",Q63/(1+'General inputs'!$H$34)^C63) | U63: =IF(OR(LEFT(D63,4)*1<LEFT('General inputs'!$I$16,4)*1,LEFT(D63,4)*1>LEFT('General inputs'!$I$16,4)+'General inputs'!$H$38-1),"",T63/(1+'General inputs'!$H$34)^C63)
C64: =IF(D64='General inputs'!$I$16,0,IF(D64<'General inputs'!$I$16,C65-1,C63+1)) -> -6 | D64: =LEFT(D63,4)+1&"-"&RIGHT(D63,2)+1 -> 2020-21 | E64: =IF(LEFT(D64,4)*1>LEFT('General inputs'!$I$16,4)+'General inputs'!$H$38-1,"",'ET inputs'!D37) -> 0 | F64: =IF(LEFT(D64,4)*1>LEFT('General inputs'!$I$16,4)+'General inputs'!$H$38-1,"",E64/(1+'General inputs'!$H$30)^C64) -> 0 | G64: =IF(LEFT(D64,4)*1>LEFT('General inputs'!$I$16,4)+'General inputs'!$H$38-1,"",E64/(1+'General inputs'!$H$32)^C64) -> 0 | H64: =IF(LEFT(D64,4)*1<LEFT('General inputs'!$I$16,4)*1,"",IF(LEFT(D64,4)*1>LEFT('General inputs'!$I$16,4)+'General inputs'!$H$38-1,"",E64/(1+'General inputs'!$H$34)^C64)) | L64: =IF(LEFT(D64,4)*1>LEFT('General inputs'!$I$18,4)*1,"",SUMIF('Post-1996 commissioned assets'!$F$22:$F$218,$D64,'Post-1996 commissioned assets'!$P$22:$P$218)) -> 0 | M64: =IF(L64="","",L64/(1+'General inputs'!$H$32)^C64) -> 0 | N64: =IF(LEFT(D64,4)*1<LEFT('General inputs'!$I$18,4)*1+1,"",SUMIF('Uncommissioned assets'!$F$22:$F$1501,$D64,'Uncommissioned assets'!$P$22:$P$1501)) | O64: =IF(N64="","",N64/(1+'General inputs'!$H$32)^C64) | R64: =IF(OR(LEFT(D64,4)*1<LEFT('General inputs'!$I$16,4)*1,LEFT(D64,4)*1>LEFT('General inputs'!$I$16,4)+'General inputs'!$H$38-1),"",Q64/(1+'General inputs'!$H$34)^C64) | U64: =IF(OR(LEFT(D64,4)*1<LEFT('General inputs'!$I$16,4)*1,LEFT(D64,4)*1>LEFT('General inputs'!$I$16,4)+'General inputs'!$H$38-1),"",T64/(1+'General inputs'!$H$34)^C64)
C65: =IF(D65='General inputs'!$I$16,0,IF(D65<'General inputs'!$I$16,C66-1,C64+1)) -> -5 | D65: =LEFT(D64,4)+1&"-"&RIGHT(D64,2)+1 -> 2021-22 | E65: =IF(LEFT(D65,4)*1>LEFT('General inputs'!$I$16,4)+'General inputs'!$H$38-1,"",'ET inputs'!D38) -> 0 | F65: =IF(LEFT(D65,4)*1>LEFT('General inputs'!$I$16,4)+'General inputs'!$H$38-1,"",E65/(1+'General inputs'!$H$30)^C65) -> 0 | G65: =IF(LEFT(D65,4)*1>LEFT('General inputs'!$I$16,4)+'General inputs'!$H$38-1,"",E65/(1+'General inputs'!$H$32)^C65) -> 0 | H65: =IF(LEFT(D65,4)*1<LEFT('General inputs'!$I$16,4)*1,"",IF(LEFT(D65,4)*1>LEFT('General inputs'!$I$16,4)+'General inputs'!$H$38-1,"",E65/(1+'General inputs'!$H$34)^C65)) | L65: =IF(LEFT(D65,4)*1>LEFT('General inputs'!$I$18,4)*1,"",SUMIF('Post-1996 commissioned assets'!$F$22:$F$218,$D65,'Post-1996 commissioned assets'!$P$22:$P$218)) -> 0 | M65: =IF(L65="","",L65/(1+'General inputs'!$H$32)^C65) -> 0 | N65: =IF(LEFT(D65,4)*1<LEFT('General inputs'!$I$18,4)*1+1,"",SUMIF('Uncommissioned assets'!$F$22:$F$1501,$D65,'Uncommissioned assets'!$P$22:$P$1501)) | O65: =IF(N65="","",N65/(1+'General inputs'!$H$32)^C65) | Q65: ='Reduction amount'!K38+'Reduction amount'!M38 -> 0 | R65: =IF(OR(LEFT(D65,4)*1<LEFT('General inputs'!$I$16,4)*1,LEFT(D65,4)*1>LEFT('General inputs'!$I$16,4)+'General inputs'!$H$38-1),"",Q65/(1+'General inputs'!$H$34)^C65) | T65: ='Reduction amount'!E38 -> 0 | U65: =T65/(1+'General inputs'!$H$34)^C65 -> 0
C66: =IF(D66='General inputs'!$I$16,0,IF(D66<'General inputs'!$I$16,C67-1,C65+1)) -> -4 | D66: =LEFT(D65,4)+1&"-"&RIGHT(D65,2)+1 -> 2022-23 | E66: =IF(LEFT(D66,4)*1>LEFT('General inputs'!$I$16,4)+'General inputs'!$H$38-1,"",'ET inputs'!D39) -> 0 | F66: =IF(LEFT(D66,4)*1>LEFT('General inputs'!$I$16,4)+'General inputs'!$H$38-1,"",E66/(1+'General inputs'!$H$30)^C66) -> 0 | G66: =IF(LEFT(D66,4)*1>LEFT('General inputs'!$I$16,4)+'General inputs'!$H$38-1,"",E66/(1+'General inputs'!$H$32)^C66) -> 0 | H66: =IF(LEFT(D66,4)*1<LEFT('General inputs'!$I$16,4)*1,"",IF(LEFT(D66,4)*1>LEFT('General inputs'!$I$16,4)+'General inputs'!$H$38-1,"",E66/(1+'General inputs'!$H$34)^C66)) | L66: =IF(LEFT(D66,4)*1>LEFT('General inputs'!$I$18,4)*1,"",SUMIF('Post-1996 commissioned assets'!$F$22:$F$218,$D66,'Post-1996 commissioned assets'!$P$22:$P$218)) -> 0 | M66: =IF(L66="","",L66/(1+'General inputs'!$H$32)^C66) -> 0 | N66: =IF(LEFT(D66,4)*1<LEFT('General inputs'!$I$18,4)*1+1,"",SUMIF('Uncommissioned assets'!$F$22:$F$1501,$D66,'Uncommissioned assets'!$P$22:$P$1501)) | O66: =IF(N66="","",N66/(1+'General inputs'!$H$32)^C66) | Q66: ='Reduction amount'!K39+'Reduction amount'!M39 -> 0 | R66: =IF(OR(LEFT(D66,4)*1<LEFT('General inputs'!$I$16,4)*1,LEFT(D66,4)*1>LEFT('General inputs'!$I$16,4)+'General inputs'!$H$38-1),"",Q66/(1+'General inputs'!$H$34)^C66) | T66: ='Reduction amount'!E39 -> 0 | U66: =T66/(1+'General inputs'!$H$34)^C66 -> 0
C67: =IF(D67='General inputs'!$I$16,0,IF(D67<'General inputs'!$I$16,C68-1,C66+1)) -> -3 | D67: =LEFT(D66,4)+1&"-"&RIGHT(D66,2)+1 -> 2023-24 | E67: =IF(LEFT(D67,4)*1>LEFT('General inputs'!$I$16,4)+'General inputs'!$H$38-1,"",'ET inputs'!D40) -> 0 | F67: =IF(LEFT(D67,4)*1>LEFT('General inputs'!$I$16,4)+'General inputs'!$H$38-1,"",E67/(1+'General inputs'!$H$30)^C67) -> 0 | G67: =IF(LEFT(D67,4)*1>LEFT('General inputs'!$I$16,4)+'General inputs'!$H$38-1,"",E67/(1+'General inputs'!$H$32)^C67) -> 0 | H67: =IF(LEFT(D67,4)*1<LEFT('General inputs'!$I$16,4)*1,"",IF(LEFT(D67,4)*1>LEFT('General inputs'!$I$16,4)+'General inputs'!$H$38-1,"",E67/(1+'General inputs'!$H$34)^C67)) | L67: =IF(LEFT(D67,4)*1>LEFT('General inputs'!$I$18,4)*1,"",SUMIF('Post-1996 commissioned assets'!$F$22:$F$218,$D67,'Post-1996 commissioned assets'!$P$22:$P$218)) -> 0 | M67: =IF(L67="","",L67/(1+'General inputs'!$H$32)^C67) -> 0 | N67: =IF(LEFT(D67,4)*1<LEFT('General inputs'!$I$18,4)*1+1,"",SUMIF('Uncommissioned assets'!$F$22:$F$1501,$D67,'Uncommissioned assets'!$P$22:$P$1501)) | O67: =IF(N67="","",N67/(1+'General inputs'!$H$32)^C67) | Q67: ='Reduction amount'!K40+'Reduction amount'!M40 -> 0 | R67: =IF(OR(LEFT(D67,4)*1<LEFT('General inputs'!$I$16,4)*1,LEFT(D67,4)*1>LEFT('General inputs'!$I$16,4)+'General inputs'!$H$38-1),"",Q67/(1+'General inputs'!$H$34)^C67) | T67: ='Reduction amount'!E40 -> 0 | U67: =T67/(1+'General inputs'!$H$34)^C67 -> 0
C68: =IF(D68='General inputs'!$I$16,0,IF(D68<'General inputs'!$I$16,C69-1,C67+1)) -> -2 | D68: =LEFT(D67,4)+1&"-"&RIGHT(D67,2)+1 -> 2024-25 | E68: =IF(LEFT(D68,4)*1>LEFT('General inputs'!$I$16,4)+'General inputs'!$H$38-1,"",'ET inputs'!D41) -> 0 | F68: =IF(LEFT(D68,4)*1>LEFT('General inputs'!$I$16,4)+'General inputs'!$H$38-1,"",E68/(1+'General inputs'!$H$30)^C68) -> 0 | G68: =IF(LEFT(D68,4)*1>LEFT('General inputs'!$I$16,4)+'General inputs'!$H$38-1,"",E68/(1+'General inputs'!$H$32)^C68) -> 0 | H68: =IF(LEFT(D68,4)*1<LEFT('General inputs'!$I$16,4)*1,"",IF(LEFT(D68,4)*1>LEFT('General inputs'!$I$16,4)+'General inputs'!$H$38-1,"",E68/(1+'General inputs'!$H$34)^C68)) | L68: =IF(LEFT(D68,4)*1>LEFT('General inputs'!$I$18,4)*1,"",SUMIF('Post-1996 commissioned assets'!$F$22:$F$218,$D68,'Post-1996 commissioned assets'!$P$22:$P$218)) -> 0 | M68: =IF(L68="","",L68/(1+'General inputs'!$H$32)^C68) -> 0 | N68: =IF(LEFT(D68,4)*1<LEFT('General inputs'!$I$18,4)*1+1,"",SUMIF('Uncommissioned assets'!$F$22:$F$1501,$D68,'Uncommissioned assets'!$P$22:$P$1501)) | O68: =IF(N68="","",N68/(1+'General inputs'!$H$32)^C68) | Q68: ='Reduction amount'!K41+'Reduction amount'!M41 -> 0 | R68: =IF(OR(LEFT(D68,4)*1<LEFT('General inputs'!$I$16,4)*1,LEFT(D68,4)*1>LEFT('General inputs'!$I$16,4)+'General inputs'!$H$38-1),"",Q68/(1+'General inputs'!$H$34)^C68) | T68: ='Reduction amount'!E41 -> 0 | U68: =T68/(1+'General inputs'!$H$34)^C68 -> 0
C69: =IF(D69='General inputs'!$I$16,0,IF(D69<'General inputs'!$I$16,C70-1,C68+1)) -> -1 | D69: =LEFT(D68,4)+1&"-"&RIGHT(D68,2)+1 -> 2025-26 | E69: =IF(LEFT(D69,4)*1>LEFT('General inputs'!$I$16,4)+'General inputs'!$H$38-1,"",'ET inputs'!D42) -> 0 | F69: =IF(LEFT(D69,4)*1>LEFT('General inputs'!$I$16,4)+'General inputs'!$H$38-1,"",E69/(1+'General inputs'!$H$30)^C69) -> 0 | G69: =IF(LEFT(D69,4)*1>LEFT('General inputs'!$I$16,4)+'General inputs'!$H$38-1,"",E69/(1+'General inputs'!$H$32)^C69) -> 0 | H69: =IF(LEFT(D69,4)*1<LEFT('General inputs'!$I$16,4)*1,"",IF(LEFT(D69,4)*1>LEFT('General inputs'!$I$16,4)+'General inputs'!$H$38-1,"",E69/(1+'General inputs'!$H$34)^C69)) | L69: =IF(LEFT(D69,4)*1>LEFT('General inputs'!$I$18,4)*1,"",SUMIF('Post-1996 commissioned assets'!$F$22:$F$218,$D69,'Post-1996 commissioned assets'!$P$22:$P$218)) -> 0 | M69: =IF(L69="","",L69/(1+'General inputs'!$H$32)^C69) -> 0 | N69: =IF(LEFT(D69,4)*1<LEFT('General inputs'!$I$18,4)*1+1,"",SUMIF('Uncommissioned assets'!$F$22:$F$1501,$D69,'Uncommissioned assets'!$P$22:$P$1501)) | O69: =IF(N69="","",N69/(1+'General inputs'!$H$32)^C69) | Q69: ='Reduction amount'!K42+'Reduction amount'!M42 -> 0 | R69: =IF(OR(LEFT(D69,4)*1<LEFT('General inputs'!$I$16,4)*1,LEFT(D69,4)*1>LEFT('General inputs'!$I$16,4)+'General inputs'!$H$38-1),"",Q69/(1+'General inputs'!$H$34)^C69) | T69: ='Reduction amount'!E42 -> 0 | U69: =T69/(1+'General inputs'!$H$34)^C69 -> 0
C70: =IF(D70='General inputs'!$I$16,0,IF(D70<'General inputs'!$I$16,C71-1,C69+1)) -> 0 | D70: =LEFT(D69,4)+1&"-"&RIGHT(D69,2)+1 -> 2026-27 | E70: =IF(LEFT(D70,4)*1>LEFT('General inputs'!$I$16,4)+'General inputs'!$H$38-1,"",'ET inputs'!D43) -> 774.02592 | F70: =IF(LEFT(D70,4)*1>LEFT('General inputs'!$I$16,4)+'General inputs'!$H$38-1,"",E70/(1+'General inputs'!$H$30)^C70) -> 774.02592 | G70: =IF(LEFT(D70,4)*1>LEFT('General inputs'!$I$16,4)+'General inputs'!$H$38-1,"",E70/(1+'General inputs'!$H$32)^C70) -> 774.02592 | H70: =IF(LEFT(D70,4)*1<LEFT('General inputs'!$I$16,4)*1,"",IF(LEFT(D70,4)*1>LEFT('General inputs'!$I$16,4)+'General inputs'!$H$38-1,"",E70/(1+'General inputs'!$H$34)^C70)) -> 774.02592 | L70: =IF(LEFT(D70,4)*1>LEFT('General inputs'!$I$18,4)*1,"",SUMIF('Post-1996 commissioned assets'!$F$22:$F$218,$D70,'Post-1996 commissioned assets'!$P$22:$P$218)) | M70: =IF(L70="","",L70/(1+'General inputs'!$H$32)^C70) | N70: =IF(LEFT(D70,4)*1<LEFT('General inputs'!$I$18,4)*1+1,"",SUMIF('Uncommissioned assets'!$F$22:$F$1501,$D70,'Uncommissioned assets'!$P$22:$P$1501)) -> 49035240 | O70: =IF(N70="","",N70/(1+'General inputs'!$H$32)^C70) -> 49035240 | Q70: ='Reduction amount'!K43+'Reduction amount'!M43 -> 0 | R70: =IF(OR(LEFT(D70,4)*1<LEFT('General inputs'!$I$16,4)*1,LEFT(D70,4)*1>LEFT('General inputs'!$I$16,4)+'General inputs'!$H$38-1),"",Q70/(1+'General inputs'!$H$34)^C70) -> 0 | T70: ='Reduction amount'!E43 -> 1415277 | U70: =IF(OR(LEFT(D70,4)*1<LEFT('General inputs'!$I$16,4)*1,LEFT(D70,4)*1>LEFT('General inputs'!$I$16,4)+'General inputs'!$H$38-1),"",T70/(1+'General inputs'!$H$34)^C70) -> 1415277
C71: =IF(D71='General inputs'!$I$16,0,IF(D71<'General inputs'!$I$16,C72-1,C70+1)) -> 1 | D71: =LEFT(D70,4)+1&"-"&RIGHT(D70,2)+1 -> 2027-28 | E71: =IF(LEFT(D71,4)*1>LEFT('General inputs'!$I$16,4)+'General inputs'!$H$38-1,"",'ET inputs'!D44) -> 1713.4497 | F71: =IF(LEFT(D71,4)*1>LEFT('General inputs'!$I$16,4)+'General inputs'!$H$38-1,"",E71/(1+'General inputs'!$H$30)^C71) -> 1663.5434 | G71: =IF(LEFT(D71,4)*1>LEFT('General inputs'!$I$16,4)+'General inputs'!$H$38-1,"",E71/(1+'General inputs'!$H$32)^C71) -> 1645.9652 | H71: =IF(LEFT(D71,4)*1<LEFT('General inputs'!$I$16,4)*1,"",IF(LEFT(D71,4)*1>LEFT('General inputs'!$I$16,4)+'General inputs'!$H$38-1,"",E71/(1+'General inputs'!$H$34)^C71)) -> 1645.9652 | L71: =IF(LEFT(D71,4)*1>LEFT('General inputs'!$I$18,4)*1,"",SUMIF('Post-1996 commissioned assets'!$F$22:$F$218,$D71,'Post-1996 commissioned assets'!$P$22:$P$218)) | M71: =IF(L71="","",L71/(1+'General inputs'!$H$32)^C71) | N71: =IF(LEFT(D71,4)*1<LEFT('General inputs'!$I$18,4)*1+1,"",SUMIF('Uncommissioned assets'!$F$22:$F$1501,$D71,'Uncommissioned assets'!$P$22:$P$1501)) -> 1.2672658e+08 | O71: =IF(N71="","",N71/(1+'General inputs'!$H$32)^C71) -> 1.2173543e+08 | Q71: ='Reduction amount'!K44+'Reduction amount'!M44 -> 3523321.2 | R71: =IF(OR(LEFT(D71,4)*1<LEFT('General inputs'!$I$16,4)*1,LEFT(D71,4)*1>LEFT('General inputs'!$I$16,4)+'General inputs'!$H$38-1),"",Q71/(1+'General inputs'!$H$34)^C71) -> 3384554.5 | T71: ='Reduction amount'!E44 -> 7750625.9 | U71: =IF(OR(LEFT(D71,4)*1<LEFT('General inputs'!$I$16,4)*1,LEFT(D71,4)*1>LEFT('General inputs'!$I$16,4)+'General inputs'!$H$38-1),"",T71/(1+'General inputs'!$H$34)^C71) -> 7445365.9
C72: =IF(D72='General inputs'!$I$16,0,IF(D72<'General inputs'!$I$16,C73-1,C71+1)) -> 2 | D72: =LEFT(D71,4)+1&"-"&RIGHT(D71,2)+1 -> 2028-29 | E72: =IF(LEFT(D72,4)*1>LEFT('General inputs'!$I$16,4)+'General inputs'!$H$38-1,"",'ET inputs'!D45) -> 2173.2101 | F72: =IF(LEFT(D72,4)*1>LEFT('General inputs'!$I$16,4)+'General inputs'!$H$38-1,"",E72/(1+'General inputs'!$H$30)^C72) -> 2048.459 | G72: =IF(LEFT(D72,4)*1>LEFT('General inputs'!$I$16,4)+'General inputs'!$H$38-1,"",E72/(1+'General inputs'!$H$32)^C72) -> 2005.3966 | H72: =IF(LEFT(D72,4)*1<LEFT('General inputs'!$I$16,4)*1,"",IF(LEFT(D72,4)*1>LEFT('General inputs'!$I$16,4)+'General inputs'!$H$38-1,"",E72/(1+'General inputs'!$H$34)^C72)) -> 2005.3966 | L72: =IF(LEFT(D72,4)*1>LEFT('General inputs'!$I$18,4)*1,"",SUMIF('Post-1996 commissioned assets'!$F$22:$F$218,$D72,'Post-1996 commissioned assets'!$P$22:$P$218)) | M72: =IF(L72="","",L72/(1+'General inputs'!$H$32)^C72) | N72: =IF(LEFT(D72,4)*1<LEFT('General inputs'!$I$18,4)*1+1,"",SUMIF('Uncommissioned assets'!$F$22:$F$1501,$D72,'Uncommissioned assets'!$P$22:$P$1501)) -> 1.5780441e+08 | O72: =IF(N72="","",N72/(1+'General inputs'!$H$32)^C72) -> 1.4561887e+08 | Q72: ='Reduction amount'!K45+'Reduction amount'!M45 -> 4983764.7 | R72: =IF(OR(LEFT(D72,4)*1<LEFT('General inputs'!$I$16,4)*1,LEFT(D72,4)*1>LEFT('General inputs'!$I$16,4)+'General inputs'!$H$38-1),"",Q72/(1+'General inputs'!$H$34)^C72) -> 4598922.3 | T72: ='Reduction amount'!E45 -> 11378854 | U72: =IF(OR(LEFT(D72,4)*1<LEFT('General inputs'!$I$16,4)*1,LEFT(D72,4)*1>LEFT('General inputs'!$I$16,4)+'General inputs'!$H$38-1),"",T72/(1+'General inputs'!$H$34)^C72) -> 10500187
C73: =IF(D73='General inputs'!$I$16,0,IF(D73<'General inputs'!$I$16,C74-1,C72+1)) -> 3 | D73: =LEFT(D72,4)+1&"-"&RIGHT(D72,2)+1 -> 2029-30 | E73: =IF(LEFT(D73,4)*1>LEFT('General inputs'!$I$16,4)+'General inputs'!$H$38-1,"",'ET inputs'!D46) -> 992.75892 | F73: =IF(LEFT(D73,4)*1>LEFT('General inputs'!$I$16,4)+'General inputs'!$H$38-1,"",E73/(1+'General inputs'!$H$30)^C73) -> 908.51504 | G73: =IF(LEFT(D73,4)*1>LEFT('General inputs'!$I$16,4)+'General inputs'!$H$38-1,"",E73/(1+'General inputs'!$H$32)^C73) -> 880.01811 | H73: =IF(LEFT(D73,4)*1<LEFT('General inputs'!$I$16,4)*1,"",IF(LEFT(D73,4)*1>LEFT('General inputs'!$I$16,4)+'General inputs'!$H$38-1,"",E73/(1+'General inputs'!$H$34)^C73)) -> 880.01811 | L73: =IF(LEFT(D73,4)*1>LEFT('General inputs'!$I$18,4)*1,"",SUMIF('Post-1996 commissioned assets'!$F$22:$F$218,$D73,'Post-1996 commissioned assets'!$P$22:$P$218)) | M73: =IF(L73="","",L73/(1+'General inputs'!$H$32)^C73) | N73: =IF(LEFT(D73,4)*1<LEFT('General inputs'!$I$18,4)*1+1,"",SUMIF('Uncommissioned assets'!$F$22:$F$1501,$D73,'Uncommissioned assets'!$P$22:$P$1501)) -> 1.4234297e+08 | O73: =IF(N73="","",N73/(1+'General inputs'!$H$32)^C73) -> 1.2617806e+08 | Q73: ='Reduction amount'!K46+'Reduction amount'!M46 -> 6566734.3 | R73: =IF(OR(LEFT(D73,4)*1<LEFT('General inputs'!$I$16,4)*1,LEFT(D73,4)*1>LEFT('General inputs'!$I$16,4)+'General inputs'!$H$38-1),"",Q73/(1+'General inputs'!$H$34)^C73) -> 5820995.4 | T73: ='Reduction amount'!E46 -> 11437414 | U73: =IF(OR(LEFT(D73,4)*1<LEFT('General inputs'!$I$16,4)*1,LEFT(D73,4)*1>LEFT('General inputs'!$I$16,4)+'General inputs'!$H$38-1),"",T73/(1+'General inputs'!$H$34)^C73) -> 10138545
C74: =IF(D74='General inputs'!$I$16,0,IF(D74<'General inputs'!$I$16,C75-1,C73+1)) -> 4 | D74: =LEFT(D73,4)+1&"-"&RIGHT(D73,2)+1 -> 2030-31 | E74: =IF(LEFT(D74,4)*1>LEFT('General inputs'!$I$16,4)+'General inputs'!$H$38-1,"",'ET inputs'!D47) -> 777.27481 | F74: =IF(LEFT(D74,4)*1>LEFT('General inputs'!$I$16,4)+'General inputs'!$H$38-1,"",E74/(1+'General inputs'!$H$30)^C74) -> 690.5986 | G74: =IF(LEFT(D74,4)*1>LEFT('General inputs'!$I$16,4)+'General inputs'!$H$38-1,"",E74/(1+'General inputs'!$H$32)^C74) -> 661.86844 | H74: =IF(LEFT(D74,4)*1<LEFT('General inputs'!$I$16,4)*1,"",IF(LEFT(D74,4)*1>LEFT('General inputs'!$I$16,4)+'General inputs'!$H$38-1,"",E74/(1+'General inputs'!$H$34)^C74)) -> 661.86844 | L74: =IF(LEFT(D74,4)*1>LEFT('General inputs'!$I$18,4)*1,"",SUMIF('Post-1996 commissioned assets'!$F$22:$F$218,$D74,'Post-1996 commissioned assets'!$P$22:$P$218)) | M74: =IF(L74="","",L74/(1+'General inputs'!$H$32)^C74) | N74: =IF(LEFT(D74,4)*1<LEFT('General inputs'!$I$18,4)*1+1,"",SUMIF('Uncommissioned assets'!$F$22:$F$1501,$D74,'Uncommissioned assets'!$P$22:$P$1501)) -> 3.7282156e+08 | O74: =IF(N74="","",N74/(1+'General inputs'!$H$32)^C74) -> 3.1746665e+08 | Q74: ='Reduction amount'!K47+'Reduction amount'!M47 -> 8078627.2 | R74: =IF(OR(LEFT(D74,4)*1<LEFT('General inputs'!$I$16,4)*1,LEFT(D74,4)*1>LEFT('General inputs'!$I$16,4)+'General inputs'!$H$38-1),"",Q74/(1+'General inputs'!$H$34)^C74) -> 6879147.9 | T74: ='Reduction amount'!E47 -> 23269435 | U74: =IF(OR(LEFT(D74,4)*1<LEFT('General inputs'!$I$16,4)*1,LEFT(D74,4)*1>LEFT('General inputs'!$I$16,4)+'General inputs'!$H$38-1),"",T74/(1+'General inputs'!$H$34)^C74) -> 19814491
C75: =IF(D75='General inputs'!$I$16,0,IF(D75<'General inputs'!$I$16,C76-1,C74+1)) -> 5 | D75: =LEFT(D74,4)+1&"-"&RIGHT(D74,2)+1 -> 2031-32 | E75: =IF(LEFT(D75,4)*1>LEFT('General inputs'!$I$16,4)+'General inputs'!$H$38-1,"",'ET inputs'!D48) -> 1468.5923 | F75: =IF(LEFT(D75,4)*1>LEFT('General inputs'!$I$16,4)+'General inputs'!$H$38-1,"",E75/(1+'General inputs'!$H$30)^C75) -> 1266.8206 | G75: =IF(LEFT(D75,4)*1>LEFT('General inputs'!$I$16,4)+'General inputs'!$H$38-1,"",E75/(1+'General inputs'!$H$32)^C75) -> 1201.2892 | H75: =IF(LEFT(D75,4)*1<LEFT('General inputs'!$I$16,4)*1,"",IF(LEFT(D75,4)*1>LEFT('General inputs'!$I$16,4)+'General inputs'!$H$38-1,"",E75/(1+'General inputs'!$H$34)^C75)) -> 1201.2892 | L75: =IF(LEFT(D75,4)*1>LEFT('General inputs'!$I$18,4)*1,"",SUMIF('Post-1996 commissioned assets'!$F$22:$F$218,$D75,'Post-1996 commissioned assets'!$P$22:$P$218)) | M75: =IF(L75="","",L75/(1+'General inputs'!$H$32)^C75) | N75: =IF(LEFT(D75,4)*1<LEFT('General inputs'!$I$18,4)*1+1,"",SUMIF('Uncommissioned assets'!$F$22:$F$1501,$D75,'Uncommissioned assets'!$P$22:$P$1501)) -> 2.1289306e+08 | O75: =IF(N75="","",N75/(1+'General inputs'!$H$32)^C75) -> 1.7414373e+08 | Q75: ='Reduction amount'!K48+'Reduction amount'!M48 -> 9404956 | R75: =IF(OR(LEFT(D75,4)*1<LEFT('General inputs'!$I$16,4)*1,LEFT(D75,4)*1>LEFT('General inputs'!$I$16,4)+'General inputs'!$H$38-1),"",Q75/(1+'General inputs'!$H$34)^C75) -> 7693130.9 | T75: ='Reduction amount'!E48 -> 17924857 | U75: =IF(OR(LEFT(D75,4)*1<LEFT('General inputs'!$I$16,4)*1,LEFT(D75,4)*1>LEFT('General inputs'!$I$16,4)+'General inputs'!$H$38-1),"",T75/(1+'General inputs'!$H$34)^C75) -> 14662298
C76: =IF(D76='General inputs'!$I$16,0,IF(D76<'General inputs'!$I$16,C77-1,C75+1)) -> 6 | D76: =LEFT(D75,4)+1&"-"&RIGHT(D75,2)+1 -> 2032-33 | E76: =IF(LEFT(D76,4)*1>LEFT('General inputs'!$I$16,4)+'General inputs'!$H$38-1,"",'ET inputs'!D49) -> 2985.3081 | F76: =IF(LEFT(D76,4)*1>LEFT('General inputs'!$I$16,4)+'General inputs'!$H$38-1,"",E76/(1+'General inputs'!$H$30)^C76) -> 2500.1485 | G76: =IF(LEFT(D76,4)*1>LEFT('General inputs'!$I$16,4)+'General inputs'!$H$38-1,"",E76/(1+'General inputs'!$H$32)^C76) -> 2345.7665 | H76: =IF(LEFT(D76,4)*1<LEFT('General inputs'!$I$16,4)*1,"",IF(LEFT(D76,4)*1>LEFT('General inputs'!$I$16,4)+'General inputs'!$H$38-1,"",E76/(1+'General inputs'!$H$34)^C76)) -> 2345.7665 | L76: =IF(LEFT(D76,4)*1>LEFT('General inputs'!$I$18,4)*1,"",SUMIF('Post-1996 commissioned assets'!$F$22:$F$218,$D76,'Post-1996 commissioned assets'!$P$22:$P$218)) | M76: =IF(L76="","",L76/(1+'General inputs'!$H$32)^C76) | N76: =IF(LEFT(D76,4)*1<LEFT('General inputs'!$I$18,4)*1+1,"",SUMIF('Uncommissioned assets'!$F$22:$F$1501,$D76,'Uncommissioned assets'!$P$22:$P$1501)) -> 1.4381784e+08 | O76: =IF(N76="","",N76/(1+'General inputs'!$H$32)^C76) -> 1.1300779e+08 | Q76: ='Reduction amount'!K49+'Reduction amount'!M49 -> 11327394 | R76: =IF(OR(LEFT(D76,4)*1<LEFT('General inputs'!$I$16,4)*1,LEFT(D76,4)*1>LEFT('General inputs'!$I$16,4)+'General inputs'!$H$38-1),"",Q76/(1+'General inputs'!$H$34)^C76) -> 8900730.2 | T76: ='Reduction amount'!E49 -> 19942620 | U76: =IF(OR(LEFT(D76,4)*1<LEFT('General inputs'!$I$16,4)*1,LEFT(D76,4)*1>LEFT('General inputs'!$I$16,4)+'General inputs'!$H$38-1),"",T76/(1+'General inputs'!$H$34)^C76) -> 15670319
C77: =IF(D77='General inputs'!$I$16,0,IF(D77<'General inputs'!$I$16,C78-1,C76+1)) -> 7 | D77: =LEFT(D76,4)+1&"-"&RIGHT(D76,2)+1 -> 2033-34 | E77: =IF(LEFT(D77,4)*1>LEFT('General inputs'!$I$16,4)+'General inputs'!$H$38-1,"",'ET inputs'!D50) -> 574.94822 | F77: =IF(LEFT(D77,4)*1>LEFT('General inputs'!$I$16,4)+'General inputs'!$H$38-1,"",E77/(1+'General inputs'!$H$30)^C77) -> 467.48552 | G77: =IF(LEFT(D77,4)*1>LEFT('General inputs'!$I$16,4)+'General inputs'!$H$38-1,"",E77/(1+'General inputs'!$H$32)^C77) -> 433.98391 | H77: =IF(LEFT(D77,4)*1<LEFT('General inputs'!$I$16,4)*1,"",IF(LEFT(D77,4)*1>LEFT('General inputs'!$I$16,4)+'General inputs'!$H$38-1,"",E77/(1+'General inputs'!$H$34)^C77)) -> 433.98391 | L77: =IF(LEFT(D77,4)*1>LEFT('General inputs'!$I$18,4)*1,"",SUMIF('Post-1996 commissioned assets'!$F$22:$F$218,$D77,'Post-1996 commissioned assets'!$P$22:$P$218)) | M77: =IF(L77="","",L77/(1+'General inputs'!$H$32)^C77) | N77: =IF(LEFT(D77,4)*1<LEFT('General inputs'!$I$18,4)*1+1,"",SUMIF('Uncommissioned assets'!$F$22:$F$1501,$D77,'Uncommissioned assets'!$P$22:$P$1501)) -> 2.5891332e+08 | O77: =IF(N77="","",N77/(1+'General inputs'!$H$32)^C77) -> 1.9543362e+08 | Q77: ='Reduction amount'!K50+'Reduction amount'!M50 -> 13428858 | R77: =IF(OR(LEFT(D77,4)*1<LEFT('General inputs'!$I$16,4)*1,LEFT(D77,4)*1>LEFT('General inputs'!$I$16,4)+'General inputs'!$H$38-1),"",Q77/(1+'General inputs'!$H$34)^C77) -> 10136406 | T77: ='Reduction amount'!E50 -> 23190633 | U77: =IF(OR(LEFT(D77,4)*1<LEFT('General inputs'!$I$16,4)*1,LEFT(D77,4)*1>LEFT('General inputs'!$I$16,4)+'General inputs'!$H$38-1),"",T77/(1+'General inputs'!$H$34)^C77) -> 17504814
C78: =IF(D78='General inputs'!$I$16,0,IF(D78<'General inputs'!$I$16,C79-1,C77+1)) -> 8 | D78: =LEFT(D77,4)+1&"-"&RIGHT(D77,2)+1 -> 2034-35 | E78: =IF(LEFT(D78,4)*1>LEFT('General inputs'!$I$16,4)+'General inputs'!$H$38-1,"",'ET inputs'!D51) -> 1799.2356 | F78: =IF(LEFT(D78,4)*1>LEFT('General inputs'!$I$16,4)+'General inputs'!$H$38-1,"",E78/(1+'General inputs'!$H$30)^C78) -> 1420.3332 | G78: =IF(LEFT(D78,4)*1>LEFT('General inputs'!$I$16,4)+'General inputs'!$H$38-1,"",E78/(1+'General inputs'!$H$32)^C78) -> 1304.6145 | H78: =IF(LEFT(D78,4)*1<LEFT('General inputs'!$I$16,4)*1,"",IF(LEFT(D78,4)*1>LEFT('General inputs'!$I$16,4)+'General inputs'!$H$38-1,"",E78/(1+'General inputs'!$H$34)^C78)) -> 1304.6145 | L78: =IF(LEFT(D78,4)*1>LEFT('General inputs'!$I$18,4)*1,"",SUMIF('Post-1996 commissioned assets'!$F$22:$F$218,$D78,'Post-1996 commissioned assets'!$P$22:$P$218)) | M78: =IF(L78="","",L78/(1+'General inputs'!$H$32)^C78) | N78: =IF(LEFT(D78,4)*1<LEFT('General inputs'!$I$18,4)*1+1,"",SUMIF('Uncommissioned assets'!$F$22:$F$1501,$D78,'Uncommissioned assets'!$P$22:$P$1501)) -> 97933266 | O78: =IF(N78="","",N78/(1+'General inputs'!$H$32)^C78) -> 71010799 | Q78: ='Reduction amount'!K51+'Reduction amount'!M51 -> 15245815 | R78: =IF(OR(LEFT(D78,4)*1<LEFT('General inputs'!$I$16,4)*1,LEFT(D78,4)*1>LEFT('General inputs'!$I$16,4)+'General inputs'!$H$38-1),"",Q78/(1+'General inputs'!$H$34)^C78) -> 11054645 | T78: ='Reduction amount'!E51 -> 24754913 | U78: =IF(OR(LEFT(D78,4)*1<LEFT('General inputs'!$I$16,4)*1,LEFT(D78,4)*1>LEFT('General inputs'!$I$16,4)+'General inputs'!$H$38-1),"",T78/(1+'General inputs'!$H$34)^C78) -> 17949633
C79: =IF(D79='General inputs'!$I$16,0,IF(D79<'General inputs'!$I$16,C80-1,C78+1)) -> 9 | D79: =LEFT(D78,4)+1&"-"&RIGHT(D78,2)+1 -> 2035-36 | E79: =IF(LEFT(D79,4)*1>LEFT('General inputs'!$I$16,4)+'General inputs'!$H$38-1,"",'ET inputs'!D52) -> 943.25388 | F79: =IF(LEFT(D79,4)*1>LEFT('General inputs'!$I$16,4)+'General inputs'!$H$38-1,"",E79/(1+'General inputs'!$H$30)^C79) -> 722.92556 | G79: =IF(LEFT(D79,4)*1>LEFT('General inputs'!$I$16,4)+'General inputs'!$H$38-1,"",E79/(1+'General inputs'!$H$32)^C79) -> 657.01008 | H79: =IF(LEFT(D79,4)*1<LEFT('General inputs'!$I$16,4)*1,"",IF(LEFT(D79,4)*1>LEFT('General inputs'!$I$16,4)+'General inputs'!$H$38-1,"",E79/(1+'General inputs'!$H$34)^C79)) -> 657.01008 | L79: =IF(LEFT(D79,4)*1>LEFT('General inputs'!$I$18,4)*1,"",SUMIF('Post-1996 commissioned assets'!$F$22:$F$218,$D79,'Post-1996 commissioned assets'!$P$22:$P$218)) | M79: =IF(L79="","",L79/(1+'General inputs'!$H$32)^C79) | N79: =IF(LEFT(D79,4)*1<LEFT('General inputs'!$I$18,4)*1+1,"",SUMIF('Uncommissioned assets'!$F$22:$F$1501,$D79,'Uncommissioned assets'!$P$22:$P$1501)) -> 1.3470861e+08 | O79: =IF(N79="","",N79/(1+'General inputs'!$H$32)^C79) -> 93829366 | Q79: ='Reduction amount'!K52+'Reduction amount'!M52 -> 17207281 | R79: =IF(OR(LEFT(D79,4)*1<LEFT('General inputs'!$I$16,4)*1,LEFT(D79,4)*1>LEFT('General inputs'!$I$16,4)+'General inputs'!$H$38-1),"",Q79/(1+'General inputs'!$H$34)^C79) -> 11985487 | T79: ='Reduction amount'!E52 -> 27114413 | U79: =IF(OR(LEFT(D79,4)*1<LEFT('General inputs'!$I$16,4)*1,LEFT(D79,4)*1>LEFT('General inputs'!$I$16,4)+'General inputs'!$H$38-1),"",T79/(1+'General inputs'!$H$34)^C79) -> 18886159
C80: =IF(D80='General inputs'!$I$16,0,IF(D80<'General inputs'!$I$16,C81-1,C79+1)) -> 10 | D80: =LEFT(D79,4)+1&"-"&RIGHT(D79,2)+1 -> 2036-37 | E80: =IF(LEFT(D80,4)*1>LEFT('General inputs'!$I$16,4)+'General inputs'!$H$38-1,"",'ET inputs'!D53) -> 1584.2946 | F80: =IF(LEFT(D80,4)*1>LEFT('General inputs'!$I$16,4)+'General inputs'!$H$38-1,"",E80/(1+'General inputs'!$H$30)^C80) -> 1178.8639 | G80: =IF(LEFT(D80,4)*1>LEFT('General inputs'!$I$16,4)+'General inputs'!$H$38-1,"",E80/(1+'General inputs'!$H$32)^C80) -> 1060.0556 | H80: =IF(LEFT(D80,4)*1<LEFT('General inputs'!$I$16,4)*1,"",IF(LEFT(D80,4)*1>LEFT('General inputs'!$I$16,4)+'General inputs'!$H$38-1,"",E80/(1+'General inputs'!$H$34)^C80)) -> 1060.0556 | L80: =IF(LEFT(D80,4)*1>LEFT('General inputs'!$I$18,4)*1,"",SUMIF('Post-1996 commissioned assets'!$F$22:$F$218,$D80,'Post-1996 commissioned assets'!$P$22:$P$218)) | M80: =IF(L80="","",L80/(1+'General inputs'!$H$32)^C80) | N80: =IF(LEFT(D80,4)*1<LEFT('General inputs'!$I$18,4)*1+1,"",SUMIF('Uncommissioned assets'!$F$22:$F$1501,$D80,'Uncommissioned assets'!$P$22:$P$1501)) -> 1.0911166e+08 | O80: =IF(N80="","",N80/(1+'General inputs'!$H$32)^C80) -> 73006894 | Q80: ='Reduction amount'!K53+'Reduction amount'!M53 -> 19048720 | R80: =IF(OR(LEFT(D80,4)*1<LEFT('General inputs'!$I$16,4)*1,LEFT(D80,4)*1>LEFT('General inputs'!$I$16,4)+'General inputs'!$H$38-1),"",Q80/(1+'General inputs'!$H$34)^C80) -> 12745548 | T80: ='Reduction amount'!E53 -> 28736413 | U80: =IF(OR(LEFT(D80,4)*1<LEFT('General inputs'!$I$16,4)*1,LEFT(D80,4)*1>LEFT('General inputs'!$I$16,4)+'General inputs'!$H$38-1),"",T80/(1+'General inputs'!$H$34)^C80) -> 19227608
C81: =IF(D81='General inputs'!$I$16,0,IF(D81<'General inputs'!$I$16,C82-1,C80+1)) -> 11 | D81: =LEFT(D80,4)+1&"-"&RIGHT(D80,2)+1 -> 2037-38 | E81: =IF(LEFT(D81,4)*1>LEFT('General inputs'!$I$16,4)+'General inputs'!$H$38-1,"",'ET inputs'!D54) -> 1837.803 | F81: =IF(LEFT(D81,4)*1>LEFT('General inputs'!$I$16,4)+'General inputs'!$H$38-1,"",E81/(1+'General inputs'!$H$30)^C81) -> 1327.668 | G81: =IF(LEFT(D81,4)*1>LEFT('General inputs'!$I$16,4)+'General inputs'!$H$38-1,"",E81/(1+'General inputs'!$H$32)^C81) -> 1181.2476 | H81: =IF(LEFT(D81,4)*1<LEFT('General inputs'!$I$16,4)*1,"",IF(LEFT(D81,4)*1>LEFT('General inputs'!$I$16,4)+'General inputs'!$H$38-1,"",E81/(1+'General inputs'!$H$34)^C81)) -> 1181.2476 | L81: =IF(LEFT(D81,4)*1>LEFT('General inputs'!$I$18,4)*1,"",SUMIF('Post-1996 commissioned assets'!$F$22:$F$218,$D81,'Post-1996 commissioned assets'!$P$22:$P$218)) | M81: =IF(L81="","",L81/(1+'General inputs'!$H$32)^C81) | N81: =IF(LEFT(D81,4)*1<LEFT('General inputs'!$I$18,4)*1+1,"",SUMIF('Uncommissioned assets'!$F$22:$F$1501,$D81,'Uncommissioned assets'!$P$22:$P$1501)) -> 1.2518331e+08 | O81: =IF(N81="","",N81/(1+'General inputs'!$H$32)^C81) -> 80461552 | Q81: ='Reduction amount'!K54+'Reduction amount'!M54 -> 20843480 | R81: =IF(OR(LEFT(D81,4)*1<LEFT('General inputs'!$I$16,4)*1,LEFT(D81,4)*1>LEFT('General inputs'!$I$16,4)+'General inputs'!$H$38-1),"",Q81/(1+'General inputs'!$H$34)^C81) -> 13397143 | T81: ='Reduction amount'!E54 -> 30641260 | U81: =IF(OR(LEFT(D81,4)*1<LEFT('General inputs'!$I$16,4)*1,LEFT(D81,4)*1>LEFT('General inputs'!$I$16,4)+'General inputs'!$H$38-1),"",T81/(1+'General inputs'!$H$34)^C81) -> 19694665
... C99: =IF(D99='General inputs'!$I$16,0,IF(D99<'General inputs'!$I$16,C100-1,C98+1)) -> 29 | D99: =LEFT(D98,4)+1&"-"&RIGHT(D98,2)+1 -> 2055-56 | E99: =IF(LEFT(D99,4)*1>LEFT('General inputs'!$I$16,4)+'General inputs'!$H$38-1,"",'ET inputs'!D72) -> 0 | F99: =IF(LEFT(D99,4)*1>LEFT('General inputs'!$I$16,4)+'General inputs'!$H$38-1,"",E99/(1+'General inputs'!$H$30)^C99) -> 0 | G99: =IF(LEFT(D99,4)*1>LEFT('General inputs'!$I$16,4)+'General inputs'!$H$38-1,"",E99/(1+'General inputs'!$H$32)^C99) -> 0 | H99: =IF(LEFT(D99,4)*1<LEFT('General inputs'!$I$16,4)*1,"",IF(LEFT(D99,4)*1>LEFT('General inputs'!$I$16,4)+'General inputs'!$H$38-1,"",E99/(1+'General inputs'!$H$34)^C99)) -> 0 | L99: =IF(LEFT(D99,4)*1>LEFT('General inputs'!$I$18,4)*1,"",SUMIF('Post-1996 commissioned assets'!$F$22:$F$218,$D99,'Post-1996 commissioned assets'!$P$22:$P$218)) | M99: =IF(L99="","",L99/(1+'General inputs'!$H$32)^C99) | N99: =IF(LEFT(D99,4)*1<LEFT('General inputs'!$I$18,4)*1+1,"",SUMIF('Uncommissioned assets'!$F$22:$F$1501,$D99,'Uncommissioned assets'!$P$22:$P$1501)) -> 36670059 | O99: =IF(N99="","",N99/(1+'General inputs'!$H$32)^C99) -> 11435113 | Q99: ='Reduction amount'!K72+'Reduction amount'!M72 -> 41481341 | R99: =IF(OR(LEFT(D99,4)*1<LEFT('General inputs'!$I$16,4)*1,LEFT(D99,4)*1>LEFT('General inputs'!$I$16,4)+'General inputs'!$H$38-1),"",Q99/(1+'General inputs'!$H$34)^C99) -> 12935453 | T99: ='Reduction amount'!E72 -> 64441752 | U99: =IF(OR(LEFT(D99,4)*1<LEFT('General inputs'!$I$16,4)*1,LEFT(D99,4)*1>LEFT('General inputs'!$I$16,4)+'General inputs'!$H$38-1),"",T99/(1+'General inputs'!$H$34)^C99) -> 20095378
C100: =IF(D100='General inputs'!$I$16,0,IF(D100<'General inputs'!$I$16,C101-1,C99+1)) -> 30 | D100: =LEFT(D99,4)+1&"-"&RIGHT(D99,2)+1 -> 2056-57 | E100: =IF(LEFT(D100,4)*1>LEFT('General inputs'!$I$16,4)+'General inputs'!$H$38-1,"",'ET inputs'!D73) | F100: =IF(LEFT(D100,4)*1>LEFT('General inputs'!$I$16,4)+'General inputs'!$H$38-1,"",E100/(1+'General inputs'!$H$30)^C100) | G100: =IF(LEFT(D100,4)*1>LEFT('General inputs'!$I$16,4)+'General inputs'!$H$38-1,"",E100/(1+'General inputs'!$H$32)^C100) | H100: =IF(LEFT(D100,4)*1<LEFT('General inputs'!$I$16,4)*1,"",IF(LEFT(D100,4)*1>LEFT('General inputs'!$I$16,4)+'General inputs'!$H$38-1,"",E100/(1+'General inputs'!$H$34)^C100)) | L100: =IF(LEFT(D100,4)*1>LEFT('General inputs'!$I$18,4)*1,"",SUMIF('Post-1996 commissioned assets'!$F$22:$F$218,$D100,'Post-1996 commissioned assets'!$P$22:$P$218)) | M100: =IF(L100="","",L100/(1+'General inputs'!$H$32)^C100) | N100: =IF(LEFT(D100,4)*1<LEFT('General inputs'!$I$18,4)*1+1,"",SUMIF('Uncommissioned assets'!$F$22:$F$1501,$D100,'Uncommissioned assets'!$P$22:$P$1501)) -> 0 | O100: =IF(N100="","",N100/(1+'General inputs'!$H$32)^C100) -> 0 | R100: =IF(OR(LEFT(D100,4)*1<LEFT('General inputs'!$I$16,4)*1,LEFT(D100,4)*1>LEFT('General inputs'!$I$16,4)+'General inputs'!$H$38-1),"",Q100/(1+'General inputs'!$H$34)^C100) | U100: =IF(OR(LEFT(D100,4)*1<LEFT('General inputs'!$I$16,4)*1,LEFT(D100,4)*1>LEFT('General inputs'!$I$16,4)+'General inputs'!$H$38-1),"",T100/(1+'General inputs'!$H$34)^C100)
C101: =IF(D101='General inputs'!$I$16,0,IF(D101<'General inputs'!$I$16,C102-1,C100+1)) -> 31 | D101: =LEFT(D100,4)+1&"-"&RIGHT(D100,2)+1 -> 2057-58 | E101: =IF(LEFT(D101,4)*1>LEFT('General inputs'!$I$16,4)+'General inputs'!$H$38-1,"",'ET inputs'!D74) | F101: =IF(LEFT(D101,4)*1>LEFT('General inputs'!$I$16,4)+'General inputs'!$H$38-1,"",E101/(1+'General inputs'!$H$30)^C101) | G101: =IF(LEFT(D101,4)*1>LEFT('General inputs'!$I$16,4)+'General inputs'!$H$38-1,"",E101/(1+'General inputs'!$H$32)^C101) | H101: =IF(LEFT(D101,4)*1<LEFT('General inputs'!$I$16,4)*1,"",IF(LEFT(D101,4)*1>LEFT('General inputs'!$I$16,4)+'General inputs'!$H$38-1,"",E101/(1+'General inputs'!$H$34)^C101)) | L101: =IF(LEFT(D101,4)*1>LEFT('General inputs'!$I$18,4)*1,"",SUMIF('Post-1996 commissioned assets'!$F$22:$F$218,$D101,'Post-1996 commissioned assets'!$P$22:$P$218)) | M101: =IF(L101="","",L101/(1+'General inputs'!$H$32)^C101) | N101: =IF(LEFT(D101,4)*1<LEFT('General inputs'!$I$18,4)*1+1,"",SUMIF('Uncommissioned assets'!$F$22:$F$1501,$D101,'Uncommissioned assets'!$P$22:$P$1501)) -> 0 | O101: =IF(N101="","",N101/(1+'General inputs'!$H$32)^C101) -> 0 | R101: =IF(OR(LEFT(D101,4)*1<LEFT('General inputs'!$I$16,4)*1,LEFT(D101,4)*1>LEFT('General inputs'!$I$16,4)+'General inputs'!$H$38-1),"",Q101/(1+'General inputs'!$H$34)^C101) | U101: =IF(OR(LEFT(D101,4)*1<LEFT('General inputs'!$I$16,4)*1,LEFT(D101,4)*1>LEFT('General inputs'!$I$16,4)+'General inputs'!$H$38-1),"",T101/(1+'General inputs'!$H$34)^C101)
C102: =IF(D102='General inputs'!$I$16,0,IF(D102<'General inputs'!$I$16,C103-1,C101+1)) -> 32 | D102: =LEFT(D101,4)+1&"-"&RIGHT(D101,2)+1 -> 2058-59 | E102: =IF(LEFT(D102,4)*1>LEFT('General inputs'!$I$16,4)+'General inputs'!$H$38-1,"",'ET inputs'!D75) | F102: =IF(LEFT(D102,4)*1>LEFT('General inputs'!$I$16,4)+'General inputs'!$H$38-1,"",E102/(1+'General inputs'!$H$30)^C102) | G102: =IF(LEFT(D102,4)*1>LEFT('General inputs'!$I$16,4)+'General inputs'!$H$38-1,"",E102/(1+'General inputs'!$H$32)^C102) | H102: =IF(LEFT(D102,4)*1<LEFT('General inputs'!$I$16,4)*1,"",IF(LEFT(D102,4)*1>LEFT('General inputs'!$I$16,4)+'General inputs'!$H$38-1,"",E102/(1+'General inputs'!$H$34)^C102)) | L102: =IF(LEFT(D102,4)*1>LEFT('General inputs'!$I$18,4)*1,"",SUMIF('Post-1996 commissioned assets'!$F$22:$F$218,$D102,'Post-1996 commissioned assets'!$P$22:$P$218)) | M102: =IF(L102="","",L102/(1+'General inputs'!$H$32)^C102) | N102: =IF(LEFT(D102,4)*1<LEFT('General inputs'!$I$18,4)*1+1,"",SUMIF('Uncommissioned assets'!$F$22:$F$1501,$D102,'Uncommissioned assets'!$P$22:$P$1501)) -> 0 | O102: =IF(N102="","",N102/(1+'General inputs'!$H$32)^C102) -> 0 | R102: =IF(OR(LEFT(D102,4)*1<LEFT('General inputs'!$I$16,4)*1,LEFT(D102,4)*1>LEFT('General inputs'!$I$16,4)+'General inputs'!$H$38-1),"",Q102/(1+'General inputs'!$H$34)^C102) | U102: =IF(OR(LEFT(D102,4)*1<LEFT('General inputs'!$I$16,4)*1,LEFT(D102,4)*1>LEFT('General inputs'!$I$16,4)+'General inputs'!$H$38-1),"",T102/(1+'General inputs'!$H$34)^C102)
C103: =IF(D103='General inputs'!$I$16,0,IF(D103<'General inputs'!$I$16,C104-1,C102+1)) -> 33 | D103: =LEFT(D102,4)+1&"-"&RIGHT(D102,2)+1 -> 2059-60 | E103: =IF(LEFT(D103,4)*1>LEFT('General inputs'!$I$16,4)+'General inputs'!$H$38-1,"",'ET inputs'!D76) | F103: =IF(LEFT(D103,4)*1>LEFT('General inputs'!$I$16,4)+'General inputs'!$H$38-1,"",E103/(1+'General inputs'!$H$30)^C103) | G103: =IF(LEFT(D103,4)*1>LEFT('General inputs'!$I$16,4)+'General inputs'!$H$38-1,"",E103/(1+'General inputs'!$H$32)^C103) | H103: =IF(LEFT(D103,4)*1<LEFT('General inputs'!$I$16,4)*1,"",IF(LEFT(D103,4)*1>LEFT('General inputs'!$I$16,4)+'General inputs'!$H$38-1,"",E103/(1+'General inputs'!$H$34)^C103)) | L103: =IF(LEFT(D103,4)*1>LEFT('General inputs'!$I$18,4)*1,"",SUMIF('Post-1996 commissioned assets'!$F$22:$F$218,$D103,'Post-1996 commissioned assets'!$P$22:$P$218)) | M103: =IF(L103="","",L103/(1+'General inputs'!$H$32)^C103) | N103: =IF(LEFT(D103,4)*1<LEFT('General inputs'!$I$18,4)*1+1,"",SUMIF('Uncommissioned assets'!$F$22:$F$1501,$D103,'Uncommissioned assets'!$P$22:$P$1501)) -> 0 | O103: =IF(N103="","",N103/(1+'General inputs'!$H$32)^C103) -> 0 | R103: =IF(OR(LEFT(D103,4)*1<LEFT('General inputs'!$I$16,4)*1,LEFT(D103,4)*1>LEFT('General inputs'!$I$16,4)+'General inputs'!$H$38-1),"",Q103/(1+'General inputs'!$H$34)^C103) | U103: =IF(OR(LEFT(D103,4)*1<LEFT('General inputs'!$I$16,4)*1,LEFT(D103,4)*1>LEFT('General inputs'!$I$16,4)+'General inputs'!$H$38-1),"",T103/(1+'General inputs'!$H$34)^C103)
C104: =IF(D104='General inputs'!$I$16,0,IF(D104<'General inputs'!$I$16,C105-1,C103+1)) -> 34 | D104: =LEFT(D103,4)+1&"-"&RIGHT(D103,2)+1 -> 2060-61 | E104: =IF(LEFT(D104,4)*1>LEFT('General inputs'!$I$16,4)+'General inputs'!$H$38-1,"",'ET inputs'!D77) | F104: =IF(LEFT(D104,4)*1>LEFT('General inputs'!$I$16,4)+'General inputs'!$H$38-1,"",E104/(1+'General inputs'!$H$30)^C104) | G104: =IF(LEFT(D104,4)*1>LEFT('General inputs'!$I$16,4)+'General inputs'!$H$38-1,"",E104/(1+'General inputs'!$H$32)^C104) | H104: =IF(LEFT(D104,4)*1<LEFT('General inputs'!$I$16,4)*1,"",IF(LEFT(D104,4)*1>LEFT('General inputs'!$I$16,4)+'General inputs'!$H$38-1,"",E104/(1+'General inputs'!$H$34)^C104)) | L104: =IF(LEFT(D104,4)*1>LEFT('General inputs'!$I$18,4)*1,"",SUMIF('Post-1996 commissioned assets'!$F$22:$F$218,$D104,'Post-1996 commissioned assets'!$P$22:$P$218)) | M104: =IF(L104="","",L104/(1+'General inputs'!$H$32)^C104) | N104: =IF(LEFT(D104,4)*1<LEFT('General inputs'!$I$18,4)*1+1,"",SUMIF('Uncommissioned assets'!$F$22:$F$1501,$D104,'Uncommissioned assets'!$P$22:$P$1501)) -> 0 | O104: =IF(N104="","",N104/(1+'General inputs'!$H$32)^C104) -> 0 | R104: =IF(OR(LEFT(D104,4)*1<LEFT('General inputs'!$I$16,4)*1,LEFT(D104,4)*1>LEFT('General inputs'!$I$16,4)+'General inputs'!$H$38-1),"",Q104/(1+'General inputs'!$H$34)^C104) | U104: =IF(OR(LEFT(D104,4)*1<LEFT('General inputs'!$I$16,4)*1,LEFT(D104,4)*1>LEFT('General inputs'!$I$16,4)+'General inputs'!$H$38-1),"",T104/(1+'General inputs'!$H$34)^C104)
C105: =IF(D105='General inputs'!$I$16,0,IF(D105<'General inputs'!$I$16,C106-1,C104+1)) -> 35 | D105: =LEFT(D104,4)+1&"-"&RIGHT(D104,2)+1 -> 2061-62 | E105: =IF(LEFT(D105,4)*1>LEFT('General inputs'!$I$16,4)+'General inputs'!$H$38-1,"",'ET inputs'!D78) | F105: =IF(LEFT(D105,4)*1>LEFT('General inputs'!$I$16,4)+'General inputs'!$H$38-1,"",E105/(1+'General inputs'!$H$30)^C105) | G105: =IF(LEFT(D105,4)*1>LEFT('General inputs'!$I$16,4)+'General inputs'!$H$38-1,"",E105/(1+'General inputs'!$H$32)^C105) | H105: =IF(LEFT(D105,4)*1<LEFT('General inputs'!$I$16,4)*1,"",IF(LEFT(D105,4)*1>LEFT('General inputs'!$I$16,4)+'General inputs'!$H$38-1,"",E105/(1+'General inputs'!$H$34)^C105)) | L105: =IF(LEFT(D105,4)*1>LEFT('General inputs'!$I$18,4)*1,"",SUMIF('Post-1996 commissioned assets'!$F$22:$F$218,$D105,'Post-1996 commissioned assets'!$P$22:$P$218)) | M105: =IF(L105="","",L105/(1+'General inputs'!$H$32)^C105) | N105: =IF(LEFT(D105,4)*1<LEFT('General inputs'!$I$18,4)*1+1,"",SUMIF('Uncommissioned assets'!$F$22:$F$1501,$D105,'Uncommissioned assets'!$P$22:$P$1501)) -> 0 | O105: =IF(N105="","",N105/(1+'General inputs'!$H$32)^C105) -> 0 | R105: =IF(OR(LEFT(D105,4)*1<LEFT('General inputs'!$I$16,4)*1,LEFT(D105,4)*1>LEFT('General inputs'!$I$16,4)+'General inputs'!$H$38-1),"",Q105/(1+'General inputs'!$H$34)^C105) | U105: =IF(OR(LEFT(D105,4)*1<LEFT('General inputs'!$I$16,4)*1,LEFT(D105,4)*1>LEFT('General inputs'!$I$16,4)+'General inputs'!$H$38-1),"",T105/(1+'General inputs'!$H$34)^C105)
C106: =IF(D106='General inputs'!$I$16,0,IF(D106<'General inputs'!$I$16,C107-1,C105+1)) -> 36 | D106: =LEFT(D105,4)+1&"-"&RIGHT(D105,2)+1 -> 2062-63 | E106: =IF(LEFT(D106,4)*1>LEFT('General inputs'!$I$16,4)+'General inputs'!$H$38-1,"",'ET inputs'!D79) | F106: =IF(LEFT(D106,4)*1>LEFT('General inputs'!$I$16,4)+'General inputs'!$H$38-1,"",E106/(1+'General inputs'!$H$30)^C106) | G106: =IF(LEFT(D106,4)*1>LEFT('General inputs'!$I$16,4)+'General inputs'!$H$38-1,"",E106/(1+'General inputs'!$H$32)^C106) | H106: =IF(LEFT(D106,4)*1<LEFT('General inputs'!$I$16,4)*1,"",IF(LEFT(D106,4)*1>LEFT('General inputs'!$I$16,4)+'General inputs'!$H$38-1,"",E106/(1+'General inputs'!$H$34)^C106)) | L106: =IF(LEFT(D106,4)*1>LEFT('General inputs'!$I$18,4)*1,"",SUMIF('Post-1996 commissioned assets'!$F$22:$F$218,$D106,'Post-1996 commissioned assets'!$P$22:$P$218)) | M106: =IF(L106="","",L106/(1+'General inputs'!$H$32)^C106) | N106: =IF(LEFT(D106,4)*1<LEFT('General inputs'!$I$18,4)*1+1,"",SUMIF('Uncommissioned assets'!$F$22:$F$1501,$D106,'Uncommissioned assets'!$P$22:$P$1501)) -> 0 | O106: =IF(N106="","",N106/(1+'General inputs'!$H$32)^C106) -> 0 | R106: =IF(OR(LEFT(D106,4)*1<LEFT('General inputs'!$I$16,4)*1,LEFT(D106,4)*1>LEFT('General inputs'!$I$16,4)+'General inputs'!$H$38-1),"",Q106/(1+'General inputs'!$H$34)^C106) | U106: =IF(OR(LEFT(D106,4)*1<LEFT('General inputs'!$I$16,4)*1,LEFT(D106,4)*1>LEFT('General inputs'!$I$16,4)+'General inputs'!$H$38-1),"",T106/(1+'General inputs'!$H$34)^C106)
C107: =IF(D107='General inputs'!$I$16,0,IF(D107<'General inputs'!$I$16,C108-1,C106+1)) -> 37 | D107: =LEFT(D106,4)+1&"-"&RIGHT(D106,2)+1 -> 2063-64 | E107: =IF(LEFT(D107,4)*1>LEFT('General inputs'!$I$16,4)+'General inputs'!$H$38-1,"",'ET inputs'!D80) | F107: =IF(LEFT(D107,4)*1>LEFT('General inputs'!$I$16,4)+'General inputs'!$H$38-1,"",E107/(1+'General inputs'!$H$30)^C107) | G107: =IF(LEFT(D107,4)*1>LEFT('General inputs'!$I$16,4)+'General inputs'!$H$38-1,"",E107/(1+'General inputs'!$H$32)^C107) | H107: =IF(LEFT(D107,4)*1<LEFT('General inputs'!$I$16,4)*1,"",IF(LEFT(D107,4)*1>LEFT('General inputs'!$I$16,4)+'General inputs'!$H$38-1,"",E107/(1+'General inputs'!$H$34)^C107)) | L107: =IF(LEFT(D107,4)*1>LEFT('General inputs'!$I$18,4)*1,"",SUMIF('Post-1996 commissioned assets'!$F$22:$F$218,$D107,'Post-1996 commissioned assets'!$P$22:$P$218)) | M107: =IF(L107="","",L107/(1+'General inputs'!$H$32)^C107) | N107: =IF(LEFT(D107,4)*1<LEFT('General inputs'!$I$18,4)*1+1,"",SUMIF('Uncommissioned assets'!$F$22:$F$1501,$D107,'Uncommissioned assets'!$P$22:$P$1501)) -> 0 | O107: =IF(N107="","",N107/(1+'General inputs'!$H$32)^C107) -> 0 | R107: =IF(OR(LEFT(D107,4)*1<LEFT('General inputs'!$I$16,4)*1,LEFT(D107,4)*1>LEFT('General inputs'!$I$16,4)+'General inputs'!$H$38-1),"",Q107/(1+'General inputs'!$H$34)^C107) | U107: =IF(OR(LEFT(D107,4)*1<LEFT('General inputs'!$I$16,4)*1,LEFT(D107,4)*1>LEFT('General inputs'!$I$16,4)+'General inputs'!$H$38-1),"",T107/(1+'General inputs'!$H$34)^C107)
C108: =IF(D108='General inputs'!$I$16,0,IF(D108<'General inputs'!$I$16,C109-1,C107+1)) -> 38 | D108: =LEFT(D107,4)+1&"-"&RIGHT(D107,2)+1 -> 2064-65 | E108: =IF(LEFT(D108,4)*1>LEFT('General inputs'!$I$16,4)+'General inputs'!$H$38-1,"",'ET inputs'!D81) | F108: =IF(LEFT(D108,4)*1>LEFT('General inputs'!$I$16,4)+'General inputs'!$H$38-1,"",E108/(1+'General inputs'!$H$30)^C108) | G108: =IF(LEFT(D108,4)*1>LEFT('General inputs'!$I$16,4)+'General inputs'!$H$38-1,"",E108/(1+'General inputs'!$H$32)^C108) | H108: =IF(LEFT(D108,4)*1<LEFT('General inputs'!$I$16,4)*1,"",IF(LEFT(D108,4)*1>LEFT('General inputs'!$I$16,4)+'General inputs'!$H$38-1,"",E108/(1+'General inputs'!$H$34)^C108)) | L108: =IF(LEFT(D108,4)*1>LEFT('General inputs'!$I$18,4)*1,"",SUMIF('Post-1996 commissioned assets'!$F$22:$F$218,$D108,'Post-1996 commissioned assets'!$P$22:$P$218)) | M108: =IF(L108="","",L108/(1+'General inputs'!$H$32)^C108) | N108: =IF(LEFT(D108,4)*1<LEFT('General inputs'!$I$18,4)*1+1,"",SUMIF('Uncommissioned assets'!$F$22:$F$1501,$D108,'Uncommissioned assets'!$P$22:$P$1501)) -> 0 | O108: =IF(N108="","",N108/(1+'General inputs'!$H$32)^C108) -> 0 | R108: =IF(OR(LEFT(D108,4)*1<LEFT('General inputs'!$I$16,4)*1,LEFT(D108,4)*1>LEFT('General inputs'!$I$16,4)+'General inputs'!$H$38-1),"",Q108/(1+'General inputs'!$H$34)^C108) | U108: =IF(OR(LEFT(D108,4)*1<LEFT('General inputs'!$I$16,4)*1,LEFT(D108,4)*1>LEFT('General inputs'!$I$16,4)+'General inputs'!$H$38-1),"",T108/(1+'General inputs'!$H$34)^C108)
C109: =IF(D109='General inputs'!$I$16,0,IF(D109<'General inputs'!$I$16,C110-1,C108+1)) -> 39 | D109: =LEFT(D108,4)+1&"-"&RIGHT(D108,2)+1 -> 2065-66 | E109: =IF(LEFT(D109,4)*1>LEFT('General inputs'!$I$16,4)+'General inputs'!$H$38-1,"",'ET inputs'!D82) | F109: =IF(LEFT(D109,4)*1>LEFT('General inputs'!$I$16,4)+'General inputs'!$H$38-1,"",E109/(1+'General inputs'!$H$30)^C109) | G109: =IF(LEFT(D109,4)*1>LEFT('General inputs'!$I$16,4)+'General inputs'!$H$38-1,"",E109/(1+'General inputs'!$H$32)^C109) | H109: =IF(LEFT(D109,4)*1<LEFT('General inputs'!$I$16,4)*1,"",IF(LEFT(D109,4)*1>LEFT('General inputs'!$I$16,4)+'General inputs'!$H$38-1,"",E109/(1+'General inputs'!$H$34)^C109)) | L109: =IF(LEFT(D109,4)*1>LEFT('General inputs'!$I$18,4)*1,"",SUMIF('Post-1996 commissioned assets'!$F$22:$F$218,$D109,'Post-1996 commissioned assets'!$P$22:$P$218)) | M109: =IF(L109="","",L109/(1+'General inputs'!$H$32)^C109) | N109: =IF(LEFT(D109,4)*1<LEFT('General inputs'!$I$18,4)*1+1,"",SUMIF('Uncommissioned assets'!$F$22:$F$1501,$D109,'Uncommissioned assets'!$P$22:$P$1501)) -> 0 | O109: =IF(N109="","",N109/(1+'General inputs'!$H$32)^C109) -> 0 | R109: =IF(OR(LEFT(D109,4)*1<LEFT('General inputs'!$I$16,4)*1,LEFT(D109,4)*1>LEFT('General inputs'!$I$16,4)+'General inputs'!$H$38-1),"",Q109/(1+'General inputs'!$H$34)^C109) | U109: =IF(OR(LEFT(D109,4)*1<LEFT('General inputs'!$I$16,4)*1,LEFT(D109,4)*1>LEFT('General inputs'!$I$16,4)+'General inputs'!$H$38-1),"",T109/(1+'General inputs'!$H$34)^C109)
C110: =IF(D110='General inputs'!$I$16,0,IF(D110<'General inputs'!$I$16,C111-1,C109+1)) -> 40 | D110: =LEFT(D109,4)+1&"-"&RIGHT(D109,2)+1 -> 2066-67 | E110: =IF(LEFT(D110,4)*1>LEFT('General inputs'!$I$16,4)+'General inputs'!$H$38-1,"",'ET inputs'!D83) | F110: =IF(LEFT(D110,4)*1>LEFT('General inputs'!$I$16,4)+'General inputs'!$H$38-1,"",E110/(1+'General inputs'!$H$30)^C110) | G110: =IF(LEFT(D110,4)*1>LEFT('General inputs'!$I$16,4)+'General inputs'!$H$38-1,"",E110/(1+'General inputs'!$H$32)^C110) | H110: =IF(LEFT(D110,4)*1<LEFT('General inputs'!$I$16,4)*1,"",IF(LEFT(D110,4)*1>LEFT('General inputs'!$I$16,4)+'General inputs'!$H$38-1,"",E110/(1+'General inputs'!$H$34)^C110)) | L110: =IF(LEFT(D110,4)*1>LEFT('General inputs'!$I$18,4)*1,"",SUMIF('Post-1996 commissioned assets'!$F$22:$F$218,$D110,'Post-1996 commissioned assets'!$P$22:$P$218)) | M110: =IF(L110="","",L110/(1+'General inputs'!$H$32)^C110) | N110: =IF(LEFT(D110,4)*1<LEFT('General inputs'!$I$18,4)*1+1,"",SUMIF('Uncommissioned assets'!$F$22:$F$1501,$D110,'Uncommissioned assets'!$P$22:$P$1501)) -> 0 | O110: =IF(N110="","",N110/(1+'General inputs'!$H$32)^C110) -> 0 | R110: =IF(OR(LEFT(D110,4)*1<LEFT('General inputs'!$I$16,4)*1,LEFT(D110,4)*1>LEFT('General inputs'!$I$16,4)+'General inputs'!$H$38-1),"",Q110/(1+'General inputs'!$H$34)^C110) | U110: =IF(OR(LEFT(D110,4)*1<LEFT('General inputs'!$I$16,4)*1,LEFT(D110,4)*1>LEFT('General inputs'!$I$16,4)+'General inputs'!$H$38-1),"",T110/(1+'General inputs'!$H$34)^C110)
C111: =IF(D111='General inputs'!$I$16,0,IF(D111<'General inputs'!$I$16,C112-1,C110+1)) -> 41 | D111: =LEFT(D110,4)+1&"-"&RIGHT(D110,2)+1 -> 2067-68 | E111: =IF(LEFT(D111,4)*1>LEFT('General inputs'!$I$16,4)+'General inputs'!$H$38-1,"",'ET inputs'!D84) | F111: =IF(LEFT(D111,4)*1>LEFT('General inputs'!$I$16,4)+'General inputs'!$H$38-1,"",E111/(1+'General inputs'!$H$30)^C111) | G111: =IF(LEFT(D111,4)*1>LEFT('General inputs'!$I$16,4)+'General inputs'!$H$38-1,"",E111/(1+'General inputs'!$H$32)^C111) | H111: =IF(LEFT(D111,4)*1<LEFT('General inputs'!$I$16,4)*1,"",IF(LEFT(D111,4)*1>LEFT('General inputs'!$I$16,4)+'General inputs'!$H$38-1,"",E111/(1+'General inputs'!$H$34)^C111)) | L111: =IF(LEFT(D111,4)*1>LEFT('General inputs'!$I$18,4)*1,"",SUMIF('Post-1996 commissioned assets'!$F$22:$F$218,$D111,'Post-1996 commissioned assets'!$P$22:$P$218)) | M111: =IF(L111="","",L111/(1+'General inputs'!$H$32)^C111) | N111: =IF(LEFT(D111,4)*1<LEFT('General inputs'!$I$18,4)*1+1,"",SUMIF('Uncommissioned assets'!$F$22:$F$1501,$D111,'Uncommissioned assets'!$P$22:$P$1501)) -> 0 | O111: =IF(N111="","",N111/(1+'General inputs'!$H$32)^C111) -> 0 | R111: =IF(OR(LEFT(D111,4)*1<LEFT('General inputs'!$I$16,4)*1,LEFT(D111,4)*1>LEFT('General inputs'!$I$16,4)+'General inputs'!$H$38-1),"",Q111/(1+'General inputs'!$H$34)^C111) | U111: =IF(OR(LEFT(D111,4)*1<LEFT('General inputs'!$I$16,4)*1,LEFT(D111,4)*1>LEFT('General inputs'!$I$16,4)+'General inputs'!$H$38-1),"",T111/(1+'General inputs'!$H$34)^C111)
... C129: =IF(D129='General inputs'!$I$16,0,IF(D129<'General inputs'!$I$16,C130-1,C128+1)) -> 59 | D129: =LEFT(D128,4)+1&"-"&RIGHT(D128,2)+1 -> 2085-86 | E129: =IF(LEFT(D129,4)*1>LEFT('General inputs'!$I$16,4)+'General inputs'!$H$38-1,"",'ET inputs'!D102) | F129: =IF(LEFT(D129,4)*1>LEFT('General inputs'!$I$16,4)+'General inputs'!$H$38-1,"",E129/(1+'General inputs'!$H$30)^C129) | G129: =IF(LEFT(D129,4)*1>LEFT('General inputs'!$I$16,4)+'General inputs'!$H$38-1,"",E129/(1+'General inputs'!$H$32)^C129) | H129: =IF(LEFT(D129,4)*1<LEFT('General inputs'!$I$16,4)*1,"",IF(LEFT(D129,4)*1>LEFT('General inputs'!$I$16,4)+'General inputs'!$H$38-1,"",E129/(1+'General inputs'!$H$34)^C129)) | L129: =IF(LEFT(D129,4)*1>LEFT('General inputs'!$I$18,4)*1,"",SUMIF('Post-1996 commissioned assets'!$F$22:$F$218,$D129,'Post-1996 commissioned assets'!$P$22:$P$218)) | M129: =IF(L129="","",L129/(1+'General inputs'!$H$32)^C129) | N129: =IF(LEFT(D129,4)*1<LEFT('General inputs'!$I$18,4)*1+1,"",SUMIF('Uncommissioned assets'!$F$22:$F$1501,$D129,'Uncommissioned assets'!$P$22:$P$1501)) -> 0 | O129: =IF(N129="","",N129/(1+'General inputs'!$H$32)^C129) -> 0 | R129: =IF(OR(LEFT(D129,4)*1<LEFT('General inputs'!$I$16,4)*1,LEFT(D129,4)*1>LEFT('General inputs'!$I$16,4)+'General inputs'!$H$38-1),"",Q129/(1+'General inputs'!$H$34)^C129) | U129: =IF(OR(LEFT(D129,4)*1<LEFT('General inputs'!$I$16,4)*1,LEFT(D129,4)*1>LEFT('General inputs'!$I$16,4)+'General inputs'!$H$38-1),"",T129/(1+'General inputs'!$H$34)^C129)

Sheet General inputs
C3: GENERAL INPUTS
C5: Regulated Agency (for setting pre-1996 discount rate) | H5: Sydney Water Corporation | L5: ="Do not delete - data validation for option at "&ADDRESS(ROW(H5),COLUMN(H5)) -> Do not delete - data validation for option at $H$5
L6: Agency name | M6: Pre-1996 discount rate
C7: DSP name | H7: Aerotropolis | L7: Central Coast Council | M7: 0
L8: Hunter Water Corporation | M8: 0.03
C9: System name (allows cross checking of headworks costs) | H9: =H7 -> Aerotropolis | L9: Sydney Water Corporation | M9: 0.03
C11: Service this DSP relates to | H11: Stormwater
L12: ="Do not delete - data validation for options at "&ADDRESS(ROW(H11),COLUMN(H11)) -> Do not delete - data validation for options at $H$11
L13: Water
C14: Timeframes | I14: Relevant financial year | L14: Sewerage
L15: Stormwater
D16: Financial year of registration for the DSP | I16: 2026-27
D18: Final date where assets can be commissioned | H18: 46203 | I18: =IF(MONTH(H18)>=7,YEAR(H18)&"-"&RIGHT(YEAR(H18),2)+1,RIGHT(YEAR(H18),4)-1&"-"&RIGHT(YEAR(H18),2)) -> 2025-26 | L18: ="Do not delete - data validation for options at "&ADDRESS(ROW(I16),COLUMN(I16))&" and "&ADDRESS(ROW(I40),COLUMN(I40)) -> Do not delete - data validation for options at $I$16 and $I$40
L19: 2018-19
L20: 2019-20
D21: Date range for pre 1996 assets | L21: 2020-21
L22: 2021-22
D23: First day | H23: 25569 | L23: 2022-23
D24: Last day | H24: 35064 | L24: 2023-24
L25: 2024-25
L26: 2025-26
L27: 2026-27
C28: Discount rates & other | L28: 2027-28
L29: 2028-29
D30: Rate applied to pre-1996 assets and ETs | H30: =INDEX($M$7:$M$12,MATCH($H$5,$L$7:$L$12)) -> 0.03 | L30: 2029-30
L31: 2030-31
D32: Rate applied to post-1996 assets and ETs (real pre-tax WACC) | H32: 0.041
D34: Rate applied to the NPV of expected revenues and costs (real pre-tax WACC) | H34: 0.041
D36: An Equivalent Tenement (ET) is a unit that occupies X hectares of net developable area, where X = | H36: 0.10495897 | L36: ="Do not delete - data validation for option at "&ADDRESS(ROW(H42),COLUMN(H42)) -> Do not delete - data validation for option at $H$42
L37: $
D38: Forecast period (years) | H38: 30 | L38: $'000
L39: $M
D40: $ base year for DSP analysis | I40: 2026-27
D42: What $ units are used in the model | H42: $

Sheet Pre-1996 assets
C3: PRE-1996 ASSETS WITH A NEXUS TO THE SERVICE FOR WHICH THE MAXIMUM PRICE IS BEING CALCULATED
C6: ="Consideration must be given to the principles regarding asset exclusions presented on the '"&MID(CELL("filename",'Asset exclusions'!A1),FIND("]",CELL("filename",'Asset exclusions'!A1))+1,255)&"' worksheet before they are entered into the register." -> Consideration must be given to the principles regarding asset exclusions presented on the 'Asset exclusions' worksheet before they are entered into the register.
C7: ="Hyperlink to the '"&MID(CELL("filename",'Asset exclusions'!A1),FIND("]",CELL("filename",'Asset exclusions'!A1))+1,255)&"' worksheet:" -> Hyperlink to the 'Asset exclusions' worksheet: | E7: Asset exclusions'!A1
C9: Where this template is being used to calculate the maximum price for connecting to a Recycled Water System, refer to the following provisions of the Recycled Water Developer Charges Determination:
C10: (a) Schedule 1, clause 2 (where the Recycled Water System is a Least Cost Servicing Solution); and
C11: (b) Schedule 2, clause 2.2 (where the Recycled Water System is not a Least Cost Servicing Solution).
C12: These provisions may affect the calculation of the capital charge.
C14: Date range for assets
C15: Start date | E15: ='General inputs'!$H$23 -> 25569
C16: End date | E16: ='General inputs'!$H$24 -> 35064
C18: Register of pre-1996 assets
C20: General inputs | H20: Service potential inputs | L20: Asset value inputs
C21: Identifier | D21: Description | E21: Date commissioned | F21: Date check | H21: DSP areas serviced by asset | I21: Expected system-wide ETs to be serviced by this asset | J21: Proportion of asset cost to be recovered via this DSP | L21: Number of units or length of asset (A) | M21: Unit of measure in (A) | N21: ="MEERA value per unit/measure of length (B) ("&'General inputs'!$H$42&" as at 1 July "&LEFT('General inputs'!$I$40,4)&")" -> MEERA value per unit/measure of length (B) ($ as at 1 July 2026) | O21: ="Total MEERA value (A x B) ("&'General inputs'!$H$42&", $"&'General inputs'!$I$40&")" -> Total MEERA value (A x B) ($, $2026-27) | P21: ="MEERA value to be recovered via DSP ("&'General inputs'!$H$42&", $"&'General inputs'!$I$40&")" -> MEERA value to be recovered via DSP ($, $2026-27)
F22: =IF(E22="","-",IF(OR(E22<$E$15,E22>$E$16),"ERROR - date outside of range","Date check - OK")) -> - | J22: =IFERROR(MIN('MP Calculations'!$E$29/I22,1),"-") -> - | O22: =IF(N22="","-",L22*N22) -> - | P22: =IF(O22="-","-",IF(OR(E22<$E$15,E22>$E$16),0,O22*J22)) -> -
F23: =IF(E23="","-",IF(OR(E23<$E$15,E23>$E$16),"ERROR - date outside of range","Date check - OK")) -> - | J23: =IFERROR(MIN('MP Calculations'!$E$29/I23,1),"-") -> - | O23: =IF(N23="","-",L23*N23) -> - | P23: =IF(O23="-","-",IF(OR(E23<$E$15,E23>$E$16),0,O23*J23)) -> -
F24: =IF(E24="","-",IF(OR(E24<$E$15,E24>$E$16),"ERROR - date outside of range","Date check - OK")) -> - | J24: =IFERROR(MIN('MP Calculations'!$E$29/I24,1),"-") -> - | O24: =IF(N24="","-",L24*N24) -> - | P24: =IF(O24="-","-",IF(OR(E24<$E$15,E24>$E$16),0,O24*J24)) -> -
F25: =IF(E25="","-",IF(OR(E25<$E$15,E25>$E$16),"ERROR - date outside of range","Date check - OK")) -> - | J25: =IFERROR(MIN('MP Calculations'!$E$29/I25,1),"-") -> - | O25: =IF(N25="","-",L25*N25) -> - | P25: =IF(O25="-","-",IF(OR(E25<$E$15,E25>$E$16),0,O25*J25)) -> -
F26: =IF(E26="","-",IF(OR(E26<$E$15,E26>$E$16),"ERROR - date outside of range","Date check - OK")) -> - | J26: =IFERROR(MIN('MP Calculations'!$E$29/I26,1),"-") -> - | O26: =IF(N26="","-",L26*N26) -> - | P26: =IF(O26="-","-",IF(OR(E26<$E$15,E26>$E$16),0,O26*J26)) -> -
F27: =IF(E27="","-",IF(OR(E27<$E$15,E27>$E$16),"ERROR - date outside of range","Date check - OK")) -> - | J27: =IFERROR(MIN('MP Calculations'!$E$29/I27,1),"-") -> - | O27: =IF(N27="","-",L27*N27) -> - | P27: =IF(O27="-","-",IF(OR(E27<$E$15,E27>$E$16),0,O27*J27)) -> -
F28: =IF(E28="","-",IF(OR(E28<$E$15,E28>$E$16),"ERROR - date outside of range","Date check - OK")) -> - | J28: =IFERROR(MIN('MP Calculations'!$E$29/I28,1),"-") -> - | O28: =IF(N28="","-",L28*N28) -> - | P28: =IF(O28="-","-",IF(OR(E28<$E$15,E28>$E$16),0,O28*J28)) -> -
F29: =IF(E29="","-",IF(OR(E29<$E$15,E29>$E$16),"ERROR - date outside of range","Date check - OK")) -> - | J29: =IFERROR(MIN('MP Calculations'!$E$29/I29,1),"-") -> - | O29: =IF(N29="","-",L29*N29) -> - | P29: =IF(O29="-","-",IF(OR(E29<$E$15,E29>$E$16),0,O29*J29)) -> -
F30: =IF(E30="","-",IF(OR(E30<$E$15,E30>$E$16),"ERROR - date outside of range","Date check - OK")) -> - | J30: =IFERROR(MIN('MP Calculations'!$E$29/I30,1),"-") -> - | O30: =IF(N30="","-",L30*N30) -> - | P30: =IF(O30="-","-",IF(OR(E30<$E$15,E30>$E$16),0,O30*J30)) -> -
F31: =IF(E31="","-",IF(OR(E31<$E$15,E31>$E$16),"ERROR - date outside of range","Date check - OK")) -> - | J31: =IFERROR(MIN('MP Calculations'!$E$29/I31,1),"-") -> - | O31: =IF(N31="","-",L31*N31) -> - | P31: =IF(O31="-","-",IF(OR(E31<$E$15,E31>$E$16),0,O31*J31)) -> -
F32: =IF(E32="","-",IF(OR(E32<$E$15,E32>$E$16),"ERROR - date outside of range","Date check - OK")) -> - | J32: =IFERROR(MIN('MP Calculations'!$E$29/I32,1),"-") -> - | O32: =IF(N32="","-",L32*N32) -> - | P32: =IF(O32="-","-",IF(OR(E32<$E$15,E32>$E$16),0,O32*J32)) -> -
F33: =IF(E33="","-",IF(OR(E33<$E$15,E33>$E$16),"ERROR - date outside of range","Date check - OK")) -> - | J33: =IFERROR(MIN('MP Calculations'!$E$29/I33,1),"-") -> - | O33: =IF(N33="","-",L33*N33) -> - | P33: =IF(O33="-","-",IF(OR(E33<$E$15,E33>$E$16),0,O33*J33)) -> -
... F217: =IF(E217="","-",IF(OR(E217<$E$15,E217>$E$16),"ERROR - date outside of range","Date check - OK")) -> - | J217: =IFERROR(MIN('MP Calculations'!$E$29/I217,1),"-") -> - | O217: =IF(N217="","-",L217*N217) -> - | P217: =IF(O217="-","-",IF(OR(E217<$E$15,E217>$E$16),0,O217*J217)) -> -
D218: ="Add rows above this point as required and copy formula down. It is important to add rows above this point as this will ensure the formula on the '"&MID(CELL("filename",'MP Calculations'!$A$1),FIND("]",CELL("filename",'MP Calculations'!$A$1))+1,255)&"' worksheet will incorporate the information included in the additional rows. " -> Add rows above this point as required and copy formula down. It is important to add rows above this point as this will ensure the formula on the 'MP Calculations' worksheet will incorporate the information included in the additional rows. | F218: =IF(E218="","-",IF(OR(E218<$E$15,E218>$E$16),"ERROR - date outside of range","Date check - OK")) -> - | J218: =IFERROR(MIN('MP Calculations'!$E$29/I218,1),"-") -> - | O218: =IF(N218="","-",L218*N218) -> - | P218: =IF(O218="-","-",IF(OR(E218<$E$15,E218>$E$16),0,O218*J218)) -> -
O219: Total | P219: =SUM(P22:P218) -> 0

Sheet Post-1996 commissioned assets
C3: POST-1996 COMMISSIONED ASSETS WITH A NEXUS TO THE SERVICE FOR WHICH THE MAXIMUM PRICE IS BEING CALCULATED
C6: ="Consideration must be given to the principles regarding asset exclusions presented on the '"&MID(CELL("filename",'Asset exclusions'!A1),FIND("]",CELL("filename",'Asset exclusions'!A1))+1,255)&"' worksheet before they are entered into the register." -> Consideration must be given to the principles regarding asset exclusions presented on the 'Asset exclusions' worksheet before they are entered into the register.
C7: ="Hyperlink to the '"&MID(CELL("filename",'Asset exclusions'!A1),FIND("]",CELL("filename",'Asset exclusions'!A1))+1,255)&"' worksheet:" -> Hyperlink to the 'Asset exclusions' worksheet: | E7: Asset exclusions'!A1
C9: Where this template is being used to calculate the maximum price for connecting to a Recycled Water System, refer to the following provisions of the Recycled Water Developer Charges Determination:
C10: (a) Schedule 1, clause 2 (where the Recycled Water System is a Least Cost Servicing Solution); and
C11: (b) Schedule 2, clause 2.2 (where the Recycled Water System is not a Least Cost Servicing Solution).
C12: These provisions may affect the calculation of the capital charge.
C14: Date range for assets
C15: Start date | E15: ='General inputs'!$H$24+1 -> 35065
C16: End date | E16: ='General inputs'!$H$18 -> 46203
C18: Register of post-1996 commissioned assets
C20: General inputs | H20: Service potential inputs | L20: Asset value inputs
C21: Identifier | D21: Description | E21: Date commissioned | F21: Financial year of commissioning | H21: DSP areas serviced by asset | I21: Expected system-wide ETs to be serviced by this asset | J21: Proportion of asset cost to be recovered via this DSP | L21: Number of units or length of asset (A) | M21: Unit of measure in (A) | N21: ="MEERA value per unit/measure of length (B) ("&'General inputs'!$H$42&" as at 1 July "&LEFT('General inputs'!$I$40,4)&")" -> MEERA value per unit/measure of length (B) ($ as at 1 July 2026) | O21: ="Total MEERA value (A x B) ("&'General inputs'!$H$42&", $"&'General inputs'!$I$40&")" -> Total MEERA value (A x B) ($, $2026-27) | P21: ="MEERA value to be recovered via DSP ("&'General inputs'!$H$42&", $"&'General inputs'!$I$40&")" -> MEERA value to be recovered via DSP ($, $2026-27)
F22: =IF(E22="","-",IF(OR(E22<$E$15,E22>$E$16),"ERROR - date outside of range",IF(MONTH(E22)>=7,YEAR(E22)&"-"&IF(YEAR(E22)=1999,"00",IF(AND(YEAR(E22)>=2000,YEAR(E22)<2009),"0","")&RIGHT(YEAR(E22),2)+1),RIGHT(YEAR(E22),4)-1&"-"&RIGHT(YEAR(E22),2)))) -> - | J22: =IFERROR(MIN('MP Calculations'!$E$29/I22,1),"-") -> - | P22: =IF(O22="-","-",IF(OR(E22<$E$15,E22>$E$16),0,O22*J22)) -> 0
F23: =IF(E23="","-",IF(OR(E23<$E$15,E23>$E$16),"ERROR - date outside of range",IF(MONTH(E23)>=7,YEAR(E23)&"-"&IF(YEAR(E23)=1999,"00",IF(AND(YEAR(E23)>=2000,YEAR(E23)<2009),"0","")&RIGHT(YEAR(E23),2)+1),RIGHT(YEAR(E23),4)-1&"-"&RIGHT(YEAR(E23),2)))) -> - | J23: =IFERROR(MIN('MP Calculations'!$E$29/I23,1),"-") -> - | P23: =IF(O23="-","-",IF(OR(E23<$E$15,E23>$E$16),0,O23*J23)) -> 0
F24: =IF(E24="","-",IF(OR(E24<$E$15,E24>$E$16),"ERROR - date outside of range",IF(MONTH(E24)>=7,YEAR(E24)&"-"&IF(YEAR(E24)=1999,"00",IF(AND(YEAR(E24)>=2000,YEAR(E24)<2009),"0","")&RIGHT(YEAR(E24),2)+1),RIGHT(YEAR(E24),4)-1&"-"&RIGHT(YEAR(E24),2)))) -> - | J24: =IFERROR(MIN('MP Calculations'!$E$29/I24,1),"-") -> - | P24: =IF(O24="-","-",IF(OR(E24<$E$15,E24>$E$16),0,O24*J24)) -> 0
F25: =IF(E25="","-",IF(OR(E25<$E$15,E25>$E$16),"ERROR - date outside of range",IF(MONTH(E25)>=7,YEAR(E25)&"-"&IF(YEAR(E25)=1999,"00",IF(AND(YEAR(E25)>=2000,YEAR(E25)<2009),"0","")&RIGHT(YEAR(E25),2)+1),RIGHT(YEAR(E25),4)-1&"-"&RIGHT(YEAR(E25),2)))) -> - | J25: =IFERROR(MIN('MP Calculations'!$E$29/I25,1),"-") -> - | O25: =IF(N25="","-",L25*N25) -> - | P25: =IF(O25="-","-",IF(OR(E25<$E$15,E25>$E$16),0,O25*J25)) -> -
F26: =IF(E26="","-",IF(OR(E26<$E$15,E26>$E$16),"ERROR - date outside of range",IF(MONTH(E26)>=7,YEAR(E26)&"-"&IF(YEAR(E26)=1999,"00",IF(AND(YEAR(E26)>=2000,YEAR(E26)<2009),"0","")&RIGHT(YEAR(E26),2)+1),RIGHT(YEAR(E26),4)-1&"-"&RIGHT(YEAR(E26),2)))) -> - | J26: =IFERROR(MIN('MP Calculations'!$E$29/I26,1),"-") -> - | O26: =IF(N26="","-",L26*N26) -> - | P26: =IF(O26="-","-",IF(OR(E26<$E$15,E26>$E$16),0,O26*J26)) -> -
F27: =IF(E27="","-",IF(OR(E27<$E$15,E27>$E$16),"ERROR - date outside of range",IF(MONTH(E27)>=7,YEAR(E27)&"-"&IF(YEAR(E27)=1999,"00",IF(AND(YEAR(E27)>=2000,YEAR(E27)<2009),"0","")&RIGHT(YEAR(E27),2)+1),RIGHT(YEAR(E27),4)-1&"-"&RIGHT(YEAR(E27),2)))) -> - | J27: =IFERROR(MIN('MP Calculations'!$E$29/I27,1),"-") -> - | O27: =IF(N27="","-",L27*N27) -> - | P27: =IF(O27="-","-",IF(OR(E27<$E$15,E27>$E$16),0,O27*J27)) -> -
F28: =IF(E28="","-",IF(OR(E28<$E$15,E28>$E$16),"ERROR - date outside of range",IF(MONTH(E28)>=7,YEAR(E28)&"-"&IF(YEAR(E28)=1999,"00",IF(AND(YEAR(E28)>=2000,YEAR(E28)<2009),"0","")&RIGHT(YEAR(E28),2)+1),RIGHT(YEAR(E28),4)-1&"-"&RIGHT(YEAR(E28),2)))) -> - | J28: =IFERROR(MIN('MP Calculations'!$E$29/I28,1),"-") -> - | O28: =IF(N28="","-",L28*N28) -> - | P28: =IF(O28="-","-",IF(OR(E28<$E$15,E28>$E$16),0,O28*J28)) -> -
F29: =IF(E29="","-",IF(OR(E29<$E$15,E29>$E$16),"ERROR - date outside of range",IF(MONTH(E29)>=7,YEAR(E29)&"-"&IF(YEAR(E29)=1999,"00",IF(AND(YEAR(E29)>=2000,YEAR(E29)<2009),"0","")&RIGHT(YEAR(E29),2)+1),RIGHT(YEAR(E29),4)-1&"-"&RIGHT(YEAR(E29),2)))) -> - | J29: =IFERROR(MIN('MP Calculations'!$E$29/I29,1),"-") -> - | O29: =IF(N29="","-",L29*N29) -> - | P29: =IF(O29="-","-",IF(OR(E29<$E$15,E29>$E$16),0,O29*J29)) -> -
F30: =IF(E30="","-",IF(OR(E30<$E$15,E30>$E$16),"ERROR - date outside of range",IF(MONTH(E30)>=7,YEAR(E30)&"-"&IF(YEAR(E30)=1999,"00",IF(AND(YEAR(E30)>=2000,YEAR(E30)<2009),"0","")&RIGHT(YEAR(E30),2)+1),RIGHT(YEAR(E30),4)-1&"-"&RIGHT(YEAR(E30),2)))) -> - | J30: =IFERROR(MIN('MP Calculations'!$E$29/I30,1),"-") -> - | O30: =IF(N30="","-",L30*N30) -> - | P30: =IF(O30="-","-",IF(OR(E30<$E$15,E30>$E$16),0,O30*J30)) -> -
F31: =IF(E31="","-",IF(OR(E31<$E$15,E31>$E$16),"ERROR - date outside of range",IF(MONTH(E31)>=7,YEAR(E31)&"-"&IF(YEAR(E31)=1999,"00",IF(AND(YEAR(E31)>=2000,YEAR(E31)<2009),"0","")&RIGHT(YEAR(E31),2)+1),RIGHT(YEAR(E31),4)-1&"-"&RIGHT(YEAR(E31),2)))) -> - | J31: =IFERROR(MIN('MP Calculations'!$E$29/I31,1),"-") -> - | O31: =IF(N31="","-",L31*N31) -> - | P31: =IF(O31="-","-",IF(OR(E31<$E$15,E31>$E$16),0,O31*J31)) -> -
F32: =IF(E32="","-",IF(OR(E32<$E$15,E32>$E$16),"ERROR - date outside of range",IF(MONTH(E32)>=7,YEAR(E32)&"-"&IF(YEAR(E32)=1999,"00",IF(AND(YEAR(E32)>=2000,YEAR(E32)<2009),"0","")&RIGHT(YEAR(E32),2)+1),RIGHT(YEAR(E32),4)-1&"-"&RIGHT(YEAR(E32),2)))) -> - | J32: =IFERROR(MIN('MP Calculations'!$E$29/I32,1),"-") -> - | O32: =IF(N32="","-",L32*N32) -> - | P32: =IF(O32="-","-",IF(OR(E32<$E$15,E32>$E$16),0,O32*J32)) -> -
F33: =IF(E33="","-",IF(OR(E33<$E$15,E33>$E$16),"ERROR - date outside of range",IF(MONTH(E33)>=7,YEAR(E33)&"-"&IF(YEAR(E33)=1999,"00",IF(AND(YEAR(E33)>=2000,YEAR(E33)<2009),"0","")&RIGHT(YEAR(E33),2)+1),RIGHT(YEAR(E33),4)-1&"-"&RIGHT(YEAR(E33),2)))) -> - | J33: =IFERROR(MIN('MP Calculations'!$E$29/I33,1),"-") -> - | O33: =IF(N33="","-",L33*N33) -> - | P33: =IF(O33="-","-",IF(OR(E33<$E$15,E33>$E$16),0,O33*J33)) -> -
F34: =IF(E34="","-",IF(OR(E34<$E$15,E34>$E$16),"ERROR - date outside of range",IF(MONTH(E34)>=7,YEAR(E34)&"-"&IF(YEAR(E34)=1999,"00",IF(AND(YEAR(E34)>=2000,YEAR(E34)<2009),"0","")&RIGHT(YEAR(E34),2)+1),RIGHT(YEAR(E34),4)-1&"-"&RIGHT(YEAR(E34),2)))) -> - | J34: =IFERROR(MIN('MP Calculations'!$E$29/I34,1),"-") -> - | O34: =IF(N34="","-",L34*N34) -> - | P34: =IF(O34="-","-",IF(OR(E34<$E$15,E34>$E$16),0,O34*J34)) -> -
F35: =IF(E35="","-",IF(OR(E35<$E$15,E35>$E$16),"ERROR - date outside of range",IF(MONTH(E35)>=7,YEAR(E35)&"-"&IF(YEAR(E35)=1999,"00",IF(AND(YEAR(E35)>=2000,YEAR(E35)<2009),"0","")&RIGHT(YEAR(E35),2)+1),RIGHT(YEAR(E35),4)-1&"-"&RIGHT(YEAR(E35),2)))) -> - | J35: =IFERROR(MIN('MP Calculations'!$E$29/I35,1),"-") -> - | O35: =IF(N35="","-",L35*N35) -> - | P35: =IF(O35="-","-",IF(OR(E35<$E$15,E35>$E$16),0,O35*J35)) -> -
F36: =IF(E36="","-",IF(OR(E36<$E$15,E36>$E$16),"ERROR - date outside of range",IF(MONTH(E36)>=7,YEAR(E36)&"-"&IF(YEAR(E36)=1999,"00",IF(AND(YEAR(E36)>=2000,YEAR(E36)<2009),"0","")&RIGHT(YEAR(E36),2)+1),RIGHT(YEAR(E36),4)-1&"-"&RIGHT(YEAR(E36),2)))) -> - | J36: =IFERROR(MIN('MP Calculations'!$E$29/I36,1),"-") -> - | O36: =IF(N36="","-",L36*N36) -> - | P36: =IF(O36="-","-",IF(OR(E36<$E$15,E36>$E$16),0,O36*J36)) -> -
... F217: =IF(E217="","-",IF(OR(E217<$E$15,E217>$E$16),"ERROR - date outside of range",IF(MONTH(E217)>=7,YEAR(E217)&"-"&IF(YEAR(E217)=1999,"00",IF(AND(YEAR(E217)>=2000,YEAR(E217)<2009),"0","")&RIGHT(YEAR(E217),2)+1),RIGHT(YEAR(E217),4)-1&"-"&RIGHT(YEAR(E217),2)))) -> - | J217: =IFERROR(MIN('MP Calculations'!$E$29/I217,1),"-") -> - | O217: =IF(N217="","-",L217*N217) -> - | P217: =IF(O217="-","-",IF(OR(E217<$E$15,E217>$E$16),0,O217*J217)) -> -
D218: ="Add rows above this point as required and copy formula down. It is important to add rows above this point as this will ensure the formula on the '"&MID(CELL("filename",'MP Calculations'!$A$1),FIND("]",CELL("filename",'MP Calculations'!$A$1))+1,255)&"' worksheet will incorporate the information included in the additional rows. " -> Add rows above this point as required and copy formula down. It is important to add rows above this point as this will ensure the formula on the 'MP Calculations' worksheet will incorporate the information included in the additional rows. | F218: =IF(E218="","-",IF(OR(E218<$E$15,E218>$E$16),"ERROR - date outside of range",IF(MONTH(E218)>=7,YEAR(E218)&"-"&IF(YEAR(E218)=1999,"00",IF(AND(YEAR(E218)>=2000,YEAR(E218)<2009),"0","")&RIGHT(YEAR(E218),2)+1),RIGHT(YEAR(E218),4)-1&"-"&RIGHT(YEAR(E218),2)))) -> - | J218: =IFERROR(MIN('MP Calculations'!$E$29/I218,1),"-") -> - | O218: =IF(N218="","-",L218*N218) -> - | P218: =IF(O218="-","-",IF(OR(E218<$E$15,E218>$E$16),0,O218*J218)) -> -

Sheet Uncommissioned assets
C3: POST-1996 UNCOMMISSIONED ASSETS WITH A NEXUS TO THE SERVICE FOR WHICH THE MAXIMUM PRICE IS BEING CALCULATED
C6: ="Consideration must be given to the principles regarding asset exclusions presented on the '"&MID(CELL("filename",'Asset exclusions'!A1),FIND("]",CELL("filename",'Asset exclusions'!A1))+1,255)&"' worksheet before they are entered into the register." -> Consideration must be given to the principles regarding asset exclusions presented on the 'Asset exclusions' worksheet before they are entered into the register.
C7: ="Hyperlink to the '"&MID(CELL("filename",'Asset exclusions'!A1),FIND("]",CELL("filename",'Asset exclusions'!A1))+1,255)&"' worksheet:" -> Hyperlink to the 'Asset exclusions' worksheet: | E7: Asset exclusions'!A1
C9: Where this template is being used to calculate the maximum price for connecting to a Recycled Water System, refer to the following provisions of the Recycled Water Developer Charges Determination:
C10: (a) Schedule 1, clause 2 (where the Recycled Water System is a Least Cost Servicing Solution); and
C11: (b) Schedule 2, clause 2.2 (where the Recycled Water System is not a Least Cost Servicing Solution).
C12: These provisions may affect the calculation of the capital charge.
C14: Date range for assets
C15: Start date | E15: ='General inputs'!$H$18+1 -> 46204
C18: Register of uncommissioned assets
C20: General inputs | H20: Service potential inputs | L20: Asset value inputs
C21: Identifier | D21: Description | E21: Date commissioned | F21: Financial year of commissioning | H21: DSP areas serviced by asset | I21: Expected system-wide ETs to be serviced by this asset | J21: Proportion of asset cost to be recovered via this DSP | L21: Number of units or length of asset (A) | M21: Unit of measure in (A) | N21: ="MEERA value per unit/measure of length (B) ("&'General inputs'!$H$42&" as at 1 July "&LEFT('General inputs'!$I$40,4)&")" -> MEERA value per unit/measure of length (B) ($ as at 1 July 2026) | O21: ="Total MEERA value (A x B) ("&'General inputs'!$H$42&", $"&'General inputs'!$I$40&")" -> Total MEERA value (A x B) ($, $2026-27) | P21: ="MEERA value to be recovered via DSP ("&'General inputs'!$H$42&", $"&'General inputs'!$I$40&")" -> MEERA value to be recovered via DSP ($, $2026-27)
D22: Net land purchases from landowners experiencing hardship (including hardship disinvestment) | E22: 46204 | F22: =IF(E22="","-",IF(E22<$E$15,"ERROR - date outside of range",IF(MONTH(E22)>=7,YEAR(E22)&"-"&RIGHT(YEAR(E22),2)+1,YEAR(E22)-1&"-"&RIGHT(YEAR(E22),2)))) -> 2026-27 | H22: Aerotropolis | I22: 28055.522 | J22: =IFERROR(MIN('MP Calculations'!$E$29/I22,1),"-") -> 1 | O22: 26997313 | P22: =IF(O22="-","-",IF(E22<$E$15,0,O22*J22)) -> 26997313
D23: Planning Costs - profressional services , design development and overhead and admin costs | E23: 46204 | F23: =IF(E23="","-",IF(E23<$E$15,"ERROR - date outside of range",IF(MONTH(E23)>=7,YEAR(E23)&"-"&RIGHT(YEAR(E23),2)+1,YEAR(E23)-1&"-"&RIGHT(YEAR(E23),2)))) -> 2026-27 | H23: Aerotropolis | I23: =$I$22 -> 28055.522 | J23: =IFERROR(MIN('MP Calculations'!$E$29/I23,1),"-") -> 1 | O23: 6150854.6 | P23: =IF(O23="-","-",IF(E23<$E$15,0,O23*J23)) -> 6150854.6
D24: Pressure Main - Greenfield - Type L - Stabilised Sand / Select - oPVC PN16 - DN250 - 1.5m deep | E24: 46204 | F24: =IF(E24="","-",IF(E24<$E$15,"ERROR - date outside of range",IF(MONTH(E24)>=7,YEAR(E24)&"-"&RIGHT(YEAR(E24),2)+1,YEAR(E24)-1&"-"&RIGHT(YEAR(E24),2)))) -> 2026-27 | H24: Aerotropolis | I24: =$I$22 -> 28055.522 | J24: =IFERROR(MIN('MP Calculations'!$E$29/I24,1),"-") -> 1 | O24: 2995569.3 | P24: =IF(O24="-","-",IF(E24<$E$15,0,O24*J24)) -> 2995569.3
D25: Pressure Main - Greenfield - Type L - Stabilised Sand / Select - DICL PN35 - DN300 - 1.5m deep | E25: 46204 | F25: =IF(E25="","-",IF(E25<$E$15,"ERROR - date outside of range",IF(MONTH(E25)>=7,YEAR(E25)&"-"&RIGHT(YEAR(E25),2)+1,YEAR(E25)-1&"-"&RIGHT(YEAR(E25),2)))) -> 2026-27 | H25: Aerotropolis | I25: =$I$22 -> 28055.522 | J25: =IFERROR(MIN('MP Calculations'!$E$29/I25,1),"-") -> 1 | O25: 4311449.1 | P25: =IF(O25="-","-",IF(E25<$E$15,0,O25*J25)) -> 4311449.1
D26: Pressure Main - Greenfield - Type L - Stabilised Sand / Select - DICL PN35 - DN375 - 1.6m deep | E26: 46204 | F26: =IF(E26="","-",IF(E26<$E$15,"ERROR - date outside of range",IF(MONTH(E26)>=7,YEAR(E26)&"-"&RIGHT(YEAR(E26),2)+1,YEAR(E26)-1&"-"&RIGHT(YEAR(E26),2)))) -> 2026-27 | H26: Aerotropolis | I26: =$I$22 -> 28055.522 | J26: =IFERROR(MIN('MP Calculations'!$E$29/I26,1),"-") -> 1 | O26: 1082104.6 | P26: =IF(O26="-","-",IF(E26<$E$15,0,O26*J26)) -> 1082104.6
D27: Pressure Main - Greenfield - Type L - Stabilised Sand / Select - DICL PN35 - DN450- 1.7m deep | E27: 46204 | F27: =IF(E27="","-",IF(E27<$E$15,"ERROR - date outside of range",IF(MONTH(E27)>=7,YEAR(E27)&"-"&RIGHT(YEAR(E27),2)+1,YEAR(E27)-1&"-"&RIGHT(YEAR(E27),2)))) -> 2026-27 | H27: Aerotropolis | I27: =$I$22 -> 28055.522 | J27: =IFERROR(MIN('MP Calculations'!$E$29/I27,1),"-") -> 1 | O27: 2574661.2 | P27: =IF(O27="-","-",IF(E27<$E$15,0,O27*J27)) -> 2574661.2
D28: Pressure Main - Greenfield - Type L - Stabilised Sand / Select - DICL PN35 - DN500 - 1.8m deep | E28: 46204 | F28: =IF(E28="","-",IF(E28<$E$15,"ERROR - date outside of range",IF(MONTH(E28)>=7,YEAR(E28)&"-"&RIGHT(YEAR(E28),2)+1,YEAR(E28)-1&"-"&RIGHT(YEAR(E28),2)))) -> 2026-27 | H28: Aerotropolis | I28: =$I$22 -> 28055.522 | J28: =IFERROR(MIN('MP Calculations'!$E$29/I28,1),"-") -> 1 | O28: 1286697 | P28: =IF(O28="-","-",IF(E28<$E$15,0,O28*J28)) -> 1286697
D29: Pressure Main - Greenfield - Type L - Stabilised Sand / Select - DICL PN35 - DN600 - 1.9m deep. | E29: 46204 | F29: =IF(E29="","-",IF(E29<$E$15,"ERROR - date outside of range",IF(MONTH(E29)>=7,YEAR(E29)&"-"&RIGHT(YEAR(E29),2)+1,YEAR(E29)-1&"-"&RIGHT(YEAR(E29),2)))) -> 2026-27 | H29: Aerotropolis | I29: =$I$22 -> 28055.522 | J29: =IFERROR(MIN('MP Calculations'!$E$29/I29,1),"-") -> 1 | O29: 860182.8 | P29: =IF(O29="-","-",IF(E29<$E$15,0,O29*J29)) -> 860182.8
D30: Pressure Main - Greenfield - Type L - Stabilised Sand / Select - DICL PN35 - DN750 - 2.0m deep. | E30: 46204 | F30: =IF(E30="","-",IF(E30<$E$15,"ERROR - date outside of range",IF(MONTH(E30)>=7,YEAR(E30)&"-"&RIGHT(YEAR(E30),2)+1,YEAR(E30)-1&"-"&RIGHT(YEAR(E30),2)))) -> 2026-27 | H30: Aerotropolis | I30: =$I$22 -> 28055.522 | J30: =IFERROR(MIN('MP Calculations'!$E$29/I30,1),"-") -> 1 | O30: 2776408.4 | P30: =IF(O30="-","-",IF(E30<$E$15,0,O30*J30)) -> 2776408.4
D31: Outlet Channels - 10m wide - 15 drops / km (0.5% fall) | E31: 46569 | F31: =IF(E31="","-",IF(E31<$E$15,"ERROR - date outside of range",IF(MONTH(E31)>=7,YEAR(E31)&"-"&RIGHT(YEAR(E31),2)+1,YEAR(E31)-1&"-"&RIGHT(YEAR(E31),2)))) -> 2027-28 | H31: Aerotropolis | I31: =$I$22 -> 28055.522 | J31: =IFERROR(MIN('MP Calculations'!$E$29/I31,1),"-") -> 1 | O31: 316380.86 | P31: =IF(O31="-","-",IF(E31<$E$15,0,O31*J31)) -> 316380.86
D32: Trunk Drainage - 20m wide - 15 drops / km (0.5% fall) | E32: 46569 | F32: =IF(E32="","-",IF(E32<$E$15,"ERROR - date outside of range",IF(MONTH(E32)>=7,YEAR(E32)&"-"&RIGHT(YEAR(E32),2)+1,YEAR(E32)-1&"-"&RIGHT(YEAR(E32),2)))) -> 2027-28 | H32: Aerotropolis | I32: =$I$22 -> 28055.522 | J32: =IFERROR(MIN('MP Calculations'!$E$29/I32,1),"-") -> 1 | O32: 1200080.2 | P32: =IF(O32="-","-",IF(E32<$E$15,0,O32*J32)) -> 1200080.2
D33: Trunk Drainage - 30m wide - 15 drops / km (0.5% fall) | E33: 46569 | F33: =IF(E33="","-",IF(E33<$E$15,"ERROR - date outside of range",IF(MONTH(E33)>=7,YEAR(E33)&"-"&RIGHT(YEAR(E33),2)+1,YEAR(E33)-1&"-"&RIGHT(YEAR(E33),2)))) -> 2027-28 | H33: Aerotropolis | I33: =$I$22 -> 28055.522 | J33: =IFERROR(MIN('MP Calculations'!$E$29/I33,1),"-") -> 1 | O33: 32608.99 | P33: =IF(O33="-","-",IF(E33<$E$15,0,O33*J33)) -> 32608.99
D34: Waterways - Full creek realignment / reconstruction | E34: 46569 | F34: =IF(E34="","-",IF(E34<$E$15,"ERROR - date outside of range",IF(MONTH(E34)>=7,YEAR(E34)&"-"&RIGHT(YEAR(E34),2)+1,YEAR(E34)-1&"-"&RIGHT(YEAR(E34),2)))) -> 2027-28 | H34: Aerotropolis | I34: =$I$22 -> 28055.522 | J34: =IFERROR(MIN('MP Calculations'!$E$29/I34,1),"-") -> 1 | O34: 84510.593 | P34: =IF(O34="-","-",IF(E34<$E$15,0,O34*J34)) -> 84510.593
... D1424: Capex Renewals - from opex team | E1424: 56796 | F1424: =IF(E1424="","-",IF(E1424<$E$15,"ERROR - date outside of range",IF(MONTH(E1424)>=7,YEAR(E1424)&"-"&RIGHT(YEAR(E1424),2)+1,YEAR(E1424)-1&"-"&RIGHT(YEAR(E1424),2)))) -> 2055-56 | H1424: Aerotropolis | I1424: =$I$22 -> 28055.522 | J1424: =IFERROR(MIN('MP Calculations'!$E$29/I1424,1),"-") -> 1 | O1424: 945519.1 | P1424: =IF(O1424="-","-",IF(E1424<$E$15,0,O1424*J1424)) -> 945519.1
F1425: =IF(E1425="","-",IF(E1425<$E$15,"ERROR - date outside of range",IF(MONTH(E1425)>=7,YEAR(E1425)&"-"&RIGHT(YEAR(E1425),2)+1,YEAR(E1425)-1&"-"&RIGHT(YEAR(E1425),2)))) -> - | J1425: =IFERROR(MIN('MP Calculations'!$E$29/I1425,1),"-") -> - | O1425: - | P1425: =IF(O1425="-","-",IF(E1425<$E$15,0,O1425*J1425)) -> -
F1426: =IF(E1426="","-",IF(E1426<$E$15,"ERROR - date outside of range",IF(MONTH(E1426)>=7,YEAR(E1426)&"-"&RIGHT(YEAR(E1426),2)+1,YEAR(E1426)-1&"-"&RIGHT(YEAR(E1426),2)))) -> - | J1426: =IFERROR(MIN('MP Calculations'!$E$29/I1426,1),"-") -> - | O1426: - | P1426: =IF(O1426="-","-",IF(E1426<$E$15,0,O1426*J1426)) -> -
F1427: =IF(E1427="","-",IF(E1427<$E$15,"ERROR - date outside of range",IF(MONTH(E1427)>=7,YEAR(E1427)&"-"&RIGHT(YEAR(E1427),2)+1,YEAR(E1427)-1&"-"&RIGHT(YEAR(E1427),2)))) -> - | J1427: =IFERROR(MIN('MP Calculations'!$E$29/I1427,1),"-") -> - | O1427: - | P1427: =IF(O1427="-","-",IF(E1427<$E$15,0,O1427*J1427)) -> -
F1428: =IF(E1428="","-",IF(E1428<$E$15,"ERROR - date outside of range",IF(MONTH(E1428)>=7,YEAR(E1428)&"-"&RIGHT(YEAR(E1428),2)+1,YEAR(E1428)-1&"-"&RIGHT(YEAR(E1428),2)))) -> - | J1428: =IFERROR(MIN('MP Calculations'!$E$29/I1428,1),"-") -> - | O1428: - | P1428: =IF(O1428="-","-",IF(E1428<$E$15,0,O1428*J1428)) -> -
F1429: =IF(E1429="","-",IF(E1429<$E$15,"ERROR - date outside of range",IF(MONTH(E1429)>=7,YEAR(E1429)&"-"&RIGHT(YEAR(E1429),2)+1,YEAR(E1429)-1&"-"&RIGHT(YEAR(E1429),2)))) -> - | J1429: =IFERROR(MIN('MP Calculations'!$E$29/I1429,1),"-") -> - | O1429: - | P1429: =IF(O1429="-","-",IF(E1429<$E$15,0,O1429*J1429)) -> -
F1430: =IF(E1430="","-",IF(E1430<$E$15,"ERROR - date outside of range",IF(MONTH(E1430)>=7,YEAR(E1430)&"-"&RIGHT(YEAR(E1430),2)+1,YEAR(E1430)-1&"-"&RIGHT(YEAR(E1430),2)))) -> - | J1430: =IFERROR(MIN('MP Calculations'!$E$29/I1430,1),"-") -> - | O1430: - | P1430: =IF(O1430="-","-",IF(E1430<$E$15,0,O1430*J1430)) -> -
F1431: =IF(E1431="","-",IF(E1431<$E$15,"ERROR - date outside of range",IF(MONTH(E1431)>=7,YEAR(E1431)&"-"&RIGHT(YEAR(E1431),2)+1,YEAR(E1431)-1&"-"&RIGHT(YEAR(E1431),2)))) -> - | J1431: =IFERROR(MIN('MP Calculations'!$E$29/I1431,1),"-") -> - | O1431: - | P1431: =IF(O1431="-","-",IF(E1431<$E$15,0,O1431*J1431)) -> -
F1432: =IF(E1432="","-",IF(E1432<$E$15,"ERROR - date outside of range",IF(MONTH(E1432)>=7,YEAR(E1432)&"-"&RIGHT(YEAR(E1432),2)+1,YEAR(E1432)-1&"-"&RIGHT(YEAR(E1432),2)))) -> - | J1432: =IFERROR(MIN('MP Calculations'!$E$29/I1432,1),"-") -> - | O1432: - | P1432: =IF(O1432="-","-",IF(E1432<$E$15,0,O1432*J1432)) -> -
F1433: =IF(E1433="","-",IF(E1433<$E$15,"ERROR - date outside of range",IF(MONTH(E1433)>=7,YEAR(E1433)&"-"&RIGHT(YEAR(E1433),2)+1,YEAR(E1433)-1&"-"&RIGHT(YEAR(E1433),2)))) -> - | J1433: =IFERROR(MIN('MP Calculations'!$E$29/I1433,1),"-") -> - | O1433: - | P1433: =IF(O1433="-","-",IF(E1433<$E$15,0,O1433*J1433)) -> -
F1434: =IF(E1434="","-",IF(E1434<$E$15,"ERROR - date outside of range",IF(MONTH(E1434)>=7,YEAR(E1434)&"-"&RIGHT(YEAR(E1434),2)+1,YEAR(E1434)-1&"-"&RIGHT(YEAR(E1434),2)))) -> - | J1434: =IFERROR(MIN('MP Calculations'!$E$29/I1434,1),"-") -> - | O1434: - | P1434: =IF(O1434="-","-",IF(E1434<$E$15,0,O1434*J1434)) -> -
F1435: =IF(E1435="","-",IF(E1435<$E$15,"ERROR - date outside of range",IF(MONTH(E1435)>=7,YEAR(E1435)&"-"&RIGHT(YEAR(E1435),2)+1,YEAR(E1435)-1&"-"&RIGHT(YEAR(E1435),2)))) -> - | J1435: =IFERROR(MIN('MP Calculations'!$E$29/I1435,1),"-") -> - | O1435: - | P1435: =IF(O1435="-","-",IF(E1435<$E$15,0,O1435*J1435)) -> -
F1436: =IF(E1436="","-",IF(E1436<$E$15,"ERROR - date outside of range",IF(MONTH(E1436)>=7,YEAR(E1436)&"-"&RIGHT(YEAR(E1436),2)+1,YEAR(E1436)-1&"-"&RIGHT(YEAR(E1436),2)))) -> - | J1436: =IFERROR(MIN('MP Calculations'!$E$29/I1436,1),"-") -> - | O1436: - | P1436: =IF(O1436="-","-",IF(E1436<$E$15,0,O1436*J1436)) -> -
... F1500: =IF(E1500="","-",IF(E1500<$E$15,"ERROR - date outside of range",IF(MONTH(E1500)>=7,YEAR(E1500)&"-"&RIGHT(YEAR(E1500),2)+1,YEAR(E1500)-1&"-"&RIGHT(YEAR(E1500),2)))) -> - | J1500: =IFERROR(MIN('MP Calculations'!$E$29/I1500,1),"-") -> - | O1500: - | P1500: =IF(O1500="-","-",IF(E1500<$E$15,0,O1500*J1500)) -> -
D1501: ="Add rows above this point as required and copy formula down. It is important to add rows above this point as this will ensure the formula on the '"&MID(CELL("filename",'MP Calculations'!$A$1),FIND("]",CELL("filename",'MP Calculations'!$A$1))+1,255)&"' worksheet will incorporate the information included in the additional rows. " -> Add rows above this point as required and copy formula down. It is important to add rows above this point as this will ensure the formula on the 'MP Calculations' worksheet will incorporate the information included in the additional rows. | F1501: =IF(E1501="","-",IF(E1501<$E$15,"ERROR - date outside of range",IF(MONTH(E1501)>=7,YEAR(E1501)&"-"&RIGHT(YEAR(E1501),2)+1,YEAR(E1501)-1&"-"&RIGHT(YEAR(E1501),2)))) -> - | J1501: =IFERROR(MIN('MP Calculations'!$E$29/I1501,1),"-") -> - | O1501: - | P1501: =IF(O1501="-","-",IF(E1501<$E$15,0,O1501*J1501)) -> -

Sheet ET inputs
C3: EQUIVALENT TENEMENTS (ETs) SINCE 1 JULY 1996 RELATING TO THE DSP UNDER CONSIDERATION
C6: ET assumption (hectares/ET) | F6: 0.10495897 | G6: ="Input entered at "&ADDRESS(ROW('General inputs'!$H$36),COLUMN('General inputs'!$H$36))&" on the '"&MID(CELL("filename",'General inputs'!$A$1),FIND("]",CELL("filename",'General inputs'!$A$1))+1,255)&"' worksheet. " -> Input entered at $H$36 on the 'General inputs' worksheet.
F8: Aerotropolis net developable area
C9: Consumption assumption | F9: hectares/property | G9: 0.10495897
D11: Total new ETs in DSP area | F11: Annual take-up of development (m2) | G11: ETs | AJ11: Do not delete section below - this is where the user can enter alternative consumption assumption options for non-residential customer groups.
C12: ='MP Calculations'!D39 -> 1995-96 | D12: =IF(LEFT($C12,4)*1<LEFT('General inputs'!$I$16,4)+'General inputs'!$H$38,SUM(G12,J12,M12,P12,S12,V12,Y12,AB12,AE12,AH12),"") -> 0 | F12: 0 | G12: =F12*$G$9/$F$6 -> 0 | I12: 0 | J12: =I12*$J$9/$F$6 -> 0 | L12: 0 | M12: =L12*$M$9/$F$6 -> 0 | O12: 0 | P12: =O12*$P$9/$F$6 -> 0 | R12: 0 | S12: =R12*$S$9/$F$6 -> 0 | U12: 0 | V12: =U12*$V$9/$F$6 -> 0 | X12: 0 | Y12: =X12*$Y$9/$F$6 -> 0 | AA12: 0 | AB12: =AA12*$AB$9/$F$6 -> 0 | AD12: 0 | AE12: =AD12*$AE$9/$F$6 -> 0 | AG12: 0 | AH12: =AG12*$AH$9/$F$6 -> 0 | AI12: 1 | AJ12: kL/property/year | AK12: properties
C13: ='MP Calculations'!D40 -> 1996-97 | D13: =IF(LEFT($C13,4)*1<LEFT('General inputs'!$I$16,4)+'General inputs'!$H$38,SUM(G13,J13,M13,P13,S13,V13,Y13,AB13,AE13,AH13),"") -> 0 | F13: 0 | G13: =F13*$G$9/$F$6 -> 0 | I13: 0 | J13: =I13*$J$9/$F$6 -> 0 | L13: 0 | M13: =L13*$M$9/$F$6 -> 0 | O13: 0 | P13: =O13*$P$9/$F$6 -> 0 | R13: 0 | S13: =R13*$S$9/$F$6 -> 0 | U13: 0 | V13: =U13*$V$9/$F$6 -> 0 | X13: 0 | Y13: =X13*$Y$9/$F$6 -> 0 | AA13: 0 | AB13: =AA13*$AB$9/$F$6 -> 0 | AD13: 0 | AE13: =AD13*$AE$9/$F$6 -> 0 | AG13: 0 | AH13: =AG13*$AH$9/$F$6 -> 0 | AI13: =AI12+1 -> 2 | AJ13: kL/hectare/year | AK13: hectares
C14: ='MP Calculations'!D41 -> 1997-98 | D14: =IF(LEFT($C14,4)*1<LEFT('General inputs'!$I$16,4)+'General inputs'!$H$38,SUM(G14,J14,M14,P14,S14,V14,Y14,AB14,AE14,AH14),"") -> 0 | F14: 0 | G14: =F14*$G$9/$F$6 -> 0 | I14: 0 | J14: =I14*$J$9/$F$6 -> 0 | L14: 0 | M14: =L14*$M$9/$F$6 -> 0 | O14: 0 | P14: =O14*$P$9/$F$6 -> 0 | R14: 0 | S14: =R14*$S$9/$F$6 -> 0 | U14: 0 | V14: =U14*$V$9/$F$6 -> 0 | X14: 0 | Y14: =X14*$Y$9/$F$6 -> 0 | AA14: 0 | AB14: =AA14*$AB$9/$F$6 -> 0 | AD14: 0 | AE14: =AD14*$AE$9/$F$6 -> 0 | AG14: 0 | AH14: =AG14*$AH$9/$F$6 -> 0 | AI14: =AI13+1 -> 3
C15: ='MP Calculations'!D42 -> 1998-99 | D15: =IF(LEFT($C15,4)*1<LEFT('General inputs'!$I$16,4)+'General inputs'!$H$38,SUM(G15,J15,M15,P15,S15,V15,Y15,AB15,AE15,AH15),"") -> 0 | F15: 0 | G15: =F15*$G$9/$F$6 -> 0 | I15: 0 | J15: =I15*$J$9/$F$6 -> 0 | L15: 0 | M15: =L15*$M$9/$F$6 -> 0 | O15: 0 | P15: =O15*$P$9/$F$6 -> 0 | R15: 0 | S15: =R15*$S$9/$F$6 -> 0 | U15: 0 | V15: =U15*$V$9/$F$6 -> 0 | X15: 0 | Y15: =X15*$Y$9/$F$6 -> 0 | AA15: 0 | AB15: =AA15*$AB$9/$F$6 -> 0 | AD15: 0 | AE15: =AD15*$AE$9/$F$6 -> 0 | AG15: 0 | AH15: =AG15*$AH$9/$F$6 -> 0 | AI15: =AI14+1 -> 4 | AL15: ="Provide plural notation for the units of measure entered at "&ADDRESS(ROW($AJ$12),COLUMN($AJ$12))&" to "&ADDRESS(ROW($AJ$18),COLUMN($AJ$18))&"." -> Provide plural notation for the units of measure entered at $AJ$12 to $AJ$18.
C16: ='MP Calculations'!D43 -> 1999-00 | D16: =IF(LEFT($C16,4)*1<LEFT('General inputs'!$I$16,4)+'General inputs'!$H$38,SUM(G16,J16,M16,P16,S16,V16,Y16,AB16,AE16,AH16),"") -> 0 | F16: 0 | G16: =F16*$G$9/$F$6 -> 0 | I16: 0 | J16: =I16*$J$9/$F$6 -> 0 | L16: 0 | M16: =L16*$M$9/$F$6 -> 0 | O16: 0 | P16: =O16*$P$9/$F$6 -> 0 | R16: 0 | S16: =R16*$S$9/$F$6 -> 0 | U16: 0 | V16: =U16*$V$9/$F$6 -> 0 | X16: 0 | Y16: =X16*$Y$9/$F$6 -> 0 | AA16: 0 | AB16: =AA16*$AB$9/$F$6 -> 0 | AD16: 0 | AE16: =AD16*$AE$9/$F$6 -> 0 | AG16: 0 | AH16: =AG16*$AH$9/$F$6 -> 0 | AI16: =AI15+1 -> 5 | AL16: The plural of the units will only affect headings.
C17: ='MP Calculations'!D44 -> 2000-01 | D17: =IF(LEFT($C17,4)*1<LEFT('General inputs'!$I$16,4)+'General inputs'!$H$38,SUM(G17,J17,M17,P17,S17,V17,Y17,AB17,AE17,AH17),"") -> 0 | F17: 0 | G17: =F17*$G$9/$F$6 -> 0 | I17: 0 | J17: =I17*$J$9/$F$6 -> 0 | L17: 0 | M17: =L17*$M$9/$F$6 -> 0 | O17: 0 | P17: =O17*$P$9/$F$6 -> 0 | R17: 0 | S17: =R17*$S$9/$F$6 -> 0 | U17: 0 | V17: =U17*$V$9/$F$6 -> 0 | X17: 0 | Y17: =X17*$Y$9/$F$6 -> 0 | AA17: 0 | AB17: =AA17*$AB$9/$F$6 -> 0 | AD17: 0 | AE17: =AD17*$AE$9/$F$6 -> 0 | AG17: 0 | AH17: =AG17*$AH$9/$F$6 -> 0 | AI17: =AI16+1 -> 6
C18: ='MP Calculations'!D45 -> 2001-02 | D18: =IF(LEFT($C18,4)*1<LEFT('General inputs'!$I$16,4)+'General inputs'!$H$38,SUM(G18,J18,M18,P18,S18,V18,Y18,AB18,AE18,AH18),"") -> 0 | F18: 0 | G18: =F18*$G$9/$F$6 -> 0 | I18: 0 | J18: =I18*$J$9/$F$6 -> 0 | L18: 0 | M18: =L18*$M$9/$F$6 -> 0 | O18: 0 | P18: =O18*$P$9/$F$6 -> 0 | R18: 0 | S18: =R18*$S$9/$F$6 -> 0 | U18: 0 | V18: =U18*$V$9/$F$6 -> 0 | X18: 0 | Y18: =X18*$Y$9/$F$6 -> 0 | AA18: 0 | AB18: =AA18*$AB$9/$F$6 -> 0 | AD18: 0 | AE18: =AD18*$AE$9/$F$6 -> 0 | AG18: 0 | AH18: =AG18*$AH$9/$F$6 -> 0 | AI18: =AI17+1 -> 7
C19: ='MP Calculations'!D46 -> 2002-03 | D19: =IF(LEFT($C19,4)*1<LEFT('General inputs'!$I$16,4)+'General inputs'!$H$38,SUM(G19,J19,M19,P19,S19,V19,Y19,AB19,AE19,AH19),"") -> 0 | F19: 0 | G19: =F19*$G$9/$F$6 -> 0 | I19: 0 | J19: =I19*$J$9/$F$6 -> 0 | L19: 0 | M19: =L19*$M$9/$F$6 -> 0 | O19: 0 | P19: =O19*$P$9/$F$6 -> 0 | R19: 0 | S19: =R19*$S$9/$F$6 -> 0 | U19: 0 | V19: =U19*$V$9/$F$6 -> 0 | X19: 0 | Y19: =X19*$Y$9/$F$6 -> 0 | AA19: 0 | AB19: =AA19*$AB$9/$F$6 -> 0 | AD19: 0 | AE19: =AD19*$AE$9/$F$6 -> 0 | AG19: 0 | AH19: =AG19*$AH$9/$F$6 -> 0 | AJ19: ="add alternatives at "&ADDRESS(ROW(AJ18),COLUMN(AJ18))&":"&ADDRESS(ROW(AJ23),COLUMN(AJ23)) -> add alternatives at $AJ$18:$AJ$23
C20: ='MP Calculations'!D47 -> 2003-04 | D20: =IF(LEFT($C20,4)*1<LEFT('General inputs'!$I$16,4)+'General inputs'!$H$38,SUM(G20,J20,M20,P20,S20,V20,Y20,AB20,AE20,AH20),"") -> 0 | F20: 0 | G20: =F20*$G$9/$F$6 -> 0 | I20: 0 | J20: =I20*$J$9/$F$6 -> 0 | L20: 0 | M20: =L20*$M$9/$F$6 -> 0 | O20: 0 | P20: =O20*$P$9/$F$6 -> 0 | R20: 0 | S20: =R20*$S$9/$F$6 -> 0 | U20: 0 | V20: =U20*$V$9/$F$6 -> 0 | X20: 0 | Y20: =X20*$Y$9/$F$6 -> 0 | AA20: 0 | AB20: =AA20*$AB$9/$F$6 -> 0 | AD20: 0 | AE20: =AD20*$AE$9/$F$6 -> 0 | AG20: 0 | AH20: =AG20*$AH$9/$F$6 -> 0
C21: ='MP Calculations'!D48 -> 2004-05 | D21: =IF(LEFT($C21,4)*1<LEFT('General inputs'!$I$16,4)+'General inputs'!$H$38,SUM(G21,J21,M21,P21,S21,V21,Y21,AB21,AE21,AH21),"") -> 0 | F21: 0 | G21: =F21*$G$9/$F$6 -> 0 | I21: 0 | J21: =I21*$J$9/$F$6 -> 0 | L21: 0 | M21: =L21*$M$9/$F$6 -> 0 | O21: 0 | P21: =O21*$P$9/$F$6 -> 0 | R21: 0 | S21: =R21*$S$9/$F$6 -> 0 | U21: 0 | V21: =U21*$V$9/$F$6 -> 0 | X21: 0 | Y21: =X21*$Y$9/$F$6 -> 0 | AA21: 0 | AB21: =AA21*$AB$9/$F$6 -> 0 | AD21: 0 | AE21: =AD21*$AE$9/$F$6 -> 0 | AG21: 0 | AH21: =AG21*$AH$9/$F$6 -> 0
C22: ='MP Calculations'!D49 -> 2005-06 | D22: =IF(LEFT($C22,4)*1<LEFT('General inputs'!$I$16,4)+'General inputs'!$H$38,SUM(G22,J22,M22,P22,S22,V22,Y22,AB22,AE22,AH22),"") -> 0 | F22: 0 | G22: =F22*$G$9/$F$6 -> 0 | I22: 0 | J22: =I22*$J$9/$F$6 -> 0 | L22: 0 | M22: =L22*$M$9/$F$6 -> 0 | O22: 0 | P22: =O22*$P$9/$F$6 -> 0 | R22: 0 | S22: =R22*$S$9/$F$6 -> 0 | U22: 0 | V22: =U22*$V$9/$F$6 -> 0 | X22: 0 | Y22: =X22*$Y$9/$F$6 -> 0 | AA22: 0 | AB22: =AA22*$AB$9/$F$6 -> 0 | AD22: 0 | AE22: =AD22*$AE$9/$F$6 -> 0 | AG22: 0 | AH22: =AG22*$AH$9/$F$6 -> 0
C23: ='MP Calculations'!D50 -> 2006-07 | D23: =IF(LEFT($C23,4)*1<LEFT('General inputs'!$I$16,4)+'General inputs'!$H$38,SUM(G23,J23,M23,P23,S23,V23,Y23,AB23,AE23,AH23),"") -> 0 | F23: 0 | G23: =F23*$G$9/$F$6 -> 0 | I23: 0 | J23: =I23*$J$9/$F$6 -> 0 | L23: 0 | M23: =L23*$M$9/$F$6 -> 0 | O23: 0 | P23: =O23*$P$9/$F$6 -> 0 | R23: 0 | S23: =R23*$S$9/$F$6 -> 0 | U23: 0 | V23: =U23*$V$9/$F$6 -> 0 | X23: 0 | Y23: =X23*$Y$9/$F$6 -> 0 | AA23: 0 | AB23: =AA23*$AB$9/$F$6 -> 0 | AD23: 0 | AE23: =AD23*$AE$9/$F$6 -> 0 | AG23: 0 | AH23: =AG23*$AH$9/$F$6 -> 0
C24: ='MP Calculations'!D51 -> 2007-08 | D24: =IF(LEFT($C24,4)*1<LEFT('General inputs'!$I$16,4)+'General inputs'!$H$38,SUM(G24,J24,M24,P24,S24,V24,Y24,AB24,AE24,AH24),"") -> 0 | F24: 0 | G24: =F24*$G$9/$F$6 -> 0 | I24: 0 | J24: =I24*$J$9/$F$6 -> 0 | L24: 0 | M24: =L24*$M$9/$F$6 -> 0 | O24: 0 | P24: =O24*$P$9/$F$6 -> 0 | R24: 0 | S24: =R24*$S$9/$F$6 -> 0 | U24: 0 | V24: =U24*$V$9/$F$6 -> 0 | X24: 0 | Y24: =X24*$Y$9/$F$6 -> 0 | AA24: 0 | AB24: =AA24*$AB$9/$F$6 -> 0 | AD24: 0 | AE24: =AD24*$AE$9/$F$6 -> 0 | AG24: 0 | AH24: =AG24*$AH$9/$F$6 -> 0
C25: ='MP Calculations'!D52 -> 2008-09 | D25: =IF(LEFT($C25,4)*1<LEFT('General inputs'!$I$16,4)+'General inputs'!$H$38,SUM(G25,J25,M25,P25,S25,V25,Y25,AB25,AE25,AH25),"") -> 0 | F25: 0 | G25: =F25*$G$9/$F$6 -> 0 | I25: 0 | J25: =I25*$J$9/$F$6 -> 0 | L25: 0 | M25: =L25*$M$9/$F$6 -> 0 | O25: 0 | P25: =O25*$P$9/$F$6 -> 0 | R25: 0 | S25: =R25*$S$9/$F$6 -> 0 | U25: 0 | V25: =U25*$V$9/$F$6 -> 0 | X25: 0 | Y25: =X25*$Y$9/$F$6 -> 0 | AA25: 0 | AB25: =AA25*$AB$9/$F$6 -> 0 | AD25: 0 | AE25: =AD25*$AE$9/$F$6 -> 0 | AG25: 0 | AH25: =AG25*$AH$9/$F$6 -> 0
C26: ='MP Calculations'!D53 -> 2009-10 | D26: =IF(LEFT($C26,4)*1<LEFT('General inputs'!$I$16,4)+'General inputs'!$H$38,SUM(G26,J26,M26,P26,S26,V26,Y26,AB26,AE26,AH26),"") -> 0 | F26: 0 | G26: =F26*$G$9/$F$6 -> 0 | I26: 0 | J26: =I26*$J$9/$F$6 -> 0 | L26: 0 | M26: =L26*$M$9/$F$6 -> 0 | O26: 0 | P26: =O26*$P$9/$F$6 -> 0 | R26: 0 | S26: =R26*$S$9/$F$6 -> 0 | U26: 0 | V26: =U26*$V$9/$F$6 -> 0 | X26: 0 | Y26: =X26*$Y$9/$F$6 -> 0 | AA26: 0 | AB26: =AA26*$AB$9/$F$6 -> 0 | AD26: 0 | AE26: =AD26*$AE$9/$F$6 -> 0 | AG26: 0 | AH26: =AG26*$AH$9/$F$6 -> 0
C27: ='MP Calculations'!D54 -> 2010-11 | D27: =IF(LEFT($C27,4)*1<LEFT('General inputs'!$I$16,4)+'General inputs'!$H$38,SUM(G27,J27,M27,P27,S27,V27,Y27,AB27,AE27,AH27),"") -> 0 | F27: 0 | G27: =F27*$G$9/$F$6 -> 0 | I27: 0 | J27: =I27*$J$9/$F$6 -> 0 | L27: 0 | M27: =L27*$M$9/$F$6 -> 0 | O27: 0 | P27: =O27*$P$9/$F$6 -> 0 | R27: 0 | S27: =R27*$S$9/$F$6 -> 0 | U27: 0 | V27: =U27*$V$9/$F$6 -> 0 | X27: 0 | Y27: =X27*$Y$9/$F$6 -> 0 | AA27: 0 | AB27: =AA27*$AB$9/$F$6 -> 0 | AD27: 0 | AE27: =AD27*$AE$9/$F$6 -> 0 | AG27: 0 | AH27: =AG27*$AH$9/$F$6 -> 0
C28: ='MP Calculations'!D55 -> 2011-12 | D28: =IF(LEFT($C28,4)*1<LEFT('General inputs'!$I$16,4)+'General inputs'!$H$38,SUM(G28,J28,M28,P28,S28,V28,Y28,AB28,AE28,AH28),"") -> 0 | F28: 0 | G28: =F28*$G$9/$F$6 -> 0 | I28: 0 | J28: =I28*$J$9/$F$6 -> 0 | L28: 0 | M28: =L28*$M$9/$F$6 -> 0 | O28: 0 | P28: =O28*$P$9/$F$6 -> 0 | R28: 0 | S28: =R28*$S$9/$F$6 -> 0 | U28: 0 | V28: =U28*$V$9/$F$6 -> 0 | X28: 0 | Y28: =X28*$Y$9/$F$6 -> 0 | AA28: 0 | AB28: =AA28*$AB$9/$F$6 -> 0 | AD28: 0 | AE28: =AD28*$AE$9/$F$6 -> 0 | AG28: 0 | AH28: =AG28*$AH$9/$F$6 -> 0
C29: ='MP Calculations'!D56 -> 2012-13 | D29: =IF(LEFT($C29,4)*1<LEFT('General inputs'!$I$16,4)+'General inputs'!$H$38,SUM(G29,J29,M29,P29,S29,V29,Y29,AB29,AE29,AH29),"") -> 0 | F29: 0 | G29: =F29*$G$9/$F$6 -> 0 | I29: 0 | J29: =I29*$J$9/$F$6 -> 0 | L29: 0 | M29: =L29*$M$9/$F$6 -> 0 | O29: 0 | P29: =O29*$P$9/$F$6 -> 0 | R29: 0 | S29: =R29*$S$9/$F$6 -> 0 | U29: 0 | V29: =U29*$V$9/$F$6 -> 0 | X29: 0 | Y29: =X29*$Y$9/$F$6 -> 0 | AA29: 0 | AB29: =AA29*$AB$9/$F$6 -> 0 | AD29: 0 | AE29: =AD29*$AE$9/$F$6 -> 0 | AG29: 0 | AH29: =AG29*$AH$9/$F$6 -> 0
C30: ='MP Calculations'!D57 -> 2013-14 | D30: =IF(LEFT($C30,4)*1<LEFT('General inputs'!$I$16,4)+'General inputs'!$H$38,SUM(G30,J30,M30,P30,S30,V30,Y30,AB30,AE30,AH30),"") -> 0 | F30: 0 | G30: =F30*$G$9/$F$6 -> 0 | I30: 0 | J30: =I30*$J$9/$F$6 -> 0 | L30: 0 | M30: =L30*$M$9/$F$6 -> 0 | O30: 0 | P30: =O30*$P$9/$F$6 -> 0 | R30: 0 | S30: =R30*$S$9/$F$6 -> 0 | U30: 0 | V30: =U30*$V$9/$F$6 -> 0 | X30: 0 | Y30: =X30*$Y$9/$F$6 -> 0 | AA30: 0 | AB30: =AA30*$AB$9/$F$6 -> 0 | AD30: 0 | AE30: =AD30*$AE$9/$F$6 -> 0 | AG30: 0 | AH30: =AG30*$AH$9/$F$6 -> 0
C31: ='MP Calculations'!D58 -> 2014-15 | D31: =IF(LEFT($C31,4)*1<LEFT('General inputs'!$I$16,4)+'General inputs'!$H$38,SUM(G31,J31,M31,P31,S31,V31,Y31,AB31,AE31,AH31),"") -> 0 | F31: 0 | G31: =F31*$G$9/$F$6 -> 0 | I31: 0 | J31: =I31*$J$9/$F$6 -> 0 | L31: 0 | M31: =L31*$M$9/$F$6 -> 0 | O31: 0 | P31: =O31*$P$9/$F$6 -> 0 | R31: 0 | S31: =R31*$S$9/$F$6 -> 0 | U31: 0 | V31: =U31*$V$9/$F$6 -> 0 | X31: 0 | Y31: =X31*$Y$9/$F$6 -> 0 | AA31: 0 | AB31: =AA31*$AB$9/$F$6 -> 0 | AD31: 0 | AE31: =AD31*$AE$9/$F$6 -> 0 | AG31: 0 | AH31: =AG31*$AH$9/$F$6 -> 0
... C64: ='MP Calculations'!D91 -> 2047-48 | D64: =IF(LEFT($C64,4)*1<LEFT('General inputs'!$I$16,4)+'General inputs'!$H$38,SUM(G64,J64,M64,P64,S64,V64,Y64,AB64,AE64,AH64),"") -> 331.61515 | F64: 331.61515 | G64: =F64*$G$9/$F$6 -> 331.61515 | I64: 0 | J64: =I64*$J$9/$F$6 -> 0 | L64: 0 | M64: =L64*$M$9/$F$6 -> 0 | O64: 0 | P64: =O64*$P$9/$F$6 -> 0 | R64: 0 | S64: =R64*$S$9/$F$6 -> 0 | U64: 0 | V64: =U64*$V$9/$F$6 -> 0 | X64: 0 | Y64: =X64*$Y$9/$F$6 -> 0 | AA64: 0 | AB64: =AA64*$AB$9/$F$6 -> 0 | AD64: 0 | AE64: =AD64*$AE$9/$F$6 -> 0 | AG64: 0 | AH64: =AG64*$AH$9/$F$6 -> 0
C65: ='MP Calculations'!D92 -> 2048-49 | D65: =IF(LEFT($C65,4)*1<LEFT('General inputs'!$I$16,4)+'General inputs'!$H$38,SUM(G65,J65,M65,P65,S65,V65,Y65,AB65,AE65,AH65),"") -> 282.82468 | F65: 282.82468 | G65: =F65*$G$9/$F$6 -> 282.82468 | J65: =I65*$J$9/$F$6 -> 0 | M65: =L65*$M$9/$F$6 -> 0 | P65: =O65*$P$9/$F$6 -> 0 | S65: =R65*$S$9/$F$6 -> 0 | V65: =U65*$V$9/$F$6 -> 0 | Y65: =X65*$Y$9/$F$6 -> 0 | AB65: =AA65*$AB$9/$F$6 -> 0 | AE65: =AD65*$AE$9/$F$6 -> 0 | AH65: =AG65*$AH$9/$F$6 -> 0
C66: ='MP Calculations'!D93 -> 2049-50 | D66: =IF(LEFT($C66,4)*1<LEFT('General inputs'!$I$16,4)+'General inputs'!$H$38,SUM(G66,J66,M66,P66,S66,V66,Y66,AB66,AE66,AH66),"") -> 123.51488 | F66: 123.51488 | G66: =F66*$G$9/$F$6 -> 123.51488 | J66: =I66*$J$9/$F$6 -> 0 | M66: =L66*$M$9/$F$6 -> 0 | P66: =O66*$P$9/$F$6 -> 0 | S66: =R66*$S$9/$F$6 -> 0 | V66: =U66*$V$9/$F$6 -> 0 | Y66: =X66*$Y$9/$F$6 -> 0 | AB66: =AA66*$AB$9/$F$6 -> 0 | AE66: =AD66*$AE$9/$F$6 -> 0 | AH66: =AG66*$AH$9/$F$6 -> 0
C67: ='MP Calculations'!D94 -> 2050-51 | D67: =IF(LEFT($C67,4)*1<LEFT('General inputs'!$I$16,4)+'General inputs'!$H$38,SUM(G67,J67,M67,P67,S67,V67,Y67,AB67,AE67,AH67),"") -> 394.22054 | F67: 394.22054 | G67: =F67*$G$9/$F$6 -> 394.22054 | J67: =I67*$J$9/$F$6 -> 0 | M67: =L67*$M$9/$F$6 -> 0 | P67: =O67*$P$9/$F$6 -> 0 | S67: =R67*$S$9/$F$6 -> 0 | V67: =U67*$V$9/$F$6 -> 0 | Y67: =X67*$Y$9/$F$6 -> 0 | AB67: =AA67*$AB$9/$F$6 -> 0 | AE67: =AD67*$AE$9/$F$6 -> 0 | AH67: =AG67*$AH$9/$F$6 -> 0
C68: ='MP Calculations'!D95 -> 2051-52 | D68: =IF(LEFT($C68,4)*1<LEFT('General inputs'!$I$16,4)+'General inputs'!$H$38,SUM(G68,J68,M68,P68,S68,V68,Y68,AB68,AE68,AH68),"") -> 362.92261 | F68: 362.92261 | G68: =F68*$G$9/$F$6 -> 362.92261 | J68: =I68*$J$9/$F$6 -> 0 | M68: =L68*$M$9/$F$6 -> 0 | P68: =O68*$P$9/$F$6 -> 0 | S68: =R68*$S$9/$F$6 -> 0 | V68: =U68*$V$9/$F$6 -> 0 | Y68: =X68*$Y$9/$F$6 -> 0 | AB68: =AA68*$AB$9/$F$6 -> 0 | AE68: =AD68*$AE$9/$F$6 -> 0 | AH68: =AG68*$AH$9/$F$6 -> 0
C69: ='MP Calculations'!D96 -> 2052-53 | D69: =IF(LEFT($C69,4)*1<LEFT('General inputs'!$I$16,4)+'General inputs'!$H$38,SUM(G69,J69,M69,P69,S69,V69,Y69,AB69,AE69,AH69),"") -> 48.714252 | F69: 48.714252 | G69: =F69*$G$9/$F$6 -> 48.714252 | J69: =I69*$J$9/$F$6 -> 0 | M69: =L69*$M$9/$F$6 -> 0 | P69: =O69*$P$9/$F$6 -> 0 | S69: =R69*$S$9/$F$6 -> 0 | V69: =U69*$V$9/$F$6 -> 0 | Y69: =X69*$Y$9/$F$6 -> 0 | AB69: =AA69*$AB$9/$F$6 -> 0 | AE69: =AD69*$AE$9/$F$6 -> 0 | AH69: =AG69*$AH$9/$F$6 -> 0
C70: ='MP Calculations'!D97 -> 2053-54 | D70: =IF(LEFT($C70,4)*1<LEFT('General inputs'!$I$16,4)+'General inputs'!$H$38,SUM(G70,J70,M70,P70,S70,V70,Y70,AB70,AE70,AH70),"") -> 937.35634 | F70: 937.35634 | G70: =F70*$G$9/$F$6 -> 937.35634 | J70: =I70*$J$9/$F$6 -> 0 | M70: =L70*$M$9/$F$6 -> 0 | P70: =O70*$P$9/$F$6 -> 0 | S70: =R70*$S$9/$F$6 -> 0 | V70: =U70*$V$9/$F$6 -> 0 | Y70: =X70*$Y$9/$F$6 -> 0 | AB70: =AA70*$AB$9/$F$6 -> 0 | AE70: =AD70*$AE$9/$F$6 -> 0 | AH70: =AG70*$AH$9/$F$6 -> 0
C71: ='MP Calculations'!D98 -> 2054-55 | D71: =IF(LEFT($C71,4)*1<LEFT('General inputs'!$I$16,4)+'General inputs'!$H$38,SUM(G71,J71,M71,P71,S71,V71,Y71,AB71,AE71,AH71),"") -> 304.50933 | F71: 304.50933 | G71: =F71*$G$9/$F$6 -> 304.50933 | J71: =I71*$J$9/$F$6 -> 0 | M71: =L71*$M$9/$F$6 -> 0 | P71: =O71*$P$9/$F$6 -> 0 | S71: =R71*$S$9/$F$6 -> 0 | V71: =U71*$V$9/$F$6 -> 0 | Y71: =X71*$Y$9/$F$6 -> 0 | AB71: =AA71*$AB$9/$F$6 -> 0 | AE71: =AD71*$AE$9/$F$6 -> 0 | AH71: =AG71*$AH$9/$F$6 -> 0
C72: ='MP Calculations'!D99 -> 2055-56 | D72: =IF(LEFT($C72,4)*1<LEFT('General inputs'!$I$16,4)+'General inputs'!$H$38,SUM(G72,J72,M72,P72,S72,V72,Y72,AB72,AE72,AH72),"") -> 0 | F72: 0 | G72: =F72*$G$9/$F$6 -> 0 | J72: =I72*$J$9/$F$6 -> 0 | M72: =L72*$M$9/$F$6 -> 0 | P72: =O72*$P$9/$F$6 -> 0 | S72: =R72*$S$9/$F$6 -> 0 | V72: =U72*$V$9/$F$6 -> 0 | Y72: =X72*$Y$9/$F$6 -> 0 | AB72: =AA72*$AB$9/$F$6 -> 0 | AE72: =AD72*$AE$9/$F$6 -> 0 | AH72: =AG72*$AH$9/$F$6 -> 0
C73: ='MP Calculations'!D100 -> 2056-57 | D73: =IF(LEFT($C73,4)*1<LEFT('General inputs'!$I$16,4)+'General inputs'!$H$38,SUM(G73,J73,M73,P73,S73,V73,Y73,AB73,AE73,AH73),"") | G73: =F73*$G$9/$F$6 -> 0 | J73: =I73*$J$9/$F$6 -> 0 | M73: =L73*$M$9/$F$6 -> 0 | P73: =O73*$P$9/$F$6 -> 0 | S73: =R73*$S$9/$F$6 -> 0 | V73: =U73*$V$9/$F$6 -> 0 | Y73: =X73*$Y$9/$F$6 -> 0 | AB73: =AA73*$AB$9/$F$6 -> 0 | AE73: =AD73*$AE$9/$F$6 -> 0 | AH73: =AG73*$AH$9/$F$6 -> 0
C74: ='MP Calculations'!D101 -> 2057-58 | D74: =IF(LEFT($C74,4)*1<LEFT('General inputs'!$I$16,4)+'General inputs'!$H$38,SUM(G74,J74,M74,P74,S74,V74,Y74,AB74,AE74,AH74),"") | G74: =F74*$G$9/$F$6 -> 0 | J74: =I74*$J$9/$F$6 -> 0 | M74: =L74*$M$9/$F$6 -> 0 | P74: =O74*$P$9/$F$6 -> 0 | S74: =R74*$S$9/$F$6 -> 0 | V74: =U74*$V$9/$F$6 -> 0 | Y74: =X74*$Y$9/$F$6 -> 0 | AB74: =AA74*$AB$9/$F$6 -> 0 | AE74: =AD74*$AE$9/$F$6 -> 0 | AH74: =AG74*$AH$9/$F$6 -> 0
C75: ='MP Calculations'!D102 -> 2058-59 | D75: =IF(LEFT($C75,4)*1<LEFT('General inputs'!$I$16,4)+'General inputs'!$H$38,SUM(G75,J75,M75,P75,S75,V75,Y75,AB75,AE75,AH75),"") | G75: =F75*$G$9/$F$6 -> 0 | J75: =I75*$J$9/$F$6 -> 0 | M75: =L75*$M$9/$F$6 -> 0 | P75: =O75*$P$9/$F$6 -> 0 | S75: =R75*$S$9/$F$6 -> 0 | V75: =U75*$V$9/$F$6 -> 0 | Y75: =X75*$Y$9/$F$6 -> 0 | AB75: =AA75*$AB$9/$F$6 -> 0 | AE75: =AD75*$AE$9/$F$6 -> 0 | AH75: =AG75*$AH$9/$F$6 -> 0
C76: ='MP Calculations'!D103 -> 2059-60 | D76: =IF(LEFT($C76,4)*1<LEFT('General inputs'!$I$16,4)+'General inputs'!$H$38,SUM(G76,J76,M76,P76,S76,V76,Y76,AB76,AE76,AH76),"") | G76: =F76*$G$9/$F$6 -> 0 | J76: =I76*$J$9/$F$6 -> 0 | M76: =L76*$M$9/$F$6 -> 0 | P76: =O76*$P$9/$F$6 -> 0 | S76: =R76*$S$9/$F$6 -> 0 | V76: =U76*$V$9/$F$6 -> 0 | Y76: =X76*$Y$9/$F$6 -> 0 | AB76: =AA76*$AB$9/$F$6 -> 0 | AE76: =AD76*$AE$9/$F$6 -> 0 | AH76: =AG76*$AH$9/$F$6 -> 0
C77: ='MP Calculations'!D104 -> 2060-61 | D77: =IF(LEFT($C77,4)*1<LEFT('General inputs'!$I$16,4)+'General inputs'!$H$38,SUM(G77,J77,M77,P77,S77,V77,Y77,AB77,AE77,AH77),"") | G77: =F77*$G$9/$F$6 -> 0 | J77: =I77*$J$9/$F$6 -> 0 | M77: =L77*$M$9/$F$6 -> 0 | P77: =O77*$P$9/$F$6 -> 0 | S77: =R77*$S$9/$F$6 -> 0 | V77: =U77*$V$9/$F$6 -> 0 | Y77: =X77*$Y$9/$F$6 -> 0 | AB77: =AA77*$AB$9/$F$6 -> 0 | AE77: =AD77*$AE$9/$F$6 -> 0 | AH77: =AG77*$AH$9/$F$6 -> 0
C78: ='MP Calculations'!D105 -> 2061-62 | D78: =IF(LEFT($C78,4)*1<LEFT('General inputs'!$I$16,4)+'General inputs'!$H$38,SUM(G78,J78,M78,P78,S78,V78,Y78,AB78,AE78,AH78),"") | G78: =F78*$G$9/$F$6 -> 0 | J78: =I78*$J$9/$F$6 -> 0 | M78: =L78*$M$9/$F$6 -> 0 | P78: =O78*$P$9/$F$6 -> 0 | S78: =R78*$S$9/$F$6 -> 0 | V78: =U78*$V$9/$F$6 -> 0 | Y78: =X78*$Y$9/$F$6 -> 0 | AB78: =AA78*$AB$9/$F$6 -> 0 | AE78: =AD78*$AE$9/$F$6 -> 0 | AH78: =AG78*$AH$9/$F$6 -> 0
C79: ='MP Calculations'!D106 -> 2062-63 | D79: =IF(LEFT($C79,4)*1<LEFT('General inputs'!$I$16,4)+'General inputs'!$H$38,SUM(G79,J79,M79,P79,S79,V79,Y79,AB79,AE79,AH79),"") | G79: =F79*$G$9/$F$6 -> 0 | J79: =I79*$J$9/$F$6 -> 0 | M79: =L79*$M$9/$F$6 -> 0 | P79: =O79*$P$9/$F$6 -> 0 | S79: =R79*$S$9/$F$6 -> 0 | V79: =U79*$V$9/$F$6 -> 0 | Y79: =X79*$Y$9/$F$6 -> 0 | AB79: =AA79*$AB$9/$F$6 -> 0 | AE79: =AD79*$AE$9/$F$6 -> 0 | AH79: =AG79*$AH$9/$F$6 -> 0
C80: ='MP Calculations'!D107 -> 2063-64 | D80: =IF(LEFT($C80,4)*1<LEFT('General inputs'!$I$16,4)+'General inputs'!$H$38,SUM(G80,J80,M80,P80,S80,V80,Y80,AB80,AE80,AH80),"") | G80: =F80*$G$9/$F$6 -> 0 | J80: =I80*$J$9/$F$6 -> 0 | M80: =L80*$M$9/$F$6 -> 0 | P80: =O80*$P$9/$F$6 -> 0 | S80: =R80*$S$9/$F$6 -> 0 | V80: =U80*$V$9/$F$6 -> 0 | Y80: =X80*$Y$9/$F$6 -> 0 | AB80: =AA80*$AB$9/$F$6 -> 0 | AE80: =AD80*$AE$9/$F$6 -> 0 | AH80: =AG80*$AH$9/$F$6 -> 0
C81: ='MP Calculations'!D108 -> 2064-65 | D81: =IF(LEFT($C81,4)*1<LEFT('General inputs'!$I$16,4)+'General inputs'!$H$38,SUM(G81,J81,M81,P81,S81,V81,Y81,AB81,AE81,AH81),"") | G81: =F81*$G$9/$F$6 -> 0 | J81: =I81*$J$9/$F$6 -> 0 | M81: =L81*$M$9/$F$6 -> 0 | P81: =O81*$P$9/$F$6 -> 0 | S81: =R81*$S$9/$F$6 -> 0 | V81: =U81*$V$9/$F$6 -> 0 | Y81: =X81*$Y$9/$F$6 -> 0 | AB81: =AA81*$AB$9/$F$6 -> 0 | AE81: =AD81*$AE$9/$F$6 -> 0 | AH81: =AG81*$AH$9/$F$6 -> 0
C82: ='MP Calculations'!D109 -> 2065-66 | D82: =IF(LEFT($C82,4)*1<LEFT('General inputs'!$I$16,4)+'General inputs'!$H$38,SUM(G82,J82,M82,P82,S82,V82,Y82,AB82,AE82,AH82),"") | G82: =F82*$G$9/$F$6 -> 0 | J82: =I82*$J$9/$F$6 -> 0 | M82: =L82*$M$9/$F$6 -> 0 | P82: =O82*$P$9/$F$6 -> 0 | S82: =R82*$S$9/$F$6 -> 0 | V82: =U82*$V$9/$F$6 -> 0 | Y82: =X82*$Y$9/$F$6 -> 0 | AB82: =AA82*$AB$9/$F$6 -> 0 | AE82: =AD82*$AE$9/$F$6 -> 0 | AH82: =AG82*$AH$9/$F$6 -> 0
C83: ='MP Calculations'!D110 -> 2066-67 | D83: =IF(LEFT($C83,4)*1<LEFT('General inputs'!$I$16,4)+'General inputs'!$H$38,SUM(G83,J83,M83,P83,S83,V83,Y83,AB83,AE83,AH83),"") | G83: =F83*$G$9/$F$6 -> 0 | J83: =I83*$J$9/$F$6 -> 0 | M83: =L83*$M$9/$F$6 -> 0 | P83: =O83*$P$9/$F$6 -> 0 | S83: =R83*$S$9/$F$6 -> 0 | V83: =U83*$V$9/$F$6 -> 0 | Y83: =X83*$Y$9/$F$6 -> 0 | AB83: =AA83*$AB$9/$F$6 -> 0 | AE83: =AD83*$AE$9/$F$6 -> 0 | AH83: =AG83*$AH$9/$F$6 -> 0
C84: ='MP Calculations'!D111 -> 2067-68 | D84: =IF(LEFT($C84,4)*1<LEFT('General inputs'!$I$16,4)+'General inputs'!$H$38,SUM(G84,J84,M84,P84,S84,V84,Y84,AB84,AE84,AH84),"") | G84: =F84*$G$9/$F$6 -> 0 | J84: =I84*$J$9/$F$6 -> 0 | M84: =L84*$M$9/$F$6 -> 0 | P84: =O84*$P$9/$F$6 -> 0 | S84: =R84*$S$9/$F$6 -> 0 | V84: =U84*$V$9/$F$6 -> 0 | Y84: =X84*$Y$9/$F$6 -> 0 | AB84: =AA84*$AB$9/$F$6 -> 0 | AE84: =AD84*$AE$9/$F$6 -> 0 | AH84: =AG84*$AH$9/$F$6 -> 0
... C102: ='MP Calculations'!D129 -> 2085-86 | D102: =IF(LEFT($C102,4)*1<LEFT('General inputs'!$I$16,4)+'General inputs'!$H$38,SUM(G102,J102,M102,P102,S102,V102,Y102,AB102,AE102,AH102),"") | G102: =F102*$G$9/$F$6 -> 0 | J102: =I102*$J$9/$F$6 -> 0 | M102: =L102*$M$9/$F$6 -> 0 | P102: =O102*$P$9/$F$6 -> 0 | S102: =R102*$S$9/$F$6 -> 0 | V102: =U102*$V$9/$F$6 -> 0 | Y102: =X102*$Y$9/$F$6 -> 0 | AB102: =AA102*$AB$9/$F$6 -> 0 | AE102: =AD102*$AE$9/$F$6 -> 0 | AH102: =AG102*$AH$9/$F$6 -> 0

Sheet Reduction amount
C3: 'REDUCTION AMOUNT' : CALCULATIONS
C6: Link to Report and Determination: | G6: Developer charges and backlog sewerage charges for metropolitan water agencies 2018 | IPART (nsw.gov.au)
C8: Please present all data and calculations related to the generation of the time series for Ri and Ci in this worksheet.
C10: Where:
C12: Ri | D12: = the Agency’s estimate of the future periodic revenues to be received from new customers in the relevant DSP Area in each financial year i, estimated in accordance with clause 4 of Schedule 5 of the Determination and set out in the relevant DSP.
C13: Ci | D13: = the Agency’s estimate of the future operating, maintenance and administration costs of servicing all new customers in the DSP Area in each financial year i (excluding, for the avoidance of doubt, any Capital Costs), estimated in accordance with clause 5 of Schedule 5 of the Determination and set out in the relevant DSP.
C15: ="The corresponding time series should be manually entered or linked to the following ranges in the "&MID(CELL("filename",'MP Calculations'!$A$1),FIND("]",CELL("filename",'MP Calculations'!$A$1))+1,255)&" worksheet. " -> The corresponding time series should be manually entered or linked to the following ranges in the MP Calculations worksheet.
C17: Ri : | D17: =ADDRESS(ROW(INDEX('MP Calculations'!$Q$39:$Q$129,MATCH('General inputs'!$I$16,'MP Calculations'!$D$39:$D$129))),COLUMN(INDEX('MP Calculations'!$Q$39:$Q$129,MATCH('General inputs'!$I$16,'MP Calculations'!$D$39:$D$129))))&":"&ADDRESS(ROW(INDEX('MP Calculations'!$Q$39:$Q$129,MATCH(LEFT('General inputs'!$I$16,4)+'General inputs'!$H$38-1&"-"&RIGHT('General inputs'!$I$16,2)+'General inputs'!$H$38-1,'MP Calculations'!$D$39:$D$129))),COLUMN(INDEX('MP Calculations'!$Q$39:$Q$129,MATCH('General inputs'!$I$16,'MP Calculations'!$D$39:$D$129)))) -> $Q$70:$Q$99
C18: Ci : | D18: =ADDRESS(ROW(INDEX('MP Calculations'!$T$39:$T$129,MATCH('General inputs'!$I$16,'MP Calculations'!$D$39:$D$129))),COLUMN(INDEX('MP Calculations'!$T$39:$T$129,MATCH('General inputs'!$I$16,'MP Calculations'!$D$39:$D$129))))&":"&ADDRESS(ROW(INDEX('MP Calculations'!$T$39:$T$129,MATCH(LEFT('General inputs'!$I$16,4)+'General inputs'!$H$38-1&"-"&RIGHT('General inputs'!$I$16,2)+'General inputs'!$H$38-1,'MP Calculations'!$D$39:$D$129))),COLUMN(INDEX('MP Calculations'!$T$39:$T$129,MATCH('General inputs'!$I$16,'MP Calculations'!$D$39:$D$129)))) -> $T$70:$T$99
C20: Required timeframe for Ri and Ci: | G20: Start year: | H20: ='General inputs'!I16 -> 2026-27 | J20: Final year: | K20: =LEFT(H20,4)+'General inputs'!$H$38-1&"-"&RIGHT(H20,2)+'General inputs'!$H$38-1 -> 2055-56
C22: Notes:
D23: The costs expected to be incurred must be exclusive of all capital costs included in the capital charge calculation.
D24: ="All calculations on the worksheet need to be converted into "&'General inputs'!$H$42&", $"&'General inputs'!$I$40&" before being linked into the "&MID(CELL("filename",'MP Calculations'!$A$1),FIND("]",CELL("filename",'MP Calculations'!$A$1))+1,255)&"." -> All calculations on the worksheet need to be converted into $, $2026-27 before being linked into the MP Calculations.
D25: Where this spreadsheet is being used to calculate the maximum price for connection of a New Development to a Recycled Water System that is a Least Cost Servicing Solution,
D26: the reduction amount includes the revenues that the Agency would have received had the supply of potable water not been substituted with Recycled Water, but excludes the
D27: revenues from the sale of Recycled Water (see Recycled Water Developer Charges Determination, Sch 1, cl 3).
D28: Where this spreadsheet is being used to calculate the ordinary developer charge component of the maximum price for connection of a New Development to a Recycled Water System
D29: that is NOT a Least Cost Servicing Solution, the relevant operating revenues and operating costs used to calculate the reduction amount are different (see Recycled Water Developer
D30: Charges Determination, Sch 2, cl 2.3).
C32: Enter analysis below this row.
E36: Operating costs | J36: Revenue
D37: Year | E37: Total | J37: Year | K37: Service revenue | M37: Recycled water sales revenue
C38: -5 | D38: 2021-22 | E38: 0 | J38: 2021-22 | K38: 0 | M38: 0
C39: -4 | D39: 2022-23 | E39: 0 | J39: 2022-23 | K39: 0 | M39: 0
C40: -3 | D40: 2023-24 | E40: 0 | J40: 2023-24 | K40: 0 | M40: 0
C41: -2 | D41: 2024-25 | E41: 0 | J41: 2024-25 | K41: 0 | M41: 0
C42: -1 | D42: 2025-26 | E42: 0 | J42: 2025-26 | K42: 0 | M42: 0
C43: 0 | D43: 2026-27 | E43: 1415277 | J43: 2026-27 | K43: 0 | M43: 0
C44: 1 | D44: 2027-28 | E44: 7750625.9 | J44: 2027-28 | K44: 91362.357 | M44: 3431958.9
C45: 2 | D45: 2028-29 | E45: 11378854 | J45: 2028-29 | K45: 293609.85 | M45: 4690154.8
C46: 3 | D46: 2029-30 | E46: 11437414 | J46: 2029-30 | K46: 550125.3 | M46: 6016609
C47: 4 | D47: 2030-31 | E47: 23269435 | J47: 2030-31 | K47: 667305.86 | M47: 7411321.3
C48: 5 | D48: 2031-32 | E48: 17924857 | J48: 2031-32 | K48: 759051.7 | M48: 8645904.3
C49: 6 | D49: 2032-33 | E49: 19942620 | J49: 2032-33 | K49: 932397.38 | M49: 10394997
... C72: 29 | D72: 2055-56 | E72: 64441752 | J72: 2055-56 | K72: 3311541 | M72: 38169799
W73: =Q73+V73 -> 0

Sheet Headwork assets
C3: 'HEADWORK ASSETS' : CALCULATIONS
C6: Link to Report and Determination: | G6: Developer charges and backlog sewerage charges for metropolitan water agencies 2018 | IPART (nsw.gov.au)
C8: Please present, in this worksheet, the underlying high level data and analysis related to the generation of the Headworks cost per ET for the service for which this maximum price is being calculated.
C10: Please manually enter or link the calculated headwork cost per ET to cell | J10: =ADDRESS(ROW('MP Calculations'!$F$22),COLUMN('MP Calculations'!$F$22)) -> $F$22 | K10: ="on the "&MID(CELL("filename",'MP Calculations'!$A$1),FIND("]",CELL("filename",'MP Calculations'!$A$1))+1,255)&" worksheet." -> on the MP Calculations worksheet.
C12: Notes:
D13: As explained in IPART's Report (Box 2.4, page 29) , headworks not owned by the agency should also be included in these calculations.
D14: ="All calculations on the worksheet need to be converted into "&'General inputs'!$H$42&", $"&'General inputs'!$I$40&" before being linked into the "&MID(CELL("filename",'MP Calculations'!$A$1),FIND("]",CELL("filename",'MP Calculations'!$A$1))+1,255)&"." -> All calculations on the worksheet need to be converted into $, $2026-27 before being linked into the MP Calculations.
C16: Enter analysis below this row.

Sheet Scheme cost allocation
C3: 'SCHEME COST ALLOCATION' : CALCULATIONS
C6: Link to Report and Determination: | G6: IPART - Maximum prices for connecting to a recycled water system - July 2019
C8: Please present, in this worksheet, the underlying high level data and analysis related to the generation of the scheme cost allocation per ET for the service for which this maximum price is being calculated.
C10: Please manually enter or link the calculated headwork cost per ET to cell | J10: =ADDRESS(ROW('MP Calculations'!$G$22),COLUMN('MP Calculations'!$G$22)) -> $G$22 | K10: ="on the "&MID(CELL("filename",'MP Calculations'!$A$1),FIND("]",CELL("filename",'MP Calculations'!$A$1))+1,255)&" worksheet." -> on the MP Calculations worksheet.
C12: Notes:
D13: Please refer to the above link for guidance on calculating the scheme cost allocation amount.
D14: ="All calculations on the worksheet need to be converted into "&'General inputs'!$H$42&", $"&'General inputs'!$I$40&" before being linked into the "&MID(CELL("filename",'MP Calculations'!$A$1),FIND("]",CELL("filename",'MP Calculations'!$A$1))+1,255)&"." -> All calculations on the worksheet need to be converted into $, $2026-27 before being linked into the MP Calculations.
C16: Enter analysis below this row.

Sheet Asset exclusions
C3: WHAT THE DETERMINATION SAYS ABOUT ASSET EXCLUSIONS
C6: Link to Report and Determination: | G6: Developer charges and backlog sewerage charges for metropolitan water agencies 2018 | IPART (nsw.gov.au)
C8: Excluded Assets means:
C10: (a) | D10: that part of an asset provided for a reason other than to service a growth area;
C12: (b) | D12: that part of an asset that services other DSP Areas;
C14: (c) | D14: the capacity of an asset that was made available by changes in land use patterns, or by changes in average demand;
C16: (d) | D16: any asset or part of an asset that was unreasonably oversized relative to system and capacity requirements, based on available demographic data at the time it was commissioned;
C18: (e) | D18: any Pre-1970 Assets; and
C20: (f) | D20: any assets or part of an asset funded by Developers and transferred free of charge to the Agency.
C24: For the removal of doubt, the Determination defines assets as:
C26: all assets or parts of assets (including headworks), apart from Excluded Assets, allocated to a DSP where there is a nexus (close connection) to the Development they are intended to serve and includes assets that:
C28: (a) | D28: were commissioned prior to the Commencement Date;
C30: (b) | D30: were commissioned after the Commencement Date but before the Development commenced; and
C32: (c) | D32: are commissioned, or are to be commissioned, after the Development commences.

Sheet Sheet1
